Workbook

Sheet 1. HFC Data and Targets
B1: CP and A7 HFC Consumption Data
B2: Overview of HFC Consumption | Z2: Comparison of A7 and CP Data | AL2: Overview of HFC Consumption | BK2: Comparison of A7 and CP Data
B3: Substance/Blends | C3: Unit | D3: A7 Data | O3: CP Data | AL3: Substance/Blends | AM3: GWP | AN3: Unit | AO3: A7 Data | AZ3: CP Data
D4: 2020 | E4: 2021 | F4: 2022 | G4: 2023 | H4: 2024 | I4: 2025 | J4: 2026 | K4: 2027 | L4: 2028 | M4: 2029 | N4: 2030 | O4: 2020 | P4: 2021 | Q4: 2022 | R4: 2023 | S4: 2024 | T4: 2025 | U4: 2026 | V4: 2027 | W4: 2028 | X4: 2029 | Y4: 2030 | Z4: 2020 | AA4: 2021 | AB4: 2022 | AC4: 2023 | AD4: 2024 | AE4: 2025 | AF4: 2026 | AG4: 2027 | AH4: 2028 | AI4: 2029 | AJ4: 2030 | AO4: =D4 -> 2020 | AP4: =E4 -> 2021 | AQ4: =F4 -> 2022 | AR4: =G4 -> 2023 | AS4: =H4 -> 2024 | AT4: 2025 | AU4: 2026 | AV4: 2027 | AW4: 2028 | AX4: 2029 | AY4: 2030 | AZ4: =O4 -> 2020 | BA4: =P4 -> 2021 | BB4: =Q4 -> 2022 | BC4: =R4 -> 2023 | BD4: =S4 -> 2024 | BE4: 2025 | BF4: 2026 | BG4: 2027 | BH4: 2028 | BI4: 2029 | BJ4: 2030 | BK4: 2020 | BL4: 2021 | BM4: 2022 | BN4: 2023 | BO4: 2024 | BP4: 2025 | BQ4: 2026 | BR4: 2027 | BS4: 2028 | BT4: 2029 | BU4: 2030
B5: HFC‑32 | C5: mt | Z5: =D5-O5 -> 0 | AA5: =E5-P5 -> 0 | AB5: =F5-Q5 -> 0 | AC5: =G5-R5 -> 0 | AD5: =H5-S5 -> 0 | AE5: =I5-T5 -> 0 | AF5: =J5-U5 -> 0 | AG5: =K5-V5 -> 0 | ... AJ5: =N5-Y5 -> 0 | AL5: =B5 -> HFC‑32 | AM5: 675 | AN5: CO2eq t | AO5: =D5*$AM5 -> 0 | AP5: =E5*$AM5 -> 0 | AQ5: =F5*$AM5 -> 0 | AR5: =G5*$AM5 -> 0 | AS5: =H5*$AM5 -> 0 | AT5: =I5*$AM5 -> 0 | AU5: =J5*$AM5 -> 0 | AV5: =K5*$AM5 -> 0 | ... BJ5: =Y5*$AM5 -> 0 | BK5: =AO5-AZ5 -> 0 | BL5: =AP5-BA5 -> 0 | BM5: =AQ5-BB5 -> 0 | BN5: =AR5-BC5 -> 0 | BO5: =AS5-BD5 -> 0 | BP5: =AT5-BE5 -> 0 | BQ5: =AU5-BF5 -> 0 | BR5: =AV5-BG5 -> 0 | ... BU5: =AY5-BJ5 -> 0
B6: HFC-125 | C6: mt | Z6: =D6-O6 -> 0 | AA6: =E6-P6 -> 0 | AB6: =F6-Q6 -> 0 | AC6: =G6-R6 -> 0 | AD6: =H6-S6 -> 0 | AE6: =I6-T6 -> 0 | AF6: =J6-U6 -> 0 | AG6: =K6-V6 -> 0 | ... AJ6: =N6-Y6 -> 0 | AL6: =B6 -> HFC-125 | AM6: 3500 | AN6: CO2eq t | AO6: =D6*$AM6 -> 0 | AP6: =E6*$AM6 -> 0 | AQ6: =F6*$AM6 -> 0 | AR6: =G6*$AM6 -> 0 | AS6: =H6*$AM6 -> 0 | AT6: =I6*$AM6 -> 0 | AU6: =J6*$AM6 -> 0 | AV6: =K6*$AM6 -> 0 | ... BJ6: =Y6*$AM6 -> 0 | BK6: =AO6-AZ6 -> 0 | BL6: =AP6-BA6 -> 0 | BM6: =AQ6-BB6 -> 0 | BN6: =AR6-BC6 -> 0 | BO6: =AS6-BD6 -> 0 | BP6: =AT6-BE6 -> 0 | BQ6: =AU6-BF6 -> 0 | BR6: =AV6-BG6 -> 0 | ... BU6: =AY6-BJ6 -> 0
B7: HFC-134a | C7: mt | Z7: =D7-O7 -> 0 | AA7: =E7-P7 -> 0 | AB7: =F7-Q7 -> 0 | AC7: =G7-R7 -> 0 | AD7: =H7-S7 -> 0 | AE7: =I7-T7 -> 0 | AF7: =J7-U7 -> 0 | AG7: =K7-V7 -> 0 | ... AJ7: =N7-Y7 -> 0 | AL7: =B7 -> HFC-134a | AM7: 1430 | AN7: CO2eq t | AO7: =D7*$AM7 -> 0 | AP7: =E7*$AM7 -> 0 | AQ7: =F7*$AM7 -> 0 | AR7: =G7*$AM7 -> 0 | AS7: =H7*$AM7 -> 0 | AT7: =I7*$AM7 -> 0 | AU7: =J7*$AM7 -> 0 | AV7: =K7*$AM7 -> 0 | ... BJ7: =Y7*$AM7 -> 0 | BK7: =AO7-AZ7 -> 0 | BL7: =AP7-BA7 -> 0 | BM7: =AQ7-BB7 -> 0 | BN7: =AR7-BC7 -> 0 | BO7: =AS7-BD7 -> 0 | BP7: =AT7-BE7 -> 0 | BQ7: =AU7-BF7 -> 0 | BR7: =AV7-BG7 -> 0 | ... BU7: =AY7-BJ7 -> 0
B8: HFC-143a | C8: mt | Z8: =D8-O8 -> 0 | AA8: =E8-P8 -> 0 | AB8: =F8-Q8 -> 0 | AC8: =G8-R8 -> 0 | AD8: =H8-S8 -> 0 | AE8: =I8-T8 -> 0 | AF8: =J8-U8 -> 0 | AG8: =K8-V8 -> 0 | ... AJ8: =N8-Y8 -> 0 | AL8: =B8 -> HFC-143a | AM8: 4470 | AN8: CO2eq t | AO8: =D8*$AM8 -> 0 | AP8: =E8*$AM8 -> 0 | AQ8: =F8*$AM8 -> 0 | AR8: =G8*$AM8 -> 0 | AS8: =H8*$AM8 -> 0 | AT8: =I8*$AM8 -> 0 | AU8: =J8*$AM8 -> 0 | AV8: =K8*$AM8 -> 0 | ... BJ8: =Y8*$AM8 -> 0 | BK8: =AO8-AZ8 -> 0 | BL8: =AP8-BA8 -> 0 | BM8: =AQ8-BB8 -> 0 | BN8: =AR8-BC8 -> 0 | BO8: =AS8-BD8 -> 0 | BP8: =AT8-BE8 -> 0 | BQ8: =AU8-BF8 -> 0 | BR8: =AV8-BG8 -> 0 | ... BU8: =AY8-BJ8 -> 0
B9: HFC-152a | C9: mt | Z9: =D9-O9 -> 0 | AA9: =E9-P9 -> 0 | AB9: =F9-Q9 -> 0 | AC9: =G9-R9 -> 0 | AD9: =H9-S9 -> 0 | AE9: =I9-T9 -> 0 | AF9: =J9-U9 -> 0 | AG9: =K9-V9 -> 0 | ... AJ9: =N9-Y9 -> 0 | AL9: =B9 -> HFC-152a | AM9: 124 | AN9: CO2eq t | AO9: =D9*$AM9 -> 0 | AP9: =E9*$AM9 -> 0 | AQ9: =F9*$AM9 -> 0 | AR9: =G9*$AM9 -> 0 | AS9: =H9*$AM9 -> 0 | AT9: =I9*$AM9 -> 0 | AU9: =J9*$AM9 -> 0 | AV9: =K9*$AM9 -> 0 | ... BJ9: =Y9*$AM9 -> 0 | BK9: =AO9-AZ9 -> 0 | BL9: =AP9-BA9 -> 0 | BM9: =AQ9-BB9 -> 0 | BN9: =AR9-BC9 -> 0 | BO9: =AS9-BD9 -> 0 | BP9: =AT9-BE9 -> 0 | BQ9: =AU9-BF9 -> 0 | BR9: =AV9-BG9 -> 0 | ... BU9: =AY9-BJ9 -> 0
B10: HFC-227ea | C10: mt | Z10: =D10-O10 -> 0 | AA10: =E10-P10 -> 0 | AB10: =F10-Q10 -> 0 | AC10: =G10-R10 -> 0 | AD10: =H10-S10 -> 0 | AE10: =I10-T10 -> 0 | AF10: =J10-U10 -> 0 | AG10: =K10-V10 -> 0 | ... AJ10: =N10-Y10 -> 0 | AL10: =B10 -> HFC-227ea | AM10: 3220 | AN10: CO2eq t | AO10: =D10*$AM10 -> 0 | AP10: =E10*$AM10 -> 0 | AQ10: =F10*$AM10 -> 0 | AR10: =G10*$AM10 -> 0 | AS10: =H10*$AM10 -> 0 | AT10: =I10*$AM10 -> 0 | AU10: =J10*$AM10 -> 0 | AV10: =K10*$AM10 -> 0 | ... BJ10: =Y10*$AM10 -> 0 | BK10: =AO10-AZ10 -> 0 | BL10: =AP10-BA10 -> 0 | BM10: =AQ10-BB10 -> 0 | BN10: =AR10-BC10 -> 0 | BO10: =AS10-BD10 -> 0 | BP10: =AT10-BE10 -> 0 | BQ10: =AU10-BF10 -> 0 | BR10: =AV10-BG10 -> 0 | ... BU10: =AY10-BJ10 -> 0
B11: HFC-236fa | C11: mt | Z11: =D11-O11 -> 0 | AA11: =E11-P11 -> 0 | AB11: =F11-Q11 -> 0 | AC11: =G11-R11 -> 0 | AD11: =H11-S11 -> 0 | AE11: =I11-T11 -> 0 | AF11: =J11-U11 -> 0 | AG11: =K11-V11 -> 0 | ... AJ11: =N11-Y11 -> 0 | AL11: =B11 -> HFC-236fa | AM11: 9810 | AN11: CO2eq t | AO11: =D11*$AM11 -> 0 | AP11: =E11*$AM11 -> 0 | AQ11: =F11*$AM11 -> 0 | AR11: =G11*$AM11 -> 0 | AS11: =H11*$AM11 -> 0 | AT11: =I11*$AM11 -> 0 | AU11: =J11*$AM11 -> 0 | AV11: =K11*$AM11 -> 0 | ... BJ11: =Y11*$AM11 -> 0 | BK11: =AO11-AZ11 -> 0 | BL11: =AP11-BA11 -> 0 | BM11: =AQ11-BB11 -> 0 | BN11: =AR11-BC11 -> 0 | BO11: =AS11-BD11 -> 0 | BP11: =AT11-BE11 -> 0 | BQ11: =AU11-BF11 -> 0 | BR11: =AV11-BG11 -> 0 | ... BU11: =AY11-BJ11 -> 0
B12: HFC-245fa | C12: mt | Z12: =D12-O12 -> 0 | AA12: =E12-P12 -> 0 | AB12: =F12-Q12 -> 0 | AC12: =G12-R12 -> 0 | AD12: =H12-S12 -> 0 | AE12: =I12-T12 -> 0 | AF12: =J12-U12 -> 0 | AG12: =K12-V12 -> 0 | ... AJ12: =N12-Y12 -> 0 | AL12: =B12 -> HFC-245fa | AM12: 1030 | AN12: CO2eq t | AO12: =D12*$AM12 -> 0 | AP12: =E12*$AM12 -> 0 | AQ12: =F12*$AM12 -> 0 | AR12: =G12*$AM12 -> 0 | AS12: =H12*$AM12 -> 0 | AT12: =I12*$AM12 -> 0 | AU12: =J12*$AM12 -> 0 | AV12: =K12*$AM12 -> 0 | ... BJ12: =Y12*$AM12 -> 0 | BK12: =AO12-AZ12 -> 0 | BL12: =AP12-BA12 -> 0 | BM12: =AQ12-BB12 -> 0 | BN12: =AR12-BC12 -> 0 | BO12: =AS12-BD12 -> 0 | BP12: =AT12-BE12 -> 0 | BQ12: =AU12-BF12 -> 0 | BR12: =AV12-BG12 -> 0 | ... BU12: =AY12-BJ12 -> 0
B13: HFC-365mfc | C13: mt | Z13: =D13-O13 -> 0 | AA13: =E13-P13 -> 0 | AB13: =F13-Q13 -> 0 | AC13: =G13-R13 -> 0 | AD13: =H13-S13 -> 0 | AE13: =I13-T13 -> 0 | AF13: =J13-U13 -> 0 | AG13: =K13-V13 -> 0 | ... AJ13: =N13-Y13 -> 0 | AL13: =B13 -> HFC-365mfc | AM13: 794 | AN13: CO2eq t | AO13: =D13*$AM13 -> 0 | AP13: =E13*$AM13 -> 0 | AQ13: =F13*$AM13 -> 0 | AR13: =G13*$AM13 -> 0 | AS13: =H13*$AM13 -> 0 | AT13: =I13*$AM13 -> 0 | AU13: =J13*$AM13 -> 0 | AV13: =K13*$AM13 -> 0 | ... BJ13: =Y13*$AM13 -> 0 | BK13: =AO13-AZ13 -> 0 | BL13: =AP13-BA13 -> 0 | BM13: =AQ13-BB13 -> 0 | BN13: =AR13-BC13 -> 0 | BO13: =AS13-BD13 -> 0 | BP13: =AT13-BE13 -> 0 | BQ13: =AU13-BF13 -> 0 | BR13: =AV13-BG13 -> 0 | ... BU13: =AY13-BJ13 -> 0
B14: HFC-43-10mee | C14: mt | Z14: =D14-O14 -> 0 | AA14: =E14-P14 -> 0 | AB14: =F14-Q14 -> 0 | AC14: =G14-R14 -> 0 | AD14: =H14-S14 -> 0 | AE14: =I14-T14 -> 0 | AF14: =J14-U14 -> 0 | AG14: =K14-V14 -> 0 | ... AJ14: =N14-Y14 -> 0 | AL14: =B14 -> HFC-43-10mee | AM14: 1640 | AN14: CO2eq t | AO14: =D14*$AM14 -> 0 | AP14: =E14*$AM14 -> 0 | AQ14: =F14*$AM14 -> 0 | AR14: =G14*$AM14 -> 0 | AS14: =H14*$AM14 -> 0 | AT14: =I14*$AM14 -> 0 | AU14: =J14*$AM14 -> 0 | AV14: =K14*$AM14 -> 0 | ... BJ14: =Y14*$AM14 -> 0 | BK14: =AO14-AZ14 -> 0 | BL14: =AP14-BA14 -> 0 | BM14: =AQ14-BB14 -> 0 | BN14: =AR14-BC14 -> 0 | BO14: =AS14-BD14 -> 0 | BP14: =AT14-BE14 -> 0 | BQ14: =AU14-BF14 -> 0 | BR14: =AV14-BG14 -> 0 | ... BU14: =AY14-BJ14 -> 0
B15: HFC-23 | C15: mt | Z15: =D15-O15 -> 0 | AA15: =E15-P15 -> 0 | AB15: =F15-Q15 -> 0 | AC15: =G15-R15 -> 0 | AD15: =H15-S15 -> 0 | AE15: =I15-T15 -> 0 | AF15: =J15-U15 -> 0 | AG15: =K15-V15 -> 0 | ... AJ15: =N15-Y15 -> 0 | AL15: =B15 -> HFC-23 | AM15: 14800 | AN15: CO2eq t | AO15: =D15*$AM15 -> 0 | AP15: =E15*$AM15 -> 0 | AQ15: =F15*$AM15 -> 0 | AR15: =G15*$AM15 -> 0 | AS15: =H15*$AM15 -> 0 | AT15: =I15*$AM15 -> 0 | AU15: =J15*$AM15 -> 0 | AV15: =K15*$AM15 -> 0 | ... BJ15: =Y15*$AM15 -> 0 | BK15: =AO15-AZ15 -> 0 | BL15: =AP15-BA15 -> 0 | BM15: =AQ15-BB15 -> 0 | BN15: =AR15-BC15 -> 0 | BO15: =AS15-BD15 -> 0 | BP15: =AT15-BE15 -> 0 | BQ15: =AU15-BF15 -> 0 | BR15: =AV15-BG15 -> 0 | ... BU15: =AY15-BJ15 -> 0
B16: R-404A | C16: mt | Z16: =D16-O16 -> 0 | AA16: =E16-P16 -> 0 | AB16: =F16-Q16 -> 0 | AC16: =G16-R16 -> 0 | AD16: =H16-S16 -> 0 | AE16: =I16-T16 -> 0 | AF16: =J16-U16 -> 0 | AG16: =K16-V16 -> 0 | ... AJ16: =N16-Y16 -> 0 | AL16: =B16 -> R-404A | AM16: 3921.6 | AN16: CO2eq t | AO16: =D16*$AM16 -> 0 | AP16: =E16*$AM16 -> 0 | AQ16: =F16*$AM16 -> 0 | AR16: =G16*$AM16 -> 0 | AS16: =H16*$AM16 -> 0 | AT16: =I16*$AM16 -> 0 | AU16: =J16*$AM16 -> 0 | AV16: =K16*$AM16 -> 0 | ... BJ16: =Y16*$AM16 -> 0 | BK16: =AO16-AZ16 -> 0 | BL16: =AP16-BA16 -> 0 | BM16: =AQ16-BB16 -> 0 | BN16: =AR16-BC16 -> 0 | BO16: =AS16-BD16 -> 0 | BP16: =AT16-BE16 -> 0 | BQ16: =AU16-BF16 -> 0 | BR16: =AV16-BG16 -> 0 | ... BU16: =AY16-BJ16 -> 0
... B46: R-516A | C46: mt | Z46: =D46-O46 -> 0 | AA46: =E46-P46 -> 0 | AB46: =F46-Q46 -> 0 | AC46: =G46-R46 -> 0 | AD46: =H46-S46 -> 0 | AE46: =I46-T46 -> 0 | AF46: =J46-U46 -> 0 | AG46: =K46-V46 -> 0 | ... AJ46: =N46-Y46 -> 0 | AL46: =B46 -> R-516A | AM46: 138.91 | AN46: CO2eq t | AO46: =D46*$AM46 -> 0 | AP46: =E46*$AM46 -> 0 | AQ46: =F46*$AM46 -> 0 | AR46: =G46*$AM46 -> 0 | AS46: =H46*$AM46 -> 0 | AT46: =I46*$AM46 -> 0 | AU46: =J46*$AM46 -> 0 | AV46: =K46*$AM46 -> 0 | ... BJ46: =Y46*$AM46 -> 0 | BK46: =AO46-AZ46 -> 0 | BL46: =AP46-BA46 -> 0 | BM46: =AQ46-BB46 -> 0 | BN46: =AR46-BC46 -> 0 | BO46: =AS46-BD46 -> 0 | BP46: =AT46-BE46 -> 0 | BQ46: =AU46-BF46 -> 0 | BR46: =AV46-BG46 -> 0 | ... BU46: =AY46-BJ46 -> 0
B47: Other (please specify) | C47: mt | Z47: =D47-O47 -> 0 | AA47: =E47-P47 -> 0 | AB47: =F47-Q47 -> 0 | AC47: =G47-R47 -> 0 | AD47: =H47-S47 -> 0 | AE47: =I47-T47 -> 0 | AF47: =J47-U47 -> 0 | AG47: =K47-V47 -> 0 | ... AJ47: =N47-Y47 -> 0 | AL47: =B47 -> Other (please specify) | AN47: CO2eq t | AO47: =D47*$AM47 -> 0 | AP47: =E47*$AM47 -> 0 | AQ47: =F47*$AM47 -> 0 | AR47: =G47*$AM47 -> 0 | AS47: =H47*$AM47 -> 0 | AT47: =I47*$AM47 -> 0 | AU47: =J47*$AM47 -> 0 | AV47: =K47*$AM47 -> 0 | ... BJ47: =Y47*$AM47 -> 0 | BK47: =AO47-AZ47 -> 0 | BL47: =AP47-BA47 -> 0 | BM47: =AQ47-BB47 -> 0 | BN47: =AR47-BC47 -> 0 | BO47: =AS47-BD47 -> 0 | BP47: =AT47-BE47 -> 0 | BQ47: =AU47-BF47 -> 0 | BR47: =AV47-BG47 -> 0 | ... BU47: =AY47-BJ47 -> 0
B48: Other (please specify) | C48: mt | Z48: =D48-O48 -> 0 | AA48: =E48-P48 -> 0 | AB48: =F48-Q48 -> 0 | AC48: =G48-R48 -> 0 | AD48: =H48-S48 -> 0 | AE48: =I48-T48 -> 0 | AF48: =J48-U48 -> 0 | AG48: =K48-V48 -> 0 | ... AJ48: =N48-Y48 -> 0 | AL48: =B48 -> Other (please specify) | AN48: CO2eq t | AO48: =D48*$AM48 -> 0 | AP48: =E48*$AM48 -> 0 | AQ48: =F48*$AM48 -> 0 | AR48: =G48*$AM48 -> 0 | AS48: =H48*$AM48 -> 0 | AT48: =I48*$AM48 -> 0 | AU48: =J48*$AM48 -> 0 | AV48: =K48*$AM48 -> 0 | ... BJ48: =Y48*$AM48 -> 0 | BK48: =AO48-AZ48 -> 0 | BL48: =AP48-BA48 -> 0 | BM48: =AQ48-BB48 -> 0 | BN48: =AR48-BC48 -> 0 | BO48: =AS48-BD48 -> 0 | BP48: =AT48-BE48 -> 0 | BQ48: =AU48-BF48 -> 0 | BR48: =AV48-BG48 -> 0 | ... BU48: =AY48-BJ48 -> 0
B49: Total | C49: mt | D49: =SUM(D5:D48) -> 0 | E49: =SUM(E5:E48) -> 0 | F49: =SUM(F5:F48) -> 0 | G49: =SUM(G5:G48) -> 0 | H49: =SUM(H5:H48) -> 0 | O49: =SUM(O5:O48) -> 0 | P49: =SUM(P5:P48) -> 0 | Q49: =SUM(Q5:Q48) -> 0 | R49: =SUM(R5:R48) -> 0 | S49: =SUM(S5:S48) -> 0 | Z49: =SUM(Z5:Z48) -> 0 | AA49: =SUM(AA5:AA48) -> 0 | AB49: =SUM(AB5:AB48) -> 0 | AC49: =SUM(AC5:AC48) -> 0 | AD49: =SUM(AD5:AD48) -> 0 | AE49: =SUM(AE5:AE48) -> 0 | AF49: =SUM(AF5:AF48) -> 0 | AG49: =SUM(AG5:AG48) -> 0 | ... AJ49: =SUM(AJ5:AJ48) -> 0 | AL49: Total | AN49: CO2eq t | AO49: =SUM(AO5:AO48) -> 0 | AP49: =SUM(AP5:AP48) -> 0 | AQ49: =SUM(AQ5:AQ48) -> 0 | AR49: =SUM(AR5:AR48) -> 0 | AS49: =SUM(AS5:AS48) -> 0 | AT49: =SUM(AT5:AT48) -> 0 | AU49: =SUM(AU5:AU48) -> 0 | AV49: =SUM(AV5:AV48) -> 0 | ... BU49: =SUM(BU5:BU48) -> 0
B50: HFC-245fa polyol | C50: mt | Z50: =D50-O50 -> 0 | AA50: =E50-P50 -> 0 | AB50: =F50-Q50 -> 0 | AC50: =G50-R50 -> 0 | AD50: =H50-S50 -> 0 | AE50: =I50-T50 -> 0 | AF50: =J50-U50 -> 0 | AG50: =K50-V50 -> 0 | ... AJ50: =N50-Y50 -> 0 | AL50: =B50 -> HFC-245fa polyol | AM50: 1030 | AN50: CO2eq t | AO50: =D50*$AM50 -> 0 | AP50: =E50*$AM50 -> 0 | AQ50: =F50*$AM50 -> 0 | AR50: =G50*$AM50 -> 0 | AS50: =H50*$AM50 -> 0 | AT50: =I50*$AM50 -> 0 | AU50: =J50*$AM50 -> 0 | AV50: =K50*$AM50 -> 0 | ... BJ50: =Y50*$AM50 -> 0 | BK50: =AO50-AZ50 -> 0 | BL50: =AP50-BA50 -> 0 | BM50: =AQ50-BB50 -> 0 | BN50: =AR50-BC50 -> 0 | BO50: =AS50-BD50 -> 0 | BP50: =AT50-BE50 -> 0 | BQ50: =AU50-BF50 -> 0 | BR50: =AV50-BG50 -> 0 | ... BU50: =AY50-BJ50 -> 0
B51: HFC-365mfc polyol | C51: mt | Z51: =D51-O51 -> 0 | AA51: =E51-P51 -> 0 | AB51: =F51-Q51 -> 0 | AC51: =G51-R51 -> 0 | AD51: =H51-S51 -> 0 | AE51: =I51-T51 -> 0 | AF51: =J51-U51 -> 0 | AG51: =K51-V51 -> 0 | ... AJ51: =N51-Y51 -> 0 | AL51: =B51 -> HFC-365mfc polyol | AM51: 794 | AN51: CO2eq t | AO51: =D51*$AM51 -> 0 | AP51: =E51*$AM51 -> 0 | AQ51: =F51*$AM51 -> 0 | AR51: =G51*$AM51 -> 0 | AS51: =H51*$AM51 -> 0 | AT51: =I51*$AM51 -> 0 | AU51: =J51*$AM51 -> 0 | AV51: =K51*$AM51 -> 0 | ... BJ51: =Y51*$AM51 -> 0 | BK51: =AO51-AZ51 -> 0 | BL51: =AP51-BA51 -> 0 | BM51: =AQ51-BB51 -> 0 | BN51: =AR51-BC51 -> 0 | BO51: =AS51-BD51 -> 0 | BP51: =AT51-BE51 -> 0 | BQ51: =AU51-BF51 -> 0 | BR51: =AV51-BG51 -> 0 | ... BU51: =AY51-BJ51 -> 0
B52: Other polyol (please specify) | C52: mt | Z52: =D52-O52 -> 0 | AA52: =E52-P52 -> 0 | AB52: =F52-Q52 -> 0 | AC52: =G52-R52 -> 0 | AD52: =H52-S52 -> 0 | AE52: =I52-T52 -> 0 | AF52: =J52-U52 -> 0 | AG52: =K52-V52 -> 0 | ... AJ52: =N52-Y52 -> 0 | AL52: =B52 -> Other polyol (please specify) | AN52: CO2eq t | AO52: =D52*$AM52 -> 0 | AP52: =E52*$AM52 -> 0 | AQ52: =F52*$AM52 -> 0 | AR52: =G52*$AM52 -> 0 | AS52: =H52*$AM52 -> 0 | AT52: =I52*$AM52 -> 0 | AU52: =J52*$AM52 -> 0 | AV52: =K52*$AM52 -> 0 | ... BJ52: =Y52*$AM52 -> 0 | BK52: =AO52-AZ52 -> 0 | BL52: =AP52-BA52 -> 0 | BM52: =AQ52-BB52 -> 0 | BN52: =AR52-BC52 -> 0 | BO52: =AS52-BD52 -> 0 | BP52: =AT52-BE52 -> 0 | BQ52: =AU52-BF52 -> 0 | BR52: =AV52-BG52 -> 0 | ... BU52: =AY52-BJ52 -> 0
B53: Polyol Total | C53: mt | D53: =SUM(D50:D52) -> 0 | E53: =SUM(E50:E52) -> 0 | F53: =SUM(F50:F52) -> 0 | G53: =SUM(G50:G52) -> 0 | H53: =SUM(H50:H52) -> 0 | O53: =SUM(O50:O52) -> 0 | P53: =SUM(P50:P52) -> 0 | Q53: =SUM(Q50:Q52) -> 0 | R53: =SUM(R50:R52) -> 0 | S53: =SUM(S50:S52) -> 0 | Z53: =SUM(Z50:Z52) -> 0 | AA53: =SUM(AA50:AA52) -> 0 | AB53: =SUM(AB50:AB52) -> 0 | AC53: =SUM(AC50:AC52) -> 0 | AD53: =SUM(AD50:AD52) -> 0 | AE53: =SUM(AE50:AE52) -> 0 | AF53: =SUM(AF50:AF52) -> 0 | AG53: =SUM(AG50:AG52) -> 0 | ... AJ53: =SUM(AJ50:AJ52) -> 0 | AL53: Polyol Total | AN53: CO2eq t | AO53: =SUM(AO50:AO52) -> 0 | AP53: =SUM(AP50:AP52) -> 0 | AQ53: =SUM(AQ50:AQ52) -> 0 | AR53: =SUM(AR50:AR52) -> 0 | AS53: =SUM(AS50:AS52) -> 0 | AT53: =SUM(AT50:AT52) -> 0 | AU53: =SUM(AU50:AU52) -> 0 | AV53: =SUM(AV50:AV52) -> 0 | ... BU53: =SUM(BU50:BU52) -> 0
B55: HFC Baseline | C55: CO2eqt | D55: =H55+L55 -> 0 | E55: HFC Component of the Baseline | H55: =AVERAGE(AO49:AQ49) -> 0 | I55: HCFC Component of the Baseline
B56: Data Source | C56: Unit | D56: 2020 | E56: 2021 | F56: 2022 | G56: 2023 | H56: 2024 | I56: 2025 | J56: 2026 | K56: 2027 | L56: 2028 | M56: 2029 | N56: 2030
B57: Row 1.1: Montreal Protocol reduction schedule of Annex F substances | C57: % | D57: n/a | E57: n/a | F57: n/a | G57: ='Appendix 2-A'!E6 -> n/a | H57: ='Appendix 2-A'!F6 -> freeze | I57: ='Appendix 2-A'!G6 -> freeze | J57: ='Appendix 2-A'!H6 -> freeze | K57: ='Appendix 2-A'!I6 -> freeze | L57: ='Appendix 2-A'!J6 -> freeze | M57: ='Appendix 2-A'!K6 -> 0.1 | N57: ='Appendix 2-A'!L6 -> 0.1
C58: CO2-eq tonnes | D58: n/a | E58: n/a | F58: n/a | G58: ='Appendix 2-A'!E7 -> n/a | H58: ='Appendix 2-A'!F7 -> 0 | I58: ='Appendix 2-A'!G7 -> 0 | J58: ='Appendix 2-A'!H7 -> 0 | K58: ='Appendix 2-A'!I7 -> 0 | L58: ='Appendix 2-A'!J7 -> 0 | M58: ='Appendix 2-A'!K7 -> 0 | N58: ='Appendix 2-A'!L7 -> 0
B59: Row 1.2: Maximum allowable total consumption of Annex F substances | C59: Reduction in % | D59: n/a | E59: n/a | F59: n/a | G59: ='Appendix 2-A'!E8 -> n/a | H59: ='Appendix 2-A'!F8 -> 0 | I59: ='Appendix 2-A'!G8 -> 0 | J59: ='Appendix 2-A'!H8 -> 0 | K59: ='Appendix 2-A'!I8 -> 0 | L59: ='Appendix 2-A'!J8 -> 0 | M59: ='Appendix 2-A'!K8 -> 0 | N59: ='Appendix 2-A'!L8 -> 0
C60: CO2-eq tonnes | D60: n/a | E60: n/a | F60: n/a | G60: ='Appendix 2-A'!E9 -> n/a | H60: ='Appendix 2-A'!F9 -> 0 | I60: ='Appendix 2-A'!G9 -> 0 | J60: ='Appendix 2-A'!H9 -> 0 | K60: ='Appendix 2-A'!I9 -> 0 | L60: ='Appendix 2-A'!J9 -> 0 | M60: ='Appendix 2-A'!K9 -> 0 | N60: ='Appendix 2-A'!L9 -> 0
B61: Article 7 Data Total | C61: mt | D61: =D49 -> 0 | E61: =E49 -> 0 | F61: =F49 -> 0 | G61: =G49 -> 0 | H61: =H49 -> 0 | I61: =I49 -> 0 | J61: =J49 -> 0 | K61: =K49 -> 0 | ... N61: =N49 -> 0
C62: CO2eqt | D62: =AO49 -> 0 | E62: =AP49 -> 0 | F62: =AQ49 -> 0 | G62: =AR49 -> 0 | H62: =AS49 -> 0 | I62: =AT49 -> 0 | J62: =AU49 -> 0 | K62: =AV49 -> 0 | ... N62: =AY49 -> 0
B63: Country Programme Data Total | C63: mt | D63: =O49 -> 0 | E63: =P49 -> 0 | F63: =Q49 -> 0 | G63: =R49 -> 0 | H63: =S49 -> 0 | I63: =T49 -> 0 | J63: =U49 -> 0 | K63: =V49 -> 0 | ... N63: =Y49 -> 0
C64: CO2eqt | D64: =AZ49 -> 0 | E64: =BA49 -> 0 | F64: =BB49 -> 0 | G64: =BC49 -> 0 | H64: =BD49 -> 0 | I64: =BE49 -> 0 | J64: =BF49 -> 0 | K64: =BG49 -> 0 | ... N64: =BJ49 -> 0
B65: Verification Report Data Total | C65: mt
C66: CO2eqt

Sheet 2. Non-Invest & Monitoring
B2: Summary of Non-Investment Activities by Agency | F2: KIP Stage I Summary | Q2: KIP Stage I - First Tranche Reporting | X2: Kigali HFC Implementation Plan (stage I, second tranche) - Request for Funding | AC2: KIP Stage I - Second Tranche Reporting | AJ2: Kigali HFC Implementation Plan (stage I, third tranche) - Request for Funding | AO2: KIP Stage I - Third Tranche Reporting | AV2: Kigali HFC Implementation Plan (stage I, fourth tranche) - Request for Funding | BA2: KIP Stage I - Fourth Tranche Reporting
K3: (US $) | L3: (US $) | M3: (US $) | N3: (%) | O3: Completed | P3: Ongoing | Q3: (US $) | R3: (US $) | S3: (US $) | T3: (%) | U3: for Agency use only | W3: Activities and targets completed for the tranche | X3: Activity continued from previous tranche? | Y3: (US $) | Z3: (US $) | AA3: (US $) | AB3: Activities remaining to be implemented during the next tranche | AC3: (US $) | AD3: (US $) | AE3: (US $) | AF3: (%) | AG3: for Agency use only | AI3: Activities and targets completed for the tranche | AJ3: Activity continued from previous tranche? | AK3: (US $) | AL3: (US $) | AM3: (US $) | AN3: Activities remaining to be implemented during the next tranche | AO3: (US $) | AP3: (US $) | AQ3: (US $) | AR3: (%) | AS3: for Agency use only | AU3: Activities and targets completed for the tranche | AV3: Activity continued from previous tranche? | AW3: (US $) | AX3: (US $) | AY3: (US $) | AZ3: Activities remaining to be implemented during the next tranche | BA3: (US $) | BB3: (US $) | BC3: (US $) | BD3: (%) | BE3: for Agency use only | BG3: Activities and targets completed for the tranche
F4: Overall funds for Stage I Approved in Principle | G4: Tranche 1 | H4: Tranche 2 | I4: Tranche 3 | J4: Tranche 4 | K4: Cumulative Amount Approved | L4: Cumulative Amount Disbursed | M4: Cumulative Balance | N4: Cumulative Disburse-ment Rate | Q4: Approved for Tranche | R4: Disbursed for Tranche | S4: Tranche Balance | T4: Tranche Disbursement Rate | U4: Committed for Tranche | V4: Tranche Balance with Committed | Y4: Funding requested | Z4: Balance of funds remaining to be disbursed from previous tranche | AA4: Total budget planned during implementation period | AC4: Approved for Tranche | AD4: Disbursed for Tranche | AE4: Tranche Balance | AF4: Tranche Disbursement Rate | AG4: Committed for Tranche | AH4: Tranche Balance with Committed | AK4: Funding requested | AL4: Balance of funds remaining to be disbursed from previous tranche | AM4: Total budget planned during implementation period | AO4: Approved for Tranche | AP4: Disbursed for Tranche | AQ4: Tranche Balance | AR4: Tranche Disbursement Rate | AS4: Committed for Tranche | AT4: Tranche Balance with Committed | AW4: Funding requested | AX4: Balance of funds remaining to be disbursed from previous tranche | AY4: Total budget planned during implementation period | BA4: Approved for Tranche | BB4: Disbursed for Tranche | BC4: Tranche Balance | BD4: Tranche Disbursement Rate | BE4: Committed for Tranche | BF4: Tranche Balance with Committed
B5: Subtotal for Lead Agency | F5: =SUMIF($E21:$E57,"Lead IA",F21:F57) -> 0 | K5: =SUMIF($E23:$E57,"Lead IA",K23:K57) -> 0 | L5: =SUMIF($E23:$E57,"Lead IA",L23:L57) -> 0 | M5: =SUMIF($E23:$E57,"Lead IA",M23:M57) -> 0 | N5: =L5/K5 -> #DIV/0! | Q5: =SUMIF($E21:$E57,"Lead IA",Q21:Q57) -> 0 | R5: =SUMIF($E21:$E57,"Lead IA",R21:R57) -> 0 | S5: =SUMIF($E21:$E57,"Lead IA",S21:S57) -> 0 | T5: =R5/Q5 -> #DIV/0! | U5: =SUMIF($E21:$E57,"Lead IA",U21:U57) -> 0 | V5: =SUMIF($E21:$E57,"Lead IA",V21:V57) -> 0 | Y5: =SUMIF($E21:$E57,"Lead IA",Y21:Y57) -> 0 | Z5: =SUMIF($E21:$E57,"Lead IA",Z21:Z57) -> 0 | AA5: =SUMIF($E21:$E57,"Lead IA",AA21:AA57) -> 0 | AC5: =SUMIF($E21:$E57,"Lead IA",AC21:AC57) -> 0 | AD5: =SUMIF($E21:$E57,"Lead IA",AD21:AD57) -> 0 | AE5: =SUMIF($E21:$E57,"Lead IA",AE21:AE57) -> 0 | AF5: =AD5/AC5 -> #DIV/0! | AG5: =SUMIF($E21:$E57,"Lead IA",AG21:AG57) -> 0 | AH5: =SUMIF($E21:$E57,"Lead IA",AH21:AH57) -> 0 | AK5: =SUMIF($E21:$E57,"Lead IA",AK21:AK57) -> 0 | AL5: =SUMIF($E21:$E57,"Lead IA",AL21:AL57) -> 0 | AM5: =SUMIF($E21:$E57,"Lead IA",AM21:AM57) -> 0 | AO5: =SUMIF($E21:$E57,"Lead IA",AO21:AO57) -> 0 | AP5: =SUMIF($E21:$E57,"Lead IA",AP21:AP57) -> 0 | AQ5: =SUMIF($E21:$E57,"Lead IA",AQ21:AQ57) -> 0 | AR5: =AP5/AO5 -> #DIV/0! | AS5: =SUMIF($E21:$E57,"Lead IA",AS21:AS57) -> 0 | AT5: =SUMIF($E21:$E57,"Lead IA",AT21:AT57) -> 0 | AW5: =SUMIF($E21:$E57,"Lead IA",AW21:AW57) -> 0 | AX5: =SUMIF($E21:$E57,"Lead IA",AX21:AX57) -> 0 | AY5: =SUMIF($E21:$E57,"Lead IA",AY21:AY57) -> 0 | BA5: =SUMIF($E21:$E57,"Lead IA",BA21:BA57) -> 0 | BB5: =SUMIF($E21:$E57,"Lead IA",BB21:BB57) -> 0 | BC5: =SUMIF($E21:$E57,"Lead IA",BC21:BC57) -> 0 | BD5: =BB5/BA5 -> #DIV/0! | BE5: =SUMIF($E21:$E57,"Lead IA",BE21:BE57) -> 0 | BF5: =SUMIF($E21:$E57,"Lead IA",BF21:BF57) -> 0
B6: Subtotal for Cooperating Agency 1 | F6: =SUMIF($E21:$E57,"Co-op IA 1",F21:F57) -> 0 | K6: =SUMIF($E23:$E57,"Co-op IA 1",K23:K57) -> 0 | L6: =SUMIF($E23:$E57,"Co-op IA 1",L23:L57) -> 0 | M6: =SUMIF($E23:$E57,"Co-op IA 1",M23:M57) -> 0 | N6: =L6/K6 -> #DIV/0! | Q6: =SUMIF($E21:$E57,"Co-op IA 1",Q21:Q57) -> 0 | R6: =SUMIF($E21:$E57,"Co-op IA 1",R21:R57) -> 0 | S6: =SUMIF($E21:$E57,"Co-op IA 1",S21:S57) -> 0 | T6: =R6/Q6 -> #DIV/0! | U6: =SUMIF($E21:$E57,"Co-op IA 1",U21:U57) -> 0 | V6: =SUMIF($E21:$E57,"Co-op IA 1",V21:V57) -> 0 | Y6: =SUMIF($E21:$E57,"Co-op IA 1",Y21:Y57) -> 0 | Z6: =SUMIF($E21:$E57,"Co-op IA 1",Z21:Z57) -> 0 | AA6: =SUMIF($E21:$E57,"Co-op IA 1",AA21:AA57) -> 0 | AC6: =SUMIF($E21:$E57,"Co-op IA 1",AC21:AC57) -> 0 | AD6: =SUMIF($E21:$E57,"Co-op IA 1",AD21:AD57) -> 0 | AE6: =SUMIF($E21:$E57,"Co-op IA 1",AE21:AE57) -> 0 | AF6: =AD6/AC6 -> #DIV/0! | AG6: =SUMIF($E21:$E57,"Co-op IA 1",AG21:AG57) -> 0 | AH6: =SUMIF($E21:$E57,"Co-op IA 1",AH21:AH57) -> 0 | AK6: =SUMIF($E21:$E57,"Co-op IA 1",AK21:AK57) -> 0 | AL6: =SUMIF($E21:$E57,"Co-op IA 1",AL21:AL57) -> 0 | AM6: =SUMIF($E21:$E57,"Co-op IA 1",AM21:AM57) -> 0 | AO6: =SUMIF($E21:$E57,"Co-op IA 1",AO21:AO57) -> 0 | AP6: =SUMIF($E21:$E57,"Co-op IA 1",AP21:AP57) -> 0 | AQ6: =SUMIF($E21:$E57,"Co-op IA 1",AQ21:AQ57) -> 0 | AR6: =AP6/AO6 -> #DIV/0! | AS6: =SUMIF($E21:$E57,"Co-op IA 1",AS21:AS57) -> 0 | AT6: =SUMIF($E21:$E57,"Co-op IA 1",AT21:AT57) -> 0 | AW6: =SUMIF($E21:$E57,"Co-op IA 1",AW21:AW57) -> 0 | AX6: =SUMIF($E21:$E57,"Co-op IA 1",AX21:AX57) -> 0 | AY6: =SUMIF($E21:$E57,"Co-op IA 1",AY21:AY57) -> 0 | BA6: =SUMIF($E21:$E57,"Co-op IA 1",BA21:BA57) -> 0 | BB6: =SUMIF($E21:$E57,"Co-op IA 1",BB21:BB57) -> 0 | BC6: =SUMIF($E21:$E57,"Co-op IA 1",BC21:BC57) -> 0 | BD6: =BB6/BA6 -> #DIV/0! | BE6: =SUMIF($E21:$E57,"Co-op IA 1",BE21:BE57) -> 0 | BF6: =SUMIF($E21:$E57,"Co-op IA 1",BF21:BF57) -> 0
B7: Subtotal for Cooperating Agency 2 | F7: =SUMIF($E21:$E57,"Co-op IA 2",F21:F57) -> 0 | K7: =SUMIF($E23:$E57,"Co-op IA 2",K23:K57) -> 0 | L7: =SUMIF($E23:$E57,"Co-op IA 2",L23:L57) -> 0 | M7: =SUMIF($E23:$E57,"Co-op IA 2",M23:M57) -> 0 | N7: =L7/K7 -> #DIV/0! | Q7: =SUMIF($E21:$E57,"Co-op IA 2",Q21:Q57) -> 0 | R7: =SUMIF($E21:$E57,"Co-op IA 2",R21:R57) -> 0 | S7: =SUMIF($E21:$E57,"Co-op IA 2",S21:S57) -> 0 | T7: =R7/Q7 -> #DIV/0! | U7: =SUMIF($E21:$E57,"Co-op IA 2",U21:U57) -> 0 | V7: =SUMIF($E21:$E57,"Co-op IA 2",V21:V57) -> 0 | Y7: =SUMIF($E21:$E57,"Co-op IA 2",Y21:Y57) -> 0 | Z7: =SUMIF($E21:$E57,"Co-op IA 2",Z21:Z57) -> 0 | AA7: =SUMIF($E21:$E57,"Co-op IA 2",AA21:AA57) -> 0 | AC7: =SUMIF($E21:$E57,"Co-op IA 2",AC21:AC57) -> 0 | AD7: =SUMIF($E21:$E57,"Co-op IA 2",AD21:AD57) -> 0 | AE7: =SUMIF($E21:$E57,"Co-op IA 2",AE21:AE57) -> 0 | AF7: =AD7/AC7 -> #DIV/0! | AG7: =SUMIF($E21:$E57,"Co-op IA 2",AG21:AG57) -> 0 | AH7: =SUMIF($E21:$E57,"Co-op IA 2",AH21:AH57) -> 0 | AK7: =SUMIF($E21:$E57,"Co-op IA 2",AK21:AK57) -> 0 | AL7: =SUMIF($E21:$E57,"Co-op IA 2",AL21:AL57) -> 0 | AM7: =SUMIF($E21:$E57,"Co-op IA 2",AM21:AM57) -> 0 | AO7: =SUMIF($E21:$E57,"Co-op IA 2",AO21:AO57) -> 0 | AP7: =SUMIF($E21:$E57,"Co-op IA 2",AP21:AP57) -> 0 | AQ7: =SUMIF($E21:$E57,"Co-op IA 2",AQ21:AQ57) -> 0 | AR7: =AP7/AO7 -> #DIV/0! | AS7: =SUMIF($E21:$E57,"Co-op IA 2",AS21:AS57) -> 0 | AT7: =SUMIF($E21:$E57,"Co-op IA 2",AT21:AT57) -> 0 | AW7: =SUMIF($E21:$E57,"Co-op IA 2",AW21:AW57) -> 0 | AX7: =SUMIF($E21:$E57,"Co-op IA 2",AX21:AX57) -> 0 | AY7: =SUMIF($E21:$E57,"Co-op IA 2",AY21:AY57) -> 0 | BA7: =SUMIF($E21:$E57,"Co-op IA 2",BA21:BA57) -> 0 | BB7: =SUMIF($E21:$E57,"Co-op IA 2",BB21:BB57) -> 0 | BC7: =SUMIF($E21:$E57,"Co-op IA 2",BC21:BC57) -> 0 | BD7: =BB7/BA7 -> #DIV/0! | BE7: =SUMIF($E21:$E57,"Co-op IA 2",BE21:BE57) -> 0 | BF7: =SUMIF($E21:$E57,"Co-op IA 2",BF21:BF57) -> 0
B8: Subtotal for Cooperating Agency 3 | F8: =SUMIF($E21:$E57,"Co-op IA 3",F21:F57) -> 0 | K8: =SUMIF($E23:$E57,"Co-op IA 3",K23:K57) -> 0 | L8: =SUMIF($E23:$E57,"Co-op IA 3",L23:L57) -> 0 | M8: =SUMIF($E23:$E57,"Co-op IA 3",M23:M57) -> 0 | N8: =L8/K8 -> #DIV/0! | Q8: =SUMIF($E21:$E57,"Co-op IA 3",Q21:Q57) -> 0 | R8: =SUMIF($E21:$E57,"Co-op IA 3",R21:R57) -> 0 | S8: =SUMIF($E21:$E57,"Co-op IA 3",S21:S57) -> 0 | T8: =R8/Q8 -> #DIV/0! | U8: =SUMIF($E21:$E57,"Co-op IA 3",U21:U57) -> 0 | V8: =SUMIF($E21:$E57,"Co-op IA 3",V21:V57) -> 0 | Y8: =SUMIF($E21:$E57,"Co-op IA 3",Y21:Y57) -> 0 | Z8: =SUMIF($E21:$E57,"Co-op IA 3",Z21:Z57) -> 0 | AA8: =SUMIF($E21:$E57,"Co-op IA 3",AA21:AA57) -> 0 | AC8: =SUMIF($E21:$E57,"Co-op IA 3",AC21:AC57) -> 0 | AD8: =SUMIF($E21:$E57,"Co-op IA 3",AD21:AD57) -> 0 | AE8: =SUMIF($E21:$E57,"Co-op IA 3",AE21:AE57) -> 0 | AF8: =AD8/AC8 -> #DIV/0! | AG8: =SUMIF($E21:$E57,"Co-op IA 3",AG21:AG57) -> 0 | AH8: =SUMIF($E21:$E57,"Co-op IA 3",AH21:AH57) -> 0 | AK8: =SUMIF($E21:$E57,"Co-op IA 3",AK21:AK57) -> 0 | AL8: =SUMIF($E21:$E57,"Co-op IA 3",AL21:AL57) -> 0 | AM8: =SUMIF($E21:$E57,"Co-op IA 3",AM21:AM57) -> 0 | AO8: =SUMIF($E21:$E57,"Co-op IA 3",AO21:AO57) -> 0 | AP8: =SUMIF($E21:$E57,"Co-op IA 3",AP21:AP57) -> 0 | AQ8: =SUMIF($E21:$E57,"Co-op IA 3",AQ21:AQ57) -> 0 | AR8: =AP8/AO8 -> #DIV/0! | AS8: =SUMIF($E21:$E57,"Co-op IA 3",AS21:AS57) -> 0 | AT8: =SUMIF($E21:$E57,"Co-op IA 3",AT21:AT57) -> 0 | AW8: =SUMIF($E21:$E57,"Co-op IA 3",AW21:AW57) -> 0 | AX8: =SUMIF($E21:$E57,"Co-op IA 3",AX21:AX57) -> 0 | AY8: =SUMIF($E21:$E57,"Co-op IA 3",AY21:AY57) -> 0 | BA8: =SUMIF($E21:$E57,"Co-op IA 3",BA21:BA57) -> 0 | BB8: =SUMIF($E21:$E57,"Co-op IA 3",BB21:BB57) -> 0 | BC8: =SUMIF($E21:$E57,"Co-op IA 3",BC21:BC57) -> 0 | BD8: =BB8/BA8 -> #DIV/0! | BE8: =SUMIF($E21:$E57,"Co-op IA 3",BE21:BE57) -> 0 | BF8: =SUMIF($E21:$E57,"Co-op IA 3",BF21:BF57) -> 0
B9: Total for Non-Investment Project Activities | F9: =SUM(F5:F8) -> 0 | K9: =SUM(K5:K8) -> 0 | L9: =SUM(L5:L8) -> 0 | M9: =SUM(M5:M8) -> 0 | N9: =L9/K9 -> #DIV/0! | Q9: =SUM(Q5:Q8) -> 0 | R9: =SUM(R5:R8) -> 0 | S9: =SUM(S5:S8) -> 0 | T9: =R9/Q9 -> #DIV/0! | U9: =SUM(U5:U8) -> 0 | V9: =SUM(V5:V8) -> 0 | Y9: =SUM(Y5:Y8) -> 0 | Z9: =SUM(Z5:Z8) -> 0 | AA9: =SUM(AA5:AA8) -> 0 | AC9: =SUM(AC5:AC8) -> 0 | AD9: =SUM(AD5:AD8) -> 0 | AE9: =SUM(AE5:AE8) -> 0 | AF9: =AD9/AC9 -> #DIV/0! | AG9: =SUM(AG5:AG8) -> 0 | AH9: =SUM(AH5:AH8) -> 0 | AK9: =SUM(AK5:AK8) -> 0 | AL9: =SUM(AL5:AL8) -> 0 | AM9: =SUM(AM5:AM8) -> 0 | AO9: =SUM(AO5:AO8) -> 0 | AP9: =SUM(AP5:AP8) -> 0 | AQ9: =SUM(AQ5:AQ8) -> 0 | AR9: =AP9/AO9 -> #DIV/0! | AS9: =SUM(AS5:AS8) -> 0 | AT9: =SUM(AT5:AT8) -> 0 | AW9: =SUM(AW5:AW8) -> 0 | AX9: =SUM(AX5:AX8) -> 0 | AY9: =SUM(AY5:AY8) -> 0 | BA9: =SUM(BA5:BA8) -> 0 | BB9: =SUM(BB5:BB8) -> 0 | BC9: =SUM(BC5:BC8) -> 0 | BD9: =BB9/BA9 -> #DIV/0! | BE9: =SUM(BE5:BE8) -> 0 | BF9: =SUM(BF5:BF8) -> 0
B10: Subtotal for Lead Agency | F10: =SUMIF($E64:$E67,"Lead IA",F64:F67) -> 0 | K10: =SUMIF($E64:$E67,"Lead IA",K64:K67) -> 0 | L10: =SUMIF($E64:$E67,"Lead IA",L64:L67) -> 0 | M10: =SUMIF($E64:$E67,"Lead IA",M64:M67) -> 0 | N10: =L10/K10 -> #DIV/0! | Q10: =SUMIF($E64:$E67,"Lead IA",Q64:Q67) -> 0 | R10: =SUMIF($E64:$E67,"Lead IA",R64:R67) -> 0 | S10: =SUMIF($E64:$E67,"Lead IA",S64:S67) -> 0 | T10: =R10/Q10 -> #DIV/0! | U10: =SUMIF($E64:$E67,"Lead IA",U64:U67) -> 0 | V10: =SUMIF($E64:$E67,"Lead IA",V64:V67) -> 0 | Y10: =SUMIF($E64:$E67,"Lead IA",Y64:Y67) -> 0 | Z10: =SUMIF($E64:$E67,"Lead IA",Z64:Z67) -> 0 | AA10: =SUMIF($E64:$E67,"Lead IA",AA64:AA67) -> 0 | AC10: =SUMIF($E64:$E67,"Lead IA",AC64:AC67) -> 0 | AD10: =SUMIF($E64:$E67,"Lead IA",AD64:AD67) -> 0 | AE10: =SUMIF($E64:$E67,"Lead IA",AE64:AE67) -> 0 | AF10: =AD10/AC10 -> #DIV/0! | AG10: =SUMIF($E64:$E67,"Lead IA",AG64:AG67) -> 0 | AH10: =SUMIF($E64:$E67,"Lead IA",AH64:AH67) -> 0 | AK10: =SUMIF($E64:$E67,"Lead IA",AK64:AK67) -> 0 | AL10: =SUMIF($E64:$E67,"Lead IA",AL64:AL67) -> 0 | AM10: =SUMIF($E64:$E67,"Lead IA",AM64:AM67) -> 0 | AO10: =SUMIF($E64:$E67,"Lead IA",AO64:AO67) -> 0 | AP10: =SUMIF($E64:$E67,"Lead IA",AP64:AP67) -> 0 | AQ10: =SUMIF($E64:$E67,"Lead IA",AQ64:AQ67) -> 0 | AR10: =AP10/AO10 -> #DIV/0! | AS10: =SUMIF($E64:$E67,"Lead IA",AS64:AS67) -> 0 | AT10: =SUMIF($E64:$E67,"Lead IA",AT64:AT67) -> 0 | AW10: =SUMIF($E64:$E67,"Lead IA",AW64:AW67) -> 0 | AX10: =SUMIF($E64:$E67,"Lead IA",AX64:AX67) -> 0 | AY10: =SUMIF($E64:$E67,"Lead IA",AY64:AY67) -> 0 | BA10: =SUMIF($E64:$E67,"Lead IA",BA64:BA67) -> 0 | BB10: =SUMIF($E64:$E67,"Lead IA",BB64:BB67) -> 0 | BC10: =SUMIF($E64:$E67,"Lead IA",BC64:BC67) -> 0 | BD10: =BB10/BA10 -> #DIV/0! | BE10: =SUMIF($E64:$E67,"Lead IA",BE64:BE67) -> 0 | BF10: =SUMIF($E64:$E67,"Lead IA",BF64:BF67) -> 0
B11: Subtotal for Cooperating Agency 1 | F11: =SUMIF($E64:$E67,"Co-op IA 1",F64:F67) -> 0 | K11: =SUMIF($E64:$E67,"Co-op IA 1",K64:K67) -> 0 | L11: =SUMIF($E64:$E67,"Co-op IA 1",L64:L67) -> 0 | M11: =SUMIF($E64:$E67,"Co-op IA 1",M64:M67) -> 0 | N11: =L11/K11 -> #DIV/0! | Q11: =SUMIF($E64:$E67,"Co-op IA 1",Q64:Q67) -> 0 | R11: =SUMIF($E64:$E67,"Co-op IA 1",R64:R67) -> 0 | S11: =SUMIF($E64:$E67,"Co-op IA 1",S64:S67) -> 0 | T11: =R11/Q11 -> #DIV/0! | U11: =SUMIF($E64:$E67,"Co-op IA 1",U64:U67) -> 0 | V11: =SUMIF($E64:$E67,"Co-op IA 1",V64:V67) -> 0 | Y11: =SUMIF($E64:$E67,"Co-op IA 1",Y64:Y67) -> 0 | Z11: =SUMIF($E64:$E67,"Co-op IA 1",Z64:Z67) -> 0 | AA11: =SUMIF($E64:$E67,"Co-op IA 1",AA64:AA67) -> 0 | AC11: =SUMIF($E64:$E67,"Co-op IA 1",AC64:AC67) -> 0 | AD11: =SUMIF($E64:$E67,"Co-op IA 1",AD64:AD67) -> 0 | AE11: =SUMIF($E64:$E67,"Co-op IA 1",AE64:AE67) -> 0 | AF11: =AD11/AC11 -> #DIV/0! | AG11: =SUMIF($E64:$E67,"Co-op IA 1",AG64:AG67) -> 0 | AH11: =SUMIF($E64:$E67,"Co-op IA 1",AH64:AH67) -> 0 | AK11: =SUMIF($E64:$E67,"Co-op IA 1",AK64:AK67) -> 0 | AL11: =SUMIF($E64:$E67,"Co-op IA 1",AL64:AL67) -> 0 | AM11: =SUMIF($E64:$E67,"Co-op IA 1",AM64:AM67) -> 0 | AO11: =SUMIF($E64:$E67,"Co-op IA 1",AO64:AO67) -> 0 | AP11: =SUMIF($E64:$E67,"Co-op IA 1",AP64:AP67) -> 0 | AQ11: =SUMIF($E64:$E67,"Co-op IA 1",AQ64:AQ67) -> 0 | AR11: =AP11/AO11 -> #DIV/0! | AS11: =SUMIF($E64:$E67,"Co-op IA 1",AS64:AS67) -> 0 | AT11: =SUMIF($E64:$E67,"Co-op IA 1",AT64:AT67) -> 0 | AW11: =SUMIF($E64:$E67,"Co-op IA 1",AW64:AW67) -> 0 | AX11: =SUMIF($E64:$E67,"Co-op IA 1",AX64:AX67) -> 0 | AY11: =SUMIF($E64:$E67,"Co-op IA 1",AY64:AY67) -> 0 | BA11: =SUMIF($E64:$E67,"Co-op IA 1",BA64:BA67) -> 0 | BB11: =SUMIF($E64:$E67,"Co-op IA 1",BB64:BB67) -> 0 | BC11: =SUMIF($E64:$E67,"Co-op IA 1",BC64:BC67) -> 0 | BD11: =BB11/BA11 -> #DIV/0! | BE11: =SUMIF($E64:$E67,"Co-op IA 1",BE64:BE67) -> 0 | BF11: =SUMIF($E64:$E67,"Co-op IA 1",BF64:BF67) -> 0
B12: Subtotal for Cooperating Agency 2 | F12: =SUMIF($E64:$E67,"Co-op IA 2",F64:F67) -> 0 | K12: =SUMIF($E64:$E67,"Co-op IA 2",K64:K67) -> 0 | L12: =SUMIF($E64:$E67,"Co-op IA 2",L64:L67) -> 0 | M12: =SUMIF($E64:$E67,"Co-op IA 2",M64:M67) -> 0 | N12: =L12/K12 -> #DIV/0! | Q12: =SUMIF($E64:$E67,"Co-op IA 2",Q64:Q67) -> 0 | R12: =SUMIF($E64:$E67,"Co-op IA 2",R64:R67) -> 0 | S12: =SUMIF($E64:$E67,"Co-op IA 2",S64:S67) -> 0 | T12: =R12/Q12 -> #DIV/0! | U12: =SUMIF($E64:$E67,"Co-op IA 2",U64:U67) -> 0 | V12: =SUMIF($E64:$E67,"Co-op IA 2",V64:V67) -> 0 | Y12: =SUMIF($E64:$E67,"Co-op IA 2",Y64:Y67) -> 0 | Z12: =SUMIF($E64:$E67,"Co-op IA 2",Z64:Z67) -> 0 | AA12: =SUMIF($E64:$E67,"Co-op IA 2",AA64:AA67) -> 0 | AC12: =SUMIF($E64:$E67,"Co-op IA 2",AC64:AC67) -> 0 | AD12: =SUMIF($E64:$E67,"Co-op IA 2",AD64:AD67) -> 0 | AE12: =SUMIF($E64:$E67,"Co-op IA 2",AE64:AE67) -> 0 | AF12: =AD12/AC12 -> #DIV/0! | AG12: =SUMIF($E64:$E67,"Co-op IA 2",AG64:AG67) -> 0 | AH12: =SUMIF($E64:$E67,"Co-op IA 2",AH64:AH67) -> 0 | AK12: =SUMIF($E64:$E67,"Co-op IA 2",AK64:AK67) -> 0 | AL12: =SUMIF($E64:$E67,"Co-op IA 2",AL64:AL67) -> 0 | AM12: =SUMIF($E64:$E67,"Co-op IA 2",AM64:AM67) -> 0 | AO12: =SUMIF($E64:$E67,"Co-op IA 2",AO64:AO67) -> 0 | AP12: =SUMIF($E64:$E67,"Co-op IA 2",AP64:AP67) -> 0 | AQ12: =SUMIF($E64:$E67,"Co-op IA 2",AQ64:AQ67) -> 0 | AR12: =AP12/AO12 -> #DIV/0! | AS12: =SUMIF($E64:$E67,"Co-op IA 2",AS64:AS67) -> 0 | AT12: =SUMIF($E64:$E67,"Co-op IA 2",AT64:AT67) -> 0 | AW12: =SUMIF($E64:$E67,"Co-op IA 2",AW64:AW67) -> 0 | AX12: =SUMIF($E64:$E67,"Co-op IA 2",AX64:AX67) -> 0 | AY12: =SUMIF($E64:$E67,"Co-op IA 2",AY64:AY67) -> 0 | BA12: =SUMIF($E64:$E67,"Co-op IA 2",BA64:BA67) -> 0 | BB12: =SUMIF($E64:$E67,"Co-op IA 2",BB64:BB67) -> 0 | BC12: =SUMIF($E64:$E67,"Co-op IA 2",BC64:BC67) -> 0 | BD12: =BB12/BA12 -> #DIV/0! | BE12: =SUMIF($E64:$E67,"Co-op IA 2",BE64:BE67) -> 0 | BF12: =SUMIF($E64:$E67,"Co-op IA 2",BF64:BF67) -> 0
B13: Subtotal for Cooperating Agency 3 | F13: =SUMIF($E64:$E67,"Co-op IA 3",F64:F67) -> 0 | K13: =SUMIF($E64:$E67,"Co-op IA 3",K64:K67) -> 0 | L13: =SUMIF($E64:$E67,"Co-op IA 3",L64:L67) -> 0 | M13: =SUMIF($E64:$E67,"Co-op IA 3",M64:M67) -> 0 | N13: =L13/K13 -> #DIV/0! | Q13: =SUMIF($E64:$E67,"Co-op IA 3",Q64:Q67) -> 0 | R13: =SUMIF($E64:$E67,"Co-op IA 3",R64:R67) -> 0 | S13: =SUMIF($E64:$E67,"Co-op IA 3",S64:S67) -> 0 | T13: =R13/Q13 -> #DIV/0! | U13: =SUMIF($E64:$E67,"Co-op IA 3",U64:U67) -> 0 | V13: =SUMIF($E64:$E67,"Co-op IA 3",V64:V67) -> 0 | Y13: =SUMIF($E64:$E67,"Co-op IA 3",Y64:Y67) -> 0 | Z13: =SUMIF($E64:$E67,"Co-op IA 3",Z64:Z67) -> 0 | AA13: =SUMIF($E64:$E67,"Co-op IA 3",AA64:AA67) -> 0 | AC13: =SUMIF($E64:$E67,"Co-op IA 3",AC64:AC67) -> 0 | AD13: =SUMIF($E64:$E67,"Co-op IA 3",AD64:AD67) -> 0 | AE13: =SUMIF($E64:$E67,"Co-op IA 3",AE64:AE67) -> 0 | AF13: =AD13/AC13 -> #DIV/0! | AG13: =SUMIF($E64:$E67,"Co-op IA 3",AG64:AG67) -> 0 | AH13: =SUMIF($E64:$E67,"Co-op IA 3",AH64:AH67) -> 0 | AK13: =SUMIF($E64:$E67,"Co-op IA 3",AK64:AK67) -> 0 | AL13: =SUMIF($E64:$E67,"Co-op IA 3",AL64:AL67) -> 0 | AM13: =SUMIF($E64:$E67,"Co-op IA 3",AM64:AM67) -> 0 | AO13: =SUMIF($E64:$E67,"Co-op IA 3",AO64:AO67) -> 0 | AP13: =SUMIF($E64:$E67,"Co-op IA 3",AP64:AP67) -> 0 | AQ13: =SUMIF($E64:$E67,"Co-op IA 3",AQ64:AQ67) -> 0 | AR13: =AP13/AO13 -> #DIV/0! | AS13: =SUMIF($E64:$E67,"Co-op IA 3",AS64:AS67) -> 0 | AT13: =SUMIF($E64:$E67,"Co-op IA 3",AT64:AT67) -> 0 | AW13: =SUMIF($E64:$E67,"Co-op IA 3",AW64:AW67) -> 0 | AX13: =SUMIF($E64:$E67,"Co-op IA 3",AX64:AX67) -> 0 | AY13: =SUMIF($E64:$E67,"Co-op IA 3",AY64:AY67) -> 0 | BA13: =SUMIF($E64:$E67,"Co-op IA 3",BA64:BA67) -> 0 | BB13: =SUMIF($E64:$E67,"Co-op IA 3",BB64:BB67) -> 0 | BC13: =SUMIF($E64:$E67,"Co-op IA 3",BC64:BC67) -> 0 | BD13: =BB13/BA13 -> #DIV/0! | BE13: =SUMIF($E64:$E67,"Co-op IA 3",BE64:BE67) -> 0 | BF13: =SUMIF($E64:$E67,"Co-op IA 3",BF64:BF67) -> 0
B14: Total for Project Coordination and Monitoring | F14: =SUM(F10:F13) -> 0 | K14: =SUM(K10:K13) -> 0 | L14: =SUM(L10:L13) -> 0 | M14: =SUM(M10:M13) -> 0 | N14: =L14/K14 -> #DIV/0! | Q14: =SUM(Q10:Q13) -> 0 | R14: =SUM(R10:R13) -> 0 | S14: =SUM(S10:S13) -> 0 | T14: =R14/Q14 -> #DIV/0! | U14: =SUM(U10:U13) -> 0 | V14: =SUM(V10:V13) -> 0 | Y14: =SUM(Y10:Y13) -> 0 | Z14: =SUM(Z10:Z13) -> 0 | AA14: =SUM(AA10:AA13) -> 0 | AC14: =SUM(AC10:AC13) -> 0 | AD14: =SUM(AD10:AD13) -> 0 | AE14: =SUM(AE10:AE13) -> 0 | AF14: =AD14/AC14 -> #DIV/0! | AG14: =SUM(AG10:AG13) -> 0 | AH14: =SUM(AH10:AH13) -> 0 | AK14: =SUM(AK10:AK13) -> 0 | AL14: =SUM(AL10:AL13) -> 0 | AM14: =SUM(AM10:AM13) -> 0 | AO14: =SUM(AO10:AO13) -> 0 | AP14: =SUM(AP10:AP13) -> 0 | AQ14: =SUM(AQ10:AQ13) -> 0 | AR14: =AP14/AO14 -> #DIV/0! | AS14: =SUM(AS10:AS13) -> 0 | AT14: =SUM(AT10:AT13) -> 0 | AW14: =SUM(AW10:AW13) -> 0 | AX14: =SUM(AX10:AX13) -> 0 | AY14: =SUM(AY10:AY13) -> 0 | BA14: =SUM(BA10:BA13) -> 0 | BB14: =SUM(BB10:BB13) -> 0 | BC14: =SUM(BC10:BC13) -> 0 | BD14: =BB14/BA14 -> #DIV/0! | BE14: =SUM(BE10:BE13) -> 0 | BF14: =SUM(BF10:BF13) -> 0
B16: Fund disbursement and progress on non-investment project activities (add or delete rows as needed) | Q16: Reporting Period From: | S16: MM/YYYY | T16: To: | U16: MM/YYYY | X16: Implementation From: | Z16: MM/YYYY | AA16: To: | AB16: MM/YYYY | AC16: Reporting Period From: | AE16: MM/YYYY | AF16: To: | AG16: MM/YYYY | AI16: MM/YYYY | AJ16: Implementation From: | AL16: MM/YYYY | AM16: To: | AN16: MM/YYYY | AO16: Reporting Period From: | AQ16: MM/YYYY | AR16: To: | AS16: MM/YYYY | AU16: MM/YYYY | AV16: Implementation From: | AX16: MM/YYYY | AY16: To: | AZ16: MM/YYYY | BA16: Reporting Period From: | BC16: MM/YYYY | BD16: To: | BE16: MM/YYYY | BG16: MM/YYYY
B17: Component & Activity Title | C17: Subactivity Description | D17: Implementing Agency | E17: IA Role | F17: =F2 -> KIP Stage I Summary | Q17: =Q2 -> KIP Stage I - First Tranche Reporting | X17: =X2 -> Kigali HFC Implementation Plan (stage I, second tranche) - Request for Funding | AC17: =AC2 -> KIP Stage I - Second Tranche Reporting | AJ17: =AJ2 -> Kigali HFC Implementation Plan (stage I, third tranche) - Request for Funding | AO17: =AO2 -> KIP Stage I - Third Tranche Reporting | AV17: =AV2 -> Kigali HFC Implementation Plan (stage I, fourth tranche) - Request for Funding | BA17: =BA2 -> KIP Stage I - Fourth Tranche Reporting
K18: (US $) | L18: (US $) | M18: (US $) | N18: (%) | O18: Completed | P18: Ongoing | Q18: (US $) | R18: (US $) | S18: (US $) | T18: (%) | U18: for Agency use only | W18: Activities and targets completed for the tranche | X18: Activity continued from previous tranche? | Y18: (US $) | Z18: (US $) | AA18: (US $) | AB18: Activities remaining to be implemented during the next tranche | AC18: (US $) | AD18: (US $) | AE18: (US $) | AF18: (%) | AG18: for Agency use only | AI18: Activities and targets completed for the tranche | AJ18: Activity continued from previous tranche? | AK18: (US $) | AL18: (US $) | AM18: (US $) | AN18: Activities remaining to be implemented during the next tranche | AO18: (US $) | AP18: (US $) | AQ18: (US $) | AR18: (%) | AS18: for Agency use only | AU18: Activities and targets completed for the tranche | AV18: Activity continued from previous tranche? | AW18: (US $) | AX18: (US $) | AY18: (US $) | AZ18: Activities remaining to be implemented during the next tranche | BA18: (US $) | BB18: (US $) | BC18: (US $) | BD18: (%) | BE18: for Agency use only | BG18: Activities and targets completed for the tranche
F19: Overall funds for Stage I Approved in Principle | G19: Tranche 1 | H19: Tranche 2 | I19: Tranche 3 | J19: Tranche 4 | K19: Cumulative Amount Approved | L19: Cumulative Amount Disbursed | M19: Cumulative Balance | N19: Cumulative Disburse-ment Rate | Q19: Approved for Tranche | R19: Disbursed for Tranche | S19: Tranche Balance | T19: Tranche Disbursement Rate | U19: Committed for Tranche | V19: Tranche Balance with Committed | Y19: Funding requested | Z19: Balance of funds remaining to be disbursed from previous tranche | AA19: Total budget planned during implementation period | AC19: Approved for Tranche | AD19: Disbursed for Tranche | AE19: Tranche Balance | AF19: Tranche Disbursement Rate | AG19: Committed for Tranche | AH19: Tranche Balance with Committed | AK19: Funding requested | AL19: Balance of funds remaining to be disbursed from previous tranche | AM19: Total budget planned during implementation period | AO19: Approved for Tranche | AP19: Disbursed for Tranche | AQ19: Tranche Balance | AR19: Tranche Disbursement Rate | AS19: Committed for Tranche | AT19: Tranche Balance with Committed | AW19: Funding requested | AX19: Balance of funds remaining to be disbursed from previous tranche | AY19: Total budget planned during implementation period | BA19: Approved for Tranche | BB19: Disbursed for Tranche | BC19: Tranche Balance | BD19: Tranche Disbursement Rate | BE19: Committed for Tranche | BF19: Tranche Balance with Committed
B20: Component 1: | Q20: =$B20 -> Component 1: | X20: =$B20 -> Component 1: | AJ20: =$B20 -> Component 1: | AV20: =$B20 -> Component 1:
B21: Activity 1.1: | C21: 1.1.1: | K21: =Q21+AC21+AO21 -> 0 | L21: =R21+AD21+AP21 -> 0 | M21: =S21+AE21+AQ21 -> 0 | N21: =L21/K21 -> #DIV/0! | O21: FALSE | P21: FALSE | S21: =Q21-R21 -> 0 | T21: =R21/Q21 -> #DIV/0! | V21: =S21-U21 -> 0 | X21: FALSE | Z21: =S21 -> 0 | AA21: =Y21+Z21 -> 0 | AC21: =Y21 -> 0 | AE21: =AC21-AD21 -> 0 | AF21: =AD21/AC21 -> #DIV/0! | AH21: =AE21-AG21 -> 0 | AJ21: FALSE | AL21: =AE21+S21 -> 0 | AM21: =AK21+AL21 -> 0 | AO21: =AK21 -> 0 | AQ21: =AO21-AP21 -> 0 | AR21: =AP21/AO21 -> #DIV/0! | AT21: =AQ21-AS21 -> 0 | AV21: FALSE | AX21: =AQ21+AE21 -> 0 | AY21: =AW21+AX21 -> 0 | BA21: =AW21 -> 0 | BC21: =BA21-BB21 -> 0 | BD21: =BB21/BA21 -> #DIV/0! | BF21: =BC21-BE21 -> 0
C22: 1.1.2: | K22: =Q22+AC22+AO22 -> 0 | L22: =R22+AD22+AP22 -> 0 | M22: =S22+AE22+AQ22 -> 0 | N22: =L22/K22 -> #DIV/0! | O22: FALSE | P22: FALSE | S22: =Q22-R22 -> 0 | T22: =R22/Q22 -> #DIV/0! | V22: =S22-U22 -> 0 | X22: FALSE | Z22: =S22 -> 0 | AA22: =Y22+Z22 -> 0 | AC22: =Y22 -> 0 | AE22: =AC22-AD22 -> 0 | AF22: =AD22/AC22 -> #DIV/0! | AH22: =AE22-AG22 -> 0 | AJ22: FALSE | AL22: =AE22+S22 -> 0 | AM22: =AK22+AL22 -> 0 | AO22: =AK22 -> 0 | AQ22: =AO22-AP22 -> 0 | AR22: =AP22/AO22 -> #DIV/0! | AT22: =AQ22-AS22 -> 0 | AV22: FALSE | AX22: =AQ22+AE22 -> 0 | AY22: =AW22+AX22 -> 0 | BA22: =AW22 -> 0 | BC22: =BA22-BB22 -> 0 | BD22: =BB22/BA22 -> #DIV/0! | BF22: =BC22-BE22 -> 0
C23: 1.1.3: | K23: =Q23+AC23+AO23 -> 0 | L23: =R23+AD23+AP23 -> 0 | M23: =S23+AE23+AQ23 -> 0 | N23: =L23/K23 -> #DIV/0! | O23: FALSE | P23: FALSE | S23: =Q23-R23 -> 0 | T23: =R23/Q23 -> #DIV/0! | V23: =S23-U23 -> 0 | X23: FALSE | Z23: =S23 -> 0 | AA23: =Y23+Z23 -> 0 | AC23: =Y23 -> 0 | AE23: =AC23-AD23 -> 0 | AF23: =AD23/AC23 -> #DIV/0! | AH23: =AE23-AG23 -> 0 | AJ23: FALSE | AL23: =AE23+S23 -> 0 | AM23: =AK23+AL23 -> 0 | AO23: =AK23 -> 0 | AQ23: =AO23-AP23 -> 0 | AR23: =AP23/AO23 -> #DIV/0! | AT23: =AQ23-AS23 -> 0 | AV23: FALSE | AX23: =AQ23+AE23 -> 0 | AY23: =AW23+AX23 -> 0 | BA23: =AW23 -> 0 | BC23: =BA23-BB23 -> 0 | BD23: =BB23/BA23 -> #DIV/0! | BF23: =BC23-BE23 -> 0
B24: Activity 1.2: | C24: 1.2.1: | K24: =Q24+AC24+AO24 -> 0 | L24: =R24+AD24+AP24 -> 0 | M24: =S24+AE24+AQ24 -> 0 | N24: =L24/K24 -> #DIV/0! | O24: FALSE | P24: FALSE | S24: =Q24-R24 -> 0 | T24: =R24/Q24 -> #DIV/0! | V24: =S24-U24 -> 0 | X24: FALSE | Z24: =S24 -> 0 | AA24: =Y24+Z24 -> 0 | AC24: =Y24 -> 0 | AE24: =AC24-AD24 -> 0 | AF24: =AD24/AC24 -> #DIV/0! | AH24: =AE24-AG24 -> 0 | AJ24: FALSE | AL24: =AE24+S24 -> 0 | AM24: =AK24+AL24 -> 0 | AO24: =AK24 -> 0 | AQ24: =AO24-AP24 -> 0 | AR24: =AP24/AO24 -> #DIV/0! | AT24: =AQ24-AS24 -> 0 | AV24: FALSE | AX24: =AQ24+AE24 -> 0 | AY24: =AW24+AX24 -> 0 | BA24: =AW24 -> 0 | BC24: =BA24-BB24 -> 0 | BD24: =BB24/BA24 -> #DIV/0! | BF24: =BC24-BE24 -> 0
C25: 1.2.2: | K25: =Q25+AC25+AO25 -> 0 | L25: =R25+AD25+AP25 -> 0 | M25: =S25+AE25+AQ25 -> 0 | N25: =L25/K25 -> #DIV/0! | O25: FALSE | P25: FALSE | S25: =Q25-R25 -> 0 | T25: =R25/Q25 -> #DIV/0! | V25: =S25-U25 -> 0 | X25: FALSE | Z25: =S25 -> 0 | AA25: =Y25+Z25 -> 0 | AC25: =Y25 -> 0 | AE25: =AC25-AD25 -> 0 | AF25: =AD25/AC25 -> #DIV/0! | AH25: =AE25-AG25 -> 0 | AJ25: FALSE | AL25: =AE25+S25 -> 0 | AM25: =AK25+AL25 -> 0 | AO25: =AK25 -> 0 | AQ25: =AO25-AP25 -> 0 | AR25: =AP25/AO25 -> #DIV/0! | AT25: =AQ25-AS25 -> 0 | AV25: FALSE | AX25: =AQ25+AE25 -> 0 | AY25: =AW25+AX25 -> 0 | BA25: =AW25 -> 0 | BC25: =BA25-BB25 -> 0 | BD25: =BB25/BA25 -> #DIV/0! | BF25: =BC25-BE25 -> 0
C26: 1.2.3: | K26: =Q26+AC26+AO26 -> 0 | L26: =R26+AD26+AP26 -> 0 | M26: =S26+AE26+AQ26 -> 0 | N26: =L26/K26 -> #DIV/0! | O26: FALSE | P26: FALSE | S26: =Q26-R26 -> 0 | T26: =R26/Q26 -> #DIV/0! | V26: =S26-U26 -> 0 | X26: FALSE | Z26: =S26 -> 0 | AA26: =Y26+Z26 -> 0 | AC26: =Y26 -> 0 | AE26: =AC26-AD26 -> 0 | AF26: =AD26/AC26 -> #DIV/0! | AH26: =AE26-AG26 -> 0 | AJ26: FALSE | AL26: =AE26+S26 -> 0 | AM26: =AK26+AL26 -> 0 | AO26: =AK26 -> 0 | AQ26: =AO26-AP26 -> 0 | AR26: =AP26/AO26 -> #DIV/0! | AT26: =AQ26-AS26 -> 0 | AV26: FALSE | AX26: =AQ26+AE26 -> 0 | AY26: =AW26+AX26 -> 0 | BA26: =AW26 -> 0 | BC26: =BA26-BB26 -> 0 | BD26: =BB26/BA26 -> #DIV/0! | BF26: =BC26-BE26 -> 0
B27: Activity 1.3: | C27: 1.3.1: | K27: =Q27+AC27+AO27 -> 0 | L27: =R27+AD27+AP27 -> 0 | M27: =S27+AE27+AQ27 -> 0 | N27: =L27/K27 -> #DIV/0! | O27: FALSE | P27: FALSE | S27: =Q27-R27 -> 0 | T27: =R27/Q27 -> #DIV/0! | V27: =S27-U27 -> 0 | X27: FALSE | Z27: =S27 -> 0 | AA27: =Y27+Z27 -> 0 | AC27: =Y27 -> 0 | AE27: =AC27-AD27 -> 0 | AF27: =AD27/AC27 -> #DIV/0! | AH27: =AE27-AG27 -> 0 | AJ27: FALSE | AL27: =AE27+S27 -> 0 | AM27: =AK27+AL27 -> 0 | AO27: =AK27 -> 0 | AQ27: =AO27-AP27 -> 0 | AR27: =AP27/AO27 -> #DIV/0! | AT27: =AQ27-AS27 -> 0 | AV27: FALSE | AX27: =AQ27+AE27 -> 0 | AY27: =AW27+AX27 -> 0 | BA27: =AW27 -> 0 | BC27: =BA27-BB27 -> 0 | BD27: =BB27/BA27 -> #DIV/0! | BF27: =BC27-BE27 -> 0
C28: 1.3.2: | K28: =Q28+AC28+AO28 -> 0 | L28: =R28+AD28+AP28 -> 0 | M28: =S28+AE28+AQ28 -> 0 | N28: =L28/K28 -> #DIV/0! | O28: FALSE | P28: FALSE | S28: =Q28-R28 -> 0 | T28: =R28/Q28 -> #DIV/0! | V28: =S28-U28 -> 0 | X28: FALSE | Z28: =S28 -> 0 | AA28: =Y28+Z28 -> 0 | AC28: =Y28 -> 0 | AE28: =AC28-AD28 -> 0 | AF28: =AD28/AC28 -> #DIV/0! | AH28: =AE28-AG28 -> 0 | AJ28: FALSE | AL28: =AE28+S28 -> 0 | AM28: =AK28+AL28 -> 0 | AO28: =AK28 -> 0 | AQ28: =AO28-AP28 -> 0 | AR28: =AP28/AO28 -> #DIV/0! | AT28: =AQ28-AS28 -> 0 | AV28: FALSE | AX28: =AQ28+AE28 -> 0 | AY28: =AW28+AX28 -> 0 | BA28: =AW28 -> 0 | BC28: =BA28-BB28 -> 0 | BD28: =BB28/BA28 -> #DIV/0! | BF28: =BC28-BE28 -> 0
C29: 1.3.3: | K29: =Q29+AC29+AO29 -> 0 | L29: =R29+AD29+AP29 -> 0 | M29: =S29+AE29+AQ29 -> 0 | N29: =L29/K29 -> #DIV/0! | O29: FALSE | P29: FALSE | S29: =Q29-R29 -> 0 | T29: =R29/Q29 -> #DIV/0! | V29: =S29-U29 -> 0 | X29: FALSE | Z29: =S29 -> 0 | AA29: =Y29+Z29 -> 0 | AC29: =Y29 -> 0 | AE29: =AC29-AD29 -> 0 | AF29: =AD29/AC29 -> #DIV/0! | AH29: =AE29-AG29 -> 0 | AJ29: FALSE | AL29: =AE29+S29 -> 0 | AM29: =AK29+AL29 -> 0 | AO29: =AK29 -> 0 | AQ29: =AO29-AP29 -> 0 | AR29: =AP29/AO29 -> #DIV/0! | AT29: =AQ29-AS29 -> 0 | AV29: FALSE | AX29: =AQ29+AE29 -> 0 | AY29: =AW29+AX29 -> 0 | BA29: =AW29 -> 0 | BC29: =BA29-BB29 -> 0 | BD29: =BB29/BA29 -> #DIV/0! | BF29: =BC29-BE29 -> 0
B30: Component 1 Subtotal | F30: =SUBTOTAL(9,F21:F29) -> 0 | K30: =SUBTOTAL(9,K23:K29) -> 0 | L30: =SUBTOTAL(9,L23:L29) -> 0 | M30: =SUBTOTAL(9,M23:M29) -> 0 | N30: =L30/K30 -> #DIV/0! | Q30: =SUBTOTAL(9,Q21:Q29) -> 0 | R30: =SUBTOTAL(9,R21:R29) -> 0 | S30: =SUBTOTAL(9,S21:S29) -> 0 | T30: =R30/Q30 -> #DIV/0! | U30: =SUBTOTAL(9,U21:U29) -> 0 | V30: =SUBTOTAL(9,V21:V29) -> 0 | Y30: =SUBTOTAL(9,Y21:Y29) -> 0 | Z30: =SUBTOTAL(9,Z21:Z29) -> 0 | AA30: =SUBTOTAL(9,AA21:AA29) -> 0 | AC30: =SUBTOTAL(9,AC21:AC29) -> 0 | AD30: =SUBTOTAL(9,AD21:AD29) -> 0 | AE30: =SUBTOTAL(9,AE21:AE29) -> 0 | AF30: =AD30/AC30 -> #DIV/0! | AG30: =SUBTOTAL(9,AG21:AG29) -> 0 | AH30: =SUBTOTAL(9,AH21:AH29) -> 0 | AK30: =SUBTOTAL(9,AK21:AK29) -> 0 | AL30: =SUBTOTAL(9,AL21:AL29) -> 0 | AM30: =SUBTOTAL(9,AM21:AM29) -> 0 | AO30: =SUBTOTAL(9,AO21:AO29) -> 0 | AP30: =SUBTOTAL(9,AP21:AP29) -> 0 | AQ30: =SUBTOTAL(9,AQ21:AQ29) -> 0 | AR30: =AP30/AO30 -> #DIV/0! | AS30: =SUBTOTAL(9,AS21:AS29) -> 0 | AT30: =SUBTOTAL(9,AT21:AT29) -> 0 | AW30: =SUBTOTAL(9,AW21:AW29) -> 0 | AX30: =SUBTOTAL(9,AX21:AX29) -> 0 | AY30: =SUBTOTAL(9,AY21:AY29) -> 0 | BA30: =SUBTOTAL(9,BA21:BA29) -> 0 | BB30: =SUBTOTAL(9,BB21:BB29) -> 0 | BC30: =SUBTOTAL(9,BC21:BC29) -> 0 | BD30: =BB30/BA30 -> #DIV/0! | BE30: =SUBTOTAL(9,BE21:BE29) -> 0 | BF30: =SUBTOTAL(9,BF21:BF29) -> 0
B31: Component 2: | Q31: =$B31 -> Component 2: | X31: =$B31 -> Component 2: | AJ31: =$B31 -> Component 2: | AV31: =$B31 -> Component 2:
B32: Activity 2.1: | C32: 2.1.1: | K32: =Q32+AC32+AO32 -> 0 | L32: =R32+AD32+AP32 -> 0 | M32: =S32+AE32+AQ32 -> 0 | N32: =L32/K32 -> #DIV/0! | O32: FALSE | P32: FALSE | S32: =Q32-R32 -> 0 | T32: =R32/Q32 -> #DIV/0! | V32: =S32-U32 -> 0 | X32: FALSE | Z32: =S32 -> 0 | AA32: =Y32+Z32 -> 0 | AC32: =Y32 -> 0 | AE32: =AC32-AD32 -> 0 | AF32: =AD32/AC32 -> #DIV/0! | AH32: =AE32-AG32 -> 0 | AJ32: FALSE | AL32: =AE32+S32 -> 0 | AM32: =AK32+AL32 -> 0 | AO32: =AK32 -> 0 | AQ32: =AO32-AP32 -> 0 | AR32: =AP32/AO32 -> #DIV/0! | AT32: =AQ32-AS32 -> 0 | AV32: FALSE | AX32: =AQ32+AE32 -> 0 | AY32: =AW32+AX32 -> 0 | BA32: =AW32 -> 0 | BC32: =BA32-BB32 -> 0 | BD32: =BB32/BA32 -> #DIV/0! | BF32: =BC32-BE32 -> 0
C33: 2.1.2: | K33: =Q33+AC33+AO33 -> 0 | L33: =R33+AD33+AP33 -> 0 | M33: =S33+AE33+AQ33 -> 0 | N33: =L33/K33 -> #DIV/0! | O33: FALSE | P33: FALSE | S33: =Q33-R33 -> 0 | T33: =R33/Q33 -> #DIV/0! | V33: =S33-U33 -> 0 | X33: FALSE | Z33: =S33 -> 0 | AA33: =Y33+Z33 -> 0 | AC33: =Y33 -> 0 | AE33: =AC33-AD33 -> 0 | AF33: =AD33/AC33 -> #DIV/0! | AH33: =AE33-AG33 -> 0 | AJ33: FALSE | AL33: =AE33+S33 -> 0 | AM33: =AK33+AL33 -> 0 | AO33: =AK33 -> 0 | AQ33: =AO33-AP33 -> 0 | AR33: =AP33/AO33 -> #DIV/0! | AT33: =AQ33-AS33 -> 0 | AV33: FALSE | AX33: =AQ33+AE33 -> 0 | AY33: =AW33+AX33 -> 0 | BA33: =AW33 -> 0 | BC33: =BA33-BB33 -> 0 | BD33: =BB33/BA33 -> #DIV/0! | BF33: =BC33-BE33 -> 0
C34: 2.1.3: | K34: =Q34+AC34+AO34 -> 0 | L34: =R34+AD34+AP34 -> 0 | M34: =S34+AE34+AQ34 -> 0 | N34: =L34/K34 -> #DIV/0! | O34: FALSE | P34: FALSE | S34: =Q34-R34 -> 0 | T34: =R34/Q34 -> #DIV/0! | V34: =S34-U34 -> 0 | X34: FALSE | Z34: =S34 -> 0 | AA34: =Y34+Z34 -> 0 | AC34: =Y34 -> 0 | AE34: =AC34-AD34 -> 0 | AF34: =AD34/AC34 -> #DIV/0! | AH34: =AE34-AG34 -> 0 | AJ34: FALSE | AL34: =AE34+S34 -> 0 | AM34: =AK34+AL34 -> 0 | AO34: =AK34 -> 0 | AQ34: =AO34-AP34 -> 0 | AR34: =AP34/AO34 -> #DIV/0! | AT34: =AQ34-AS34 -> 0 | AV34: FALSE | AX34: =AQ34+AE34 -> 0 | AY34: =AW34+AX34 -> 0 | BA34: =AW34 -> 0 | BC34: =BA34-BB34 -> 0 | BD34: =BB34/BA34 -> #DIV/0! | BF34: =BC34-BE34 -> 0
B35: Activity 2.2: | C35: 2.2.1: | K35: =Q35+AC35+AO35 -> 0 | L35: =R35+AD35+AP35 -> 0 | M35: =S35+AE35+AQ35 -> 0 | N35: =L35/K35 -> #DIV/0! | O35: FALSE | P35: FALSE | S35: =Q35-R35 -> 0 | T35: =R35/Q35 -> #DIV/0! | V35: =S35-U35 -> 0 | X35: FALSE | Z35: =S35 -> 0 | AA35: =Y35+Z35 -> 0 | AC35: =Y35 -> 0 | AE35: =AC35-AD35 -> 0 | AF35: =AD35/AC35 -> #DIV/0! | AH35: =AE35-AG35 -> 0 | AJ35: FALSE | AL35: =AE35+S35 -> 0 | AM35: =AK35+AL35 -> 0 | AO35: =AK35 -> 0 | AQ35: =AO35-AP35 -> 0 | AR35: =AP35/AO35 -> #DIV/0! | AT35: =AQ35-AS35 -> 0 | AV35: FALSE | AX35: =AQ35+AE35 -> 0 | AY35: =AW35+AX35 -> 0 | BA35: =AW35 -> 0 | BC35: =BA35-BB35 -> 0 | BD35: =BB35/BA35 -> #DIV/0! | BF35: =BC35-BE35 -> 0
C36: 2.2.2: | K36: =Q36+AC36+AO36 -> 0 | L36: =R36+AD36+AP36 -> 0 | M36: =S36+AE36+AQ36 -> 0 | N36: =L36/K36 -> #DIV/0! | O36: FALSE | P36: FALSE | S36: =Q36-R36 -> 0 | T36: =R36/Q36 -> #DIV/0! | V36: =S36-U36 -> 0 | X36: FALSE | Z36: =S36 -> 0 | AA36: =Y36+Z36 -> 0 | AC36: =Y36 -> 0 | AE36: =AC36-AD36 -> 0 | AF36: =AD36/AC36 -> #DIV/0! | AH36: =AE36-AG36 -> 0 | AJ36: FALSE | AL36: =AE36+S36 -> 0 | AM36: =AK36+AL36 -> 0 | AO36: =AK36 -> 0 | AQ36: =AO36-AP36 -> 0 | AR36: =AP36/AO36 -> #DIV/0! | AT36: =AQ36-AS36 -> 0 | AV36: FALSE | AX36: =AQ36+AE36 -> 0 | AY36: =AW36+AX36 -> 0 | BA36: =AW36 -> 0 | BC36: =BA36-BB36 -> 0 | BD36: =BB36/BA36 -> #DIV/0! | BF36: =BC36-BE36 -> 0
C37: 2.2.3: | K37: =Q37+AC37+AO37 -> 0 | L37: =R37+AD37+AP37 -> 0 | M37: =S37+AE37+AQ37 -> 0 | N37: =L37/K37 -> #DIV/0! | O37: FALSE | P37: FALSE | S37: =Q37-R37 -> 0 | T37: =R37/Q37 -> #DIV/0! | V37: =S37-U37 -> 0 | X37: FALSE | Z37: =S37 -> 0 | AA37: =Y37+Z37 -> 0 | AC37: =Y37 -> 0 | AE37: =AC37-AD37 -> 0 | AF37: =AD37/AC37 -> #DIV/0! | AH37: =AE37-AG37 -> 0 | AJ37: FALSE | AL37: =AE37+S37 -> 0 | AM37: =AK37+AL37 -> 0 | AO37: =AK37 -> 0 | AQ37: =AO37-AP37 -> 0 | AR37: =AP37/AO37 -> #DIV/0! | AT37: =AQ37-AS37 -> 0 | AV37: FALSE | AX37: =AQ37+AE37 -> 0 | AY37: =AW37+AX37 -> 0 | BA37: =AW37 -> 0 | BC37: =BA37-BB37 -> 0 | BD37: =BB37/BA37 -> #DIV/0! | BF37: =BC37-BE37 -> 0
B38: Activity 2.3: | C38: 2.3.1: | K38: =Q38+AC38+AO38 -> 0 | L38: =R38+AD38+AP38 -> 0 | M38: =S38+AE38+AQ38 -> 0 | N38: =L38/K38 -> #DIV/0! | O38: FALSE | P38: FALSE | S38: =Q38-R38 -> 0 | T38: =R38/Q38 -> #DIV/0! | V38: =S38-U38 -> 0 | X38: FALSE | Z38: =S38 -> 0 | AA38: =Y38+Z38 -> 0 | AC38: =Y38 -> 0 | AE38: =AC38-AD38 -> 0 | AF38: =AD38/AC38 -> #DIV/0! | AH38: =AE38-AG38 -> 0 | AJ38: FALSE | AL38: =AE38+S38 -> 0 | AM38: =AK38+AL38 -> 0 | AO38: =AK38 -> 0 | AQ38: =AO38-AP38 -> 0 | AR38: =AP38/AO38 -> #DIV/0! | AT38: =AQ38-AS38 -> 0 | AV38: FALSE | AX38: =AQ38+AE38 -> 0 | AY38: =AW38+AX38 -> 0 | BA38: =AW38 -> 0 | BC38: =BA38-BB38 -> 0 | BD38: =BB38/BA38 -> #DIV/0! | BF38: =BC38-BE38 -> 0
C39: 2.3.2: | K39: =Q39+AC39+AO39 -> 0 | L39: =R39+AD39+AP39 -> 0 | M39: =S39+AE39+AQ39 -> 0 | N39: =L39/K39 -> #DIV/0! | O39: FALSE | P39: FALSE | S39: =Q39-R39 -> 0 | T39: =R39/Q39 -> #DIV/0! | V39: =S39-U39 -> 0 | X39: FALSE | Z39: =S39 -> 0 | AA39: =Y39+Z39 -> 0 | AC39: =Y39 -> 0 | AE39: =AC39-AD39 -> 0 | AF39: =AD39/AC39 -> #DIV/0! | AH39: =AE39-AG39 -> 0 | AJ39: FALSE | AL39: =AE39+S39 -> 0 | AM39: =AK39+AL39 -> 0 | AO39: =AK39 -> 0 | AQ39: =AO39-AP39 -> 0 | AR39: =AP39/AO39 -> #DIV/0! | AT39: =AQ39-AS39 -> 0 | AV39: FALSE | AX39: =AQ39+AE39 -> 0 | AY39: =AW39+AX39 -> 0 | BA39: =AW39 -> 0 | BC39: =BA39-BB39 -> 0 | BD39: =BB39/BA39 -> #DIV/0! | BF39: =BC39-BE39 -> 0
C40: 2.3.3: | K40: =Q40+AC40+AO40 -> 0 | L40: =R40+AD40+AP40 -> 0 | M40: =S40+AE40+AQ40 -> 0 | N40: =L40/K40 -> #DIV/0! | O40: FALSE | P40: FALSE | S40: =Q40-R40 -> 0 | T40: =R40/Q40 -> #DIV/0! | V40: =S40-U40 -> 0 | X40: FALSE | Z40: =S40 -> 0 | AA40: =Y40+Z40 -> 0 | AC40: =Y40 -> 0 | AE40: =AC40-AD40 -> 0 | AF40: =AD40/AC40 -> #DIV/0! | AH40: =AE40-AG40 -> 0 | AJ40: FALSE | AL40: =AE40+S40 -> 0 | AM40: =AK40+AL40 -> 0 | AO40: =AK40 -> 0 | AQ40: =AO40-AP40 -> 0 | AR40: =AP40/AO40 -> #DIV/0! | AT40: =AQ40-AS40 -> 0 | AV40: FALSE | AX40: =AQ40+AE40 -> 0 | AY40: =AW40+AX40 -> 0 | BA40: =AW40 -> 0 | BC40: =BA40-BB40 -> 0 | BD40: =BB40/BA40 -> #DIV/0! | BF40: =BC40-BE40 -> 0
B41: Component 2 Subtotal | F41: =SUBTOTAL(9,F32:F40) -> 0 | K41: =SUBTOTAL(9,K32:K40) -> 0 | L41: =SUBTOTAL(9,L32:L40) -> 0 | M41: =SUBTOTAL(9,M32:M40) -> 0 | N41: =L41/K41 -> #DIV/0! | Q41: =SUBTOTAL(9,Q32:Q40) -> 0 | R41: =SUBTOTAL(9,R32:R40) -> 0 | S41: =SUBTOTAL(9,S32:S40) -> 0 | T41: =R41/Q41 -> #DIV/0! | U41: =SUBTOTAL(9,U32:U40) -> 0 | V41: =SUBTOTAL(9,V32:V40) -> 0 | Y41: =SUBTOTAL(9,Y32:Y40) -> 0 | Z41: =SUBTOTAL(9,Z32:Z40) -> 0 | AA41: =SUBTOTAL(9,AA32:AA40) -> 0 | AC41: =SUBTOTAL(9,AC32:AC40) -> 0 | AD41: =SUBTOTAL(9,AD32:AD40) -> 0 | AE41: =SUBTOTAL(9,AE32:AE40) -> 0 | AF41: =AD41/AC41 -> #DIV/0! | AG41: =SUBTOTAL(9,AG32:AG40) -> 0 | AH41: =SUBTOTAL(9,AH32:AH40) -> 0 | AK41: =SUBTOTAL(9,AK32:AK40) -> 0 | AL41: =SUBTOTAL(9,AL32:AL40) -> 0 | AM41: =SUBTOTAL(9,AM32:AM40) -> 0 | AO41: =SUBTOTAL(9,AO32:AO40) -> 0 | AP41: =SUBTOTAL(9,AP32:AP40) -> 0 | AQ41: =SUBTOTAL(9,AQ32:AQ40) -> 0 | AR41: =AP41/AO41 -> #DIV/0! | AS41: =SUBTOTAL(9,AS32:AS40) -> 0 | AT41: =SUBTOTAL(9,AT32:AT40) -> 0 | AW41: =SUBTOTAL(9,AW32:AW40) -> 0 | AX41: =SUBTOTAL(9,AX32:AX40) -> 0 | AY41: =SUBTOTAL(9,AY32:AY40) -> 0 | BA41: =SUBTOTAL(9,BA32:BA40) -> 0 | BB41: =SUBTOTAL(9,BB32:BB40) -> 0 | BC41: =SUBTOTAL(9,BC32:BC40) -> 0 | BD41: =BB41/BA41 -> #DIV/0! | BE41: =SUBTOTAL(9,BE32:BE40) -> 0 | BF41: =SUBTOTAL(9,BF32:BF40) -> 0
B42: Component 3: | Q42: =$B42 -> Component 3: | X42: =$B42 -> Component 3: | AJ42: =$B42 -> Component 3: | AV42: =$B42 -> Component 3:
B43: Activity 3.1: | C43: 3.1.1: | K43: =Q43+AC43+AO43 -> 0 | L43: =R43+AD43+AP43 -> 0 | M43: =S43+AE43+AQ43 -> 0 | N43: =L43/K43 -> #DIV/0! | O43: FALSE | P43: FALSE | S43: =Q43-R43 -> 0 | T43: =R43/Q43 -> #DIV/0! | V43: =S43-U43 -> 0 | X43: FALSE | Z43: =S43 -> 0 | AA43: =Y43+Z43 -> 0 | AC43: =Y43 -> 0 | AE43: =AC43-AD43 -> 0 | AF43: =AD43/AC43 -> #DIV/0! | AH43: =AE43-AG43 -> 0 | AJ43: FALSE | AL43: =AE43+S43 -> 0 | AM43: =AK43+AL43 -> 0 | AO43: =AK43 -> 0 | AQ43: =AO43-AP43 -> 0 | AR43: =AP43/AO43 -> #DIV/0! | AT43: =AQ43-AS43 -> 0 | AV43: FALSE | AX43: =AQ43+AE43 -> 0 | AY43: =AW43+AX43 -> 0 | BA43: =AW43 -> 0 | BC43: =BA43-BB43 -> 0 | BD43: =BB43/BA43 -> #DIV/0! | BF43: =BC43-BE43 -> 0
C44: 3.1.2: | K44: =Q44+AC44+AO44 -> 0 | L44: =R44+AD44+AP44 -> 0 | M44: =S44+AE44+AQ44 -> 0 | N44: =L44/K44 -> #DIV/0! | O44: FALSE | P44: FALSE | S44: =Q44-R44 -> 0 | T44: =R44/Q44 -> #DIV/0! | V44: =S44-U44 -> 0 | X44: FALSE | Z44: =S44 -> 0 | AA44: =Y44+Z44 -> 0 | AC44: =Y44 -> 0 | AE44: =AC44-AD44 -> 0 | AF44: =AD44/AC44 -> #DIV/0! | AH44: =AE44-AG44 -> 0 | AJ44: FALSE | AL44: =AE44+S44 -> 0 | AM44: =AK44+AL44 -> 0 | AO44: =AK44 -> 0 | AQ44: =AO44-AP44 -> 0 | AR44: =AP44/AO44 -> #DIV/0! | AT44: =AQ44-AS44 -> 0 | AV44: FALSE | AX44: =AQ44+AE44 -> 0 | AY44: =AW44+AX44 -> 0 | BA44: =AW44 -> 0 | BC44: =BA44-BB44 -> 0 | BD44: =BB44/BA44 -> #DIV/0! | BF44: =BC44-BE44 -> 0
C45: 3.1.3: | K45: =Q45+AC45+AO45 -> 0 | L45: =R45+AD45+AP45 -> 0 | M45: =S45+AE45+AQ45 -> 0 | N45: =L45/K45 -> #DIV/0! | O45: FALSE | P45: FALSE | S45: =Q45-R45 -> 0 | T45: =R45/Q45 -> #DIV/0! | V45: =S45-U45 -> 0 | X45: FALSE | Z45: =S45 -> 0 | AA45: =Y45+Z45 -> 0 | AC45: =Y45 -> 0 | AE45: =AC45-AD45 -> 0 | AF45: =AD45/AC45 -> #DIV/0! | AH45: =AE45-AG45 -> 0 | AJ45: FALSE | AL45: =AE45+S45 -> 0 | AM45: =AK45+AL45 -> 0 | AO45: =AK45 -> 0 | AQ45: =AO45-AP45 -> 0 | AR45: =AP45/AO45 -> #DIV/0! | AT45: =AQ45-AS45 -> 0 | AV45: FALSE | AX45: =AQ45+AE45 -> 0 | AY45: =AW45+AX45 -> 0 | BA45: =AW45 -> 0 | BC45: =BA45-BB45 -> 0 | BD45: =BB45/BA45 -> #DIV/0! | BF45: =BC45-BE45 -> 0
B46: Activity 3.2: | C46: 3.2.1: | K46: =Q46+AC46+AO46 -> 0 | L46: =R46+AD46+AP46 -> 0 | M46: =S46+AE46+AQ46 -> 0 | N46: =L46/K46 -> #DIV/0! | O46: FALSE | P46: FALSE | S46: =Q46-R46 -> 0 | T46: =R46/Q46 -> #DIV/0! | V46: =S46-U46 -> 0 | X46: FALSE | Z46: =S46 -> 0 | AA46: =Y46+Z46 -> 0 | AC46: =Y46 -> 0 | AE46: =AC46-AD46 -> 0 | AF46: =AD46/AC46 -> #DIV/0! | AH46: =AE46-AG46 -> 0 | AJ46: FALSE | AL46: =AE46+S46 -> 0 | AM46: =AK46+AL46 -> 0 | AO46: =AK46 -> 0 | AQ46: =AO46-AP46 -> 0 | AR46: =AP46/AO46 -> #DIV/0! | AT46: =AQ46-AS46 -> 0 | AV46: FALSE | AX46: =AQ46+AE46 -> 0 | AY46: =AW46+AX46 -> 0 | BA46: =AW46 -> 0 | BC46: =BA46-BB46 -> 0 | BD46: =BB46/BA46 -> #DIV/0! | BF46: =BC46-BE46 -> 0
C47: 3.2.2: | K47: =Q47+AC47+AO47 -> 0 | L47: =R47+AD47+AP47 -> 0 | M47: =S47+AE47+AQ47 -> 0 | N47: =L47/K47 -> #DIV/0! | O47: FALSE | P47: FALSE | S47: =Q47-R47 -> 0 | T47: =R47/Q47 -> #DIV/0! | V47: =S47-U47 -> 0 | X47: FALSE | Z47: =S47 -> 0 | AA47: =Y47+Z47 -> 0 | AC47: =Y47 -> 0 | AE47: =AC47-AD47 -> 0 | AF47: =AD47/AC47 -> #DIV/0! | AH47: =AE47-AG47 -> 0 | AJ47: FALSE | AL47: =AE47+S47 -> 0 | AM47: =AK47+AL47 -> 0 | AO47: =AK47 -> 0 | AQ47: =AO47-AP47 -> 0 | AR47: =AP47/AO47 -> #DIV/0! | AT47: =AQ47-AS47 -> 0 | AV47: FALSE | AX47: =AQ47+AE47 -> 0 | AY47: =AW47+AX47 -> 0 | BA47: =AW47 -> 0 | BC47: =BA47-BB47 -> 0 | BD47: =BB47/BA47 -> #DIV/0! | BF47: =BC47-BE47 -> 0
C48: 3.2.3: | K48: =Q48+AC48+AO48 -> 0 | L48: =R48+AD48+AP48 -> 0 | M48: =S48+AE48+AQ48 -> 0 | N48: =L48/K48 -> #DIV/0! | O48: FALSE | P48: FALSE | S48: =Q48-R48 -> 0 | T48: =R48/Q48 -> #DIV/0! | V48: =S48-U48 -> 0 | X48: FALSE | Z48: =S48 -> 0 | AA48: =Y48+Z48 -> 0 | AC48: =Y48 -> 0 | AE48: =AC48-AD48 -> 0 | AF48: =AD48/AC48 -> #DIV/0! | AH48: =AE48-AG48 -> 0 | AJ48: FALSE | AL48: =AE48+S48 -> 0 | AM48: =AK48+AL48 -> 0 | AO48: =AK48 -> 0 | AQ48: =AO48-AP48 -> 0 | AR48: =AP48/AO48 -> #DIV/0! | AT48: =AQ48-AS48 -> 0 | AV48: FALSE | AX48: =AQ48+AE48 -> 0 | AY48: =AW48+AX48 -> 0 | BA48: =AW48 -> 0 | BC48: =BA48-BB48 -> 0 | BD48: =BB48/BA48 -> #DIV/0! | BF48: =BC48-BE48 -> 0
B49: Activity 3.3: | C49: 3.3.1: | K49: =Q49+AC49+AO49 -> 0 | L49: =R49+AD49+AP49 -> 0 | M49: =S49+AE49+AQ49 -> 0 | N49: =L49/K49 -> #DIV/0! | O49: FALSE | P49: FALSE | S49: =Q49-R49 -> 0 | T49: =R49/Q49 -> #DIV/0! | V49: =S49-U49 -> 0 | X49: FALSE | Z49: =S49 -> 0 | AA49: =Y49+Z49 -> 0 | AC49: =Y49 -> 0 | AE49: =AC49-AD49 -> 0 | AF49: =AD49/AC49 -> #DIV/0! | AH49: =AE49-AG49 -> 0 | AJ49: FALSE | AL49: =AE49+S49 -> 0 | AM49: =AK49+AL49 -> 0 | AO49: =AK49 -> 0 | AQ49: =AO49-AP49 -> 0 | AR49: =AP49/AO49 -> #DIV/0! | AT49: =AQ49-AS49 -> 0 | AV49: FALSE | AX49: =AQ49+AE49 -> 0 | AY49: =AW49+AX49 -> 0 | BA49: =AW49 -> 0 | BC49: =BA49-BB49 -> 0 | BD49: =BB49/BA49 -> #DIV/0! | BF49: =BC49-BE49 -> 0
C50: 3.3.2: | K50: =Q50+AC50+AO50 -> 0 | L50: =R50+AD50+AP50 -> 0 | M50: =S50+AE50+AQ50 -> 0 | N50: =L50/K50 -> #DIV/0! | O50: FALSE | P50: FALSE | S50: =Q50-R50 -> 0 | T50: =R50/Q50 -> #DIV/0! | V50: =S50-U50 -> 0 | X50: FALSE | Z50: =S50 -> 0 | AA50: =Y50+Z50 -> 0 | AC50: =Y50 -> 0 | AE50: =AC50-AD50 -> 0 | AF50: =AD50/AC50 -> #DIV/0! | AH50: =AE50-AG50 -> 0 | AJ50: FALSE | AL50: =AE50+S50 -> 0 | AM50: =AK50+AL50 -> 0 | AO50: =AK50 -> 0 | AQ50: =AO50-AP50 -> 0 | AR50: =AP50/AO50 -> #DIV/0! | AT50: =AQ50-AS50 -> 0 | AV50: FALSE | AX50: =AQ50+AE50 -> 0 | AY50: =AW50+AX50 -> 0 | BA50: =AW50 -> 0 | BC50: =BA50-BB50 -> 0 | BD50: =BB50/BA50 -> #DIV/0! | BF50: =BC50-BE50 -> 0
C51: 3.3.3: | K51: =Q51+AC51+AO51 -> 0 | L51: =R51+AD51+AP51 -> 0 | M51: =S51+AE51+AQ51 -> 0 | N51: =L51/K51 -> #DIV/0! | O51: FALSE | P51: FALSE | S51: =Q51-R51 -> 0 | T51: =R51/Q51 -> #DIV/0! | V51: =S51-U51 -> 0 | X51: FALSE | Z51: =S51 -> 0 | AA51: =Y51+Z51 -> 0 | AC51: =Y51 -> 0 | AE51: =AC51-AD51 -> 0 | AF51: =AD51/AC51 -> #DIV/0! | AH51: =AE51-AG51 -> 0 | AJ51: FALSE | AL51: =AE51+S51 -> 0 | AM51: =AK51+AL51 -> 0 | AO51: =AK51 -> 0 | AQ51: =AO51-AP51 -> 0 | AR51: =AP51/AO51 -> #DIV/0! | AT51: =AQ51-AS51 -> 0 | AV51: FALSE | AX51: =AQ51+AE51 -> 0 | AY51: =AW51+AX51 -> 0 | BA51: =AW51 -> 0 | BC51: =BA51-BB51 -> 0 | BD51: =BB51/BA51 -> #DIV/0! | BF51: =BC51-BE51 -> 0
B52: Component 3 Subtotal | F52: =SUBTOTAL(9,F43:F51) -> 0 | K52: =SUBTOTAL(9,K43:K51) -> 0 | L52: =SUBTOTAL(9,L43:L51) -> 0 | M52: =SUBTOTAL(9,M43:M51) -> 0 | N52: =L52/K52 -> #DIV/0! | Q52: =SUBTOTAL(9,Q43:Q51) -> 0 | R52: =SUBTOTAL(9,R43:R51) -> 0 | S52: =SUBTOTAL(9,S43:S51) -> 0 | T52: =R52/Q52 -> #DIV/0! | U52: =SUBTOTAL(9,U43:U51) -> 0 | V52: =SUBTOTAL(9,V43:V51) -> 0 | Y52: =SUBTOTAL(9,Y43:Y51) -> 0 | Z52: =SUBTOTAL(9,Z43:Z51) -> 0 | AA52: =SUBTOTAL(9,AA43:AA51) -> 0 | AC52: =SUBTOTAL(9,AC43:AC51) -> 0 | AD52: =SUBTOTAL(9,AD43:AD51) -> 0 | AE52: =SUBTOTAL(9,AE43:AE51) -> 0 | AF52: =AD52/AC52 -> #DIV/0! | AG52: =SUBTOTAL(9,AG43:AG51) -> 0 | AH52: =SUBTOTAL(9,AH43:AH51) -> 0 | AK52: =SUBTOTAL(9,AK43:AK51) -> 0 | AL52: =SUBTOTAL(9,AL43:AL51) -> 0 | AM52: =SUBTOTAL(9,AM43:AM51) -> 0 | AO52: =SUBTOTAL(9,AO43:AO51) -> 0 | AP52: =SUBTOTAL(9,AP43:AP51) -> 0 | AQ52: =SUBTOTAL(9,AQ43:AQ51) -> 0 | AR52: =AP52/AO52 -> #DIV/0! | AS52: =SUBTOTAL(9,AS43:AS51) -> 0 | AT52: =SUBTOTAL(9,AT43:AT51) -> 0 | AW52: =SUBTOTAL(9,AW43:AW51) -> 0 | AX52: =SUBTOTAL(9,AX43:AX51) -> 0 | AY52: =SUBTOTAL(9,AY43:AY51) -> 0 | BA52: =SUBTOTAL(9,BA43:BA51) -> 0 | BB52: =SUBTOTAL(9,BB43:BB51) -> 0 | BC52: =SUBTOTAL(9,BC43:BC51) -> 0 | BD52: =BB52/BA52 -> #DIV/0! | BE52: =SUBTOTAL(9,BE43:BE51) -> 0 | BF52: =SUBTOTAL(9,BF43:BF51) -> 0
B53: Other unplanned activities (if applicable) | Q53: =$B53 -> Other unplanned activities (if applicable) | X53: =$B53 -> Other unplanned activities (if applicable) | AJ53: =$B53 -> Other unplanned activities (if applicable) | AV53: =$B53 -> Other unplanned activities (if applicable)
B54: Activity 4.1: | C54: 4.1.1: | K54: =Q54+AC54+AO54 -> 0 | L54: =R54+AD54+AP54 -> 0 | M54: =S54+AE54+AQ54 -> 0 | N54: =L54/K54 -> #DIV/0! | O54: FALSE | P54: FALSE | S54: =Q54-R54 -> 0 | T54: =R54/Q54 -> #DIV/0! | V54: =S54-U54 -> 0 | X54: FALSE | Z54: =S54 -> 0 | AA54: =Y54+Z54 -> 0 | AC54: =Y54 -> 0 | AE54: =AC54-AD54 -> 0 | AF54: =AD54/AC54 -> #DIV/0! | AH54: =AE54-AG54 -> 0 | AJ54: FALSE | AL54: =AE54+S54 -> 0 | AM54: =AK54+AL54 -> 0 | AO54: =AK54 -> 0 | AQ54: =AO54-AP54 -> 0 | AR54: =AP54/AO54 -> #DIV/0! | AT54: =AQ54-AS54 -> 0 | AV54: FALSE | AX54: =AQ54+AE54 -> 0 | AY54: =AW54+AX54 -> 0 | BA54: =AW54 -> 0 | BC54: =BA54-BB54 -> 0 | BD54: =BB54/BA54 -> #DIV/0! | BF54: =BC54-BE54 -> 0
B55: Activity 4.2: | C55: 4.2.1: | K55: =Q55+AC55+AO55 -> 0 | L55: =R55+AD55+AP55 -> 0 | M55: =S55+AE55+AQ55 -> 0 | N55: =L55/K55 -> #DIV/0! | O55: FALSE | P55: FALSE | S55: =Q55-R55 -> 0 | T55: =R55/Q55 -> #DIV/0! | V55: =S55-U55 -> 0 | X55: FALSE | Z55: =S55 -> 0 | AA55: =Y55+Z55 -> 0 | AC55: =Y55 -> 0 | AE55: =AC55-AD55 -> 0 | AF55: =AD55/AC55 -> #DIV/0! | AH55: =AE55-AG55 -> 0 | AJ55: FALSE | AL55: =AE55+S55 -> 0 | AM55: =AK55+AL55 -> 0 | AO55: =AK55 -> 0 | AQ55: =AO55-AP55 -> 0 | AR55: =AP55/AO55 -> #DIV/0! | AT55: =AQ55-AS55 -> 0 | AV55: FALSE | AX55: =AQ55+AE55 -> 0 | AY55: =AW55+AX55 -> 0 | BA55: =AW55 -> 0 | BC55: =BA55-BB55 -> 0 | BD55: =BB55/BA55 -> #DIV/0! | BF55: =BC55-BE55 -> 0
B56: Activity 4.3: | C56: 4.3.1: | K56: =Q56+AC56+AO56 -> 0 | L56: =R56+AD56+AP56 -> 0 | M56: =S56+AE56+AQ56 -> 0 | N56: =L56/K56 -> #DIV/0! | O56: FALSE | P56: FALSE | S56: =Q56-R56 -> 0 | T56: =R56/Q56 -> #DIV/0! | V56: =S56-U56 -> 0 | X56: FALSE | Z56: =S56 -> 0 | AA56: =Y56+Z56 -> 0 | AC56: =Y56 -> 0 | AE56: =AC56-AD56 -> 0 | AF56: =AD56/AC56 -> #DIV/0! | AH56: =AE56-AG56 -> 0 | AJ56: FALSE | AL56: =AE56+S56 -> 0 | AM56: =AK56+AL56 -> 0 | AO56: =AK56 -> 0 | AQ56: =AO56-AP56 -> 0 | AR56: =AP56/AO56 -> #DIV/0! | AT56: =AQ56-AS56 -> 0 | AV56: FALSE | AX56: =AQ56+AE56 -> 0 | AY56: =AW56+AX56 -> 0 | BA56: =AW56 -> 0 | BC56: =BA56-BB56 -> 0 | BD56: =BB56/BA56 -> #DIV/0! | BF56: =BC56-BE56 -> 0
B57: Activity 4.4: | C57: 4.4.1: | K57: =Q57+AC57+AO57 -> 0 | L57: =R57+AD57+AP57 -> 0 | M57: =S57+AE57+AQ57 -> 0 | N57: =L57/K57 -> #DIV/0! | O57: FALSE | P57: FALSE | S57: =Q57-R57 -> 0 | T57: =R57/Q57 -> #DIV/0! | V57: =S57-U57 -> 0 | X57: FALSE | Z57: =S57 -> 0 | AA57: =Y57+Z57 -> 0 | AC57: =Y57 -> 0 | AE57: =AC57-AD57 -> 0 | AF57: =AD57/AC57 -> #DIV/0! | AH57: =AE57-AG57 -> 0 | AJ57: FALSE | AL57: =AE57+S57 -> 0 | AM57: =AK57+AL57 -> 0 | AO57: =AK57 -> 0 | AQ57: =AO57-AP57 -> 0 | AR57: =AP57/AO57 -> #DIV/0! | AT57: =AQ57-AS57 -> 0 | AV57: FALSE | AX57: =AQ57+AE57 -> 0 | AY57: =AW57+AX57 -> 0 | BA57: =AW57 -> 0 | BC57: =BA57-BB57 -> 0 | BD57: =BB57/BA57 -> #DIV/0! | BF57: =BC57-BE57 -> 0
B58: Component 4 Subtotal | F58: =SUBTOTAL(9,F54:F57) -> 0 | K58: =SUBTOTAL(9,K54:K57) -> 0 | L58: =SUBTOTAL(9,L54:L57) -> 0 | M58: =SUBTOTAL(9,M54:M57) -> 0 | N58: =L58/K58 -> #DIV/0! | Q58: =SUBTOTAL(9,Q54:Q57) -> 0 | R58: =SUBTOTAL(9,R54:R57) -> 0 | S58: =SUBTOTAL(9,S54:S57) -> 0 | T58: =R58/Q58 -> #DIV/0! | U58: =SUBTOTAL(9,U54:U57) -> 0 | V58: =SUBTOTAL(9,V54:V57) -> 0 | Y58: =SUBTOTAL(9,Y54:Y57) -> 0 | Z58: =SUBTOTAL(9,Z54:Z57) -> 0 | AA58: =SUBTOTAL(9,AA54:AA57) -> 0 | AC58: =SUBTOTAL(9,AC54:AC57) -> 0 | AD58: =SUBTOTAL(9,AD54:AD57) -> 0 | AE58: =SUBTOTAL(9,AE54:AE57) -> 0 | AF58: =AD58/AC58 -> #DIV/0! | AG58: =SUBTOTAL(9,AG54:AG57) -> 0 | AH58: =SUBTOTAL(9,AH54:AH57) -> 0 | AK58: =SUBTOTAL(9,AK54:AK57) -> 0 | AL58: =SUBTOTAL(9,AL54:AL57) -> 0 | AM58: =SUBTOTAL(9,AM54:AM57) -> 0 | AO58: =SUBTOTAL(9,AO54:AO57) -> 0 | AP58: =SUBTOTAL(9,AP54:AP57) -> 0 | AQ58: =SUBTOTAL(9,AQ54:AQ57) -> 0 | AR58: =AP58/AO58 -> #DIV/0! | AS58: =SUBTOTAL(9,AS54:AS57) -> 0 | AT58: =SUBTOTAL(9,AT54:AT57) -> 0 | AW58: =SUBTOTAL(9,AW54:AW57) -> 0 | AX58: =SUBTOTAL(9,AX54:AX57) -> 0 | AY58: =SUBTOTAL(9,AY54:AY57) -> 0 | BA58: =SUBTOTAL(9,BA54:BA57) -> 0 | BB58: =SUBTOTAL(9,BB54:BB57) -> 0 | BC58: =SUBTOTAL(9,BC54:BC57) -> 0 | BD58: =BB58/BA58 -> #DIV/0! | BE58: =SUBTOTAL(9,BE54:BE57) -> 0 | BF58: =SUBTOTAL(9,BF54:BF57) -> 0
B59: GRAND TOTAL | F59: =SUM(F58,F52,F41,F30) -> 0 | K59: =SUM(K58,K52,K41,K30) -> 0 | L59: =SUM(L58,L52,L41,L30) -> 0 | M59: =SUM(M58,M52,M41,M30) -> 0 | N59: =L59/K59 -> #DIV/0! | Q59: =SUM(Q58,Q52,Q41,Q30) -> 0 | R59: =SUM(R58,R52,R41,R30) -> 0 | S59: =SUM(S58,S52,S41,S30) -> 0 | T59: =R59/Q59 -> #DIV/0! | U59: =SUM(U58,U52,U41,U30) -> 0 | V59: =SUM(V58,V52,V41,V30) -> 0 | Y59: =SUM(Y58,Y52,Y41,Y30) -> 0 | Z59: =SUM(Z58,Z52,Z41,Z30) -> 0 | AA59: =SUM(AA58,AA52,AA41,AA30) -> 0 | AC59: =SUM(AC58,AC52,AC41,AC30) -> 0 | AD59: =SUM(AD58,AD52,AD41,AD30) -> 0 | AE59: =SUM(AE58,AE52,AE41,AE30) -> 0 | AF59: =AD59/AC59 -> #DIV/0! | AG59: =SUM(AG58,AG52,AG41,AG30) -> 0 | AH59: =SUM(AH58,AH52,AH41,AH30) -> 0 | AK59: =SUM(AK58,AK52,AK41,AK30) -> 0 | AL59: =SUM(AL58,AL52,AL41,AL30) -> 0 | AM59: =SUM(AM58,AM52,AM41,AM30) -> 0 | AO59: =SUM(AO58,AO52,AO41,AO30) -> 0 | AP59: =SUM(AP58,AP52,AP41,AP30) -> 0 | AQ59: =SUM(AQ58,AQ52,AQ41,AQ30) -> 0 | AR59: =AP59/AO59 -> #DIV/0! | AS59: =SUM(AS58,AS52,AS41,AS30) -> 0 | AT59: =SUM(AT58,AT52,AT41,AT30) -> 0 | AW59: =SUM(AW58,AW52,AW41,AW30) -> 0 | AX59: =SUM(AX58,AX52,AX41,AX30) -> 0 | AY59: =SUM(AY58,AY52,AY41,AY30) -> 0 | BA59: =SUM(BA58,BA52,BA41,BA30) -> 0 | BB59: =SUM(BB58,BB52,BB41,BB30) -> 0 | BC59: =SUM(BC58,BC52,BC41,BC30) -> 0 | BD59: =BB59/BA59 -> #DIV/0! | BE59: =SUM(BE58,BE52,BE41,BE30) -> 0 | BF59: =SUM(BF58,BF52,BF41,BF30) -> 0
B61: Project Monitoring | C61: Breakdown of project monitoring activities and disbursements | D61: Implementing Agency | E61: IA Role | F61: =F2 -> KIP Stage I Summary | Q61: =Q2 -> KIP Stage I - First Tranche Reporting | X61: =X2 -> Kigali HFC Implementation Plan (stage I, second tranche) - Request for Funding | AC61: =AC2 -> KIP Stage I - Second Tranche Reporting | AJ61: =AJ2 -> Kigali HFC Implementation Plan (stage I, third tranche) - Request for Funding | AO61: =AO2 -> KIP Stage I - Third Tranche Reporting | AV61: =AV2 -> Kigali HFC Implementation Plan (stage I, fourth tranche) - Request for Funding | BA61: =BA2 -> KIP Stage I - Fourth Tranche Reporting
K62: (US $) | L62: (US $) | M62: (US $) | N62: (%) | O62: Completed | P62: Ongoing | Q62: (US $) | R62: (US $) | S62: (US $) | T62: (%) | U62: for Agency use only | W62: Activities and targets completed for the tranche | X62: Activity continued from previous tranche? | Y62: (US $) | Z62: (US $) | AA62: (US $) | AB62: Activities remaining to be implemented during the next tranche | AC62: (US $) | AD62: (US $) | AE62: (US $) | AF62: (%) | AG62: for Agency use only | AI62: Activities and targets completed for the tranche | AJ62: Activity continued from previous tranche? | AK62: (US $) | AL62: (US $) | AM62: (US $) | AN62: Activities remaining to be implemented during the next tranche | AO62: (US $) | AP62: (US $) | AQ62: (US $) | AR62: (%) | AS62: for Agency use only | AU62: Activities and targets completed for the tranche | AV62: Activity continued from previous tranche? | AW62: (US $) | AX62: (US $) | AY62: (US $) | AZ62: Activities remaining to be implemented during the next tranche | BA62: (US $) | BB62: (US $) | BC62: (US $) | BD62: (%) | BE62: for Agency use only | BG62: Activities and targets completed for the tranche
F63: Overall funds for Stage I Approved in Principle | G63: Tranche 1 | H63: Tranche 2 | I63: Tranche 3 | J63: Tranche 4 | K63: Cumulative Amount Approved | L63: Cumulative Amount Disbursed | M63: Cumulative Balance | N63: Cumulative Disburse-ment Rate | Q63: Approved for Tranche | R63: Disbursed for Tranche | S63: Tranche Balance | T63: Tranche Disbursement Rate | U63: Committed for Tranche | V63: Tranche Balance with Committed | Y63: Funding requested | Z63: Balance of funds remaining to be disbursed from previous tranche | AA63: Total budget planned during implementation period | AC63: Approved for Tranche | AD63: Disbursed for Tranche | AE63: Tranche Balance | AF63: Tranche Disbursement Rate | AG63: Committed for Tranche | AH63: Tranche Balance with Committed | AK63: Funding requested | AL63: Balance of funds remaining to be disbursed from previous tranche | AM63: Total budget planned during implementation period | AO63: Approved for Tranche | AP63: Disbursed for Tranche | AQ63: Tranche Balance | AR63: Tranche Disbursement Rate | AS63: Committed for Tranche | AT63: Tranche Balance with Committed | AW63: Funding requested | AX63: Balance of funds remaining to be disbursed from previous tranche | AY63: Total budget planned during implementation period | BA63: Approved for Tranche | BB63: Disbursed for Tranche | BC63: Tranche Balance | BD63: Tranche Disbursement Rate | BE63: Committed for Tranche | BF63: Tranche Balance with Committed
B64: Project coordination, monitoring, reporting and verification | C64: PCM 1.1: International and national consultants | K64: =Q64+AC64+AO64 -> 0 | L64: =R64+AD64+AP64 -> 0 | M64: =S64+AE64+AQ64 -> 0 | N64: =L64/K64 -> #DIV/0! | O64: FALSE | P64: FALSE | S64: =Q64-R64 -> 0 | T64: =R64/Q64 -> #DIV/0! | V64: =S64-U64 -> 0 | X64: FALSE | Z64: =S64 -> 0 | AA64: =Y64+Z64 -> 0 | AC64: =Y64 -> 0 | AE64: =AC64-AD64 -> 0 | AF64: =AD64/AC64 -> #DIV/0! | AH64: =AE64-AG64 -> 0 | AJ64: FALSE | AL64: =AE64+S64 -> 0 | AM64: =AK64+AL64 -> 0 | AO64: =AK64 -> 0 | AQ64: =AO64-AP64 -> 0 | AR64: =AP64/AO64 -> #DIV/0! | AT64: =AQ64-AS64 -> 0 | AV64: FALSE | AX64: =AQ64+AE64 -> 0 | AY64: =AW64+AX64 -> 0 | BA64: =AW64 -> 0 | BC64: =BA64-BB64 -> 0 | BD64: =BB64/BA64 -> #DIV/0! | BF64: =BC64-BE64 -> 0
C65: PCM 1.2: Travel | K65: =Q65+AC65+AO65 -> 0 | L65: =R65+AD65+AP65 -> 0 | M65: =S65+AE65+AQ65 -> 0 | N65: =L65/K65 -> #DIV/0! | O65: FALSE | P65: FALSE | S65: =Q65-R65 -> 0 | T65: =R65/Q65 -> #DIV/0! | V65: =S65-U65 -> 0 | X65: FALSE | Z65: =S65 -> 0 | AA65: =Y65+Z65 -> 0 | AC65: =Y65 -> 0 | AE65: =AC65-AD65 -> 0 | AF65: =AD65/AC65 -> #DIV/0! | AH65: =AE65-AG65 -> 0 | AJ65: FALSE | AL65: =AE65+S65 -> 0 | AM65: =AK65+AL65 -> 0 | AO65: =AK65 -> 0 | AQ65: =AO65-AP65 -> 0 | AR65: =AP65/AO65 -> #DIV/0! | AT65: =AQ65-AS65 -> 0 | AV65: FALSE | AX65: =AQ65+AE65 -> 0 | AY65: =AW65+AX65 -> 0 | BA65: =AW65 -> 0 | BC65: =BA65-BB65 -> 0 | BD65: =BB65/BA65 -> #DIV/0! | BF65: =BC65-BE65 -> 0
C66: PCM 1.3: Consultation meetings | K66: =Q66+AC66+AO66 -> 0 | L66: =R66+AD66+AP66 -> 0 | M66: =S66+AE66+AQ66 -> 0 | N66: =L66/K66 -> #DIV/0! | O66: FALSE | P66: FALSE | S66: =Q66-R66 -> 0 | T66: =R66/Q66 -> #DIV/0! | V66: =S66-U66 -> 0 | X66: FALSE | Z66: =S66 -> 0 | AA66: =Y66+Z66 -> 0 | AC66: =Y66 -> 0 | AE66: =AC66-AD66 -> 0 | AF66: =AD66/AC66 -> #DIV/0! | AH66: =AE66-AG66 -> 0 | AJ66: FALSE | AL66: =AE66+S66 -> 0 | AM66: =AK66+AL66 -> 0 | AO66: =AK66 -> 0 | AQ66: =AO66-AP66 -> 0 | AR66: =AP66/AO66 -> #DIV/0! | AT66: =AQ66-AS66 -> 0 | AV66: FALSE | AX66: =AQ66+AE66 -> 0 | AY66: =AW66+AX66 -> 0 | BA66: =AW66 -> 0 | BC66: =BA66-BB66 -> 0 | BD66: =BB66/BA66 -> #DIV/0! | BF66: =BC66-BE66 -> 0
C67: PCM 1.4: Other expenses | K67: =Q67+AC67+AO67 -> 0 | L67: =R67+AD67+AP67 -> 0 | M67: =S67+AE67+AQ67 -> 0 | N67: =L67/K67 -> #DIV/0! | O67: FALSE | P67: FALSE | S67: =Q67-R67 -> 0 | T67: =R67/Q67 -> #DIV/0! | V67: =S67-U67 -> 0 | X67: FALSE | Z67: =S67 -> 0 | AA67: =Y67+Z67 -> 0 | AC67: =Y67 -> 0 | AE67: =AC67-AD67 -> 0 | AF67: =AD67/AC67 -> #DIV/0! | AH67: =AE67-AG67 -> 0 | AJ67: FALSE | AL67: =AE67+S67 -> 0 | AM67: =AK67+AL67 -> 0 | AO67: =AK67 -> 0 | AQ67: =AO67-AP67 -> 0 | AR67: =AP67/AO67 -> #DIV/0! | AT67: =AQ67-AS67 -> 0 | AV67: FALSE | AX67: =AQ67+AE67 -> 0 | AY67: =AW67+AX67 -> 0 | BA67: =AW67 -> 0 | BC67: =BA67-BB67 -> 0 | BD67: =BB67/BA67 -> #DIV/0! | BF67: =BC67-BE67 -> 0
C68: Project Monitoring Subtotal | F68: =SUBTOTAL(9,F64:F67) -> 0 | K68: =SUBTOTAL(9,K64:K67) -> 0 | L68: =SUBTOTAL(9,L64:L67) -> 0 | M68: =SUBTOTAL(9,M64:M67) -> 0 | N68: =L68/K68 -> #DIV/0! | Q68: =SUBTOTAL(9,Q64:Q67) -> 0 | R68: =SUBTOTAL(9,R64:R67) -> 0 | S68: =SUBTOTAL(9,S64:S67) -> 0 | T68: =R68/Q68 -> #DIV/0! | U68: =SUBTOTAL(9,U64:U67) -> 0 | V68: =SUBTOTAL(9,V64:V67) -> 0 | Y68: =SUBTOTAL(9,Y64:Y67) -> 0 | Z68: =SUBTOTAL(9,Z64:Z67) -> 0 | AA68: =SUBTOTAL(9,AA64:AA67) -> 0 | AC68: =SUBTOTAL(9,AC64:AC67) -> 0 | AD68: =SUBTOTAL(9,AD64:AD67) -> 0 | AE68: =SUBTOTAL(9,AE64:AE67) -> 0 | AF68: =AD68/AC68 -> #DIV/0! | AG68: =SUBTOTAL(9,AG64:AG67) -> 0 | AH68: =SUBTOTAL(9,AH64:AH67) -> 0 | AK68: =SUBTOTAL(9,AK64:AK67) -> 0 | AL68: =SUBTOTAL(9,AL64:AL67) -> 0 | AM68: =SUBTOTAL(9,AM64:AM67) -> 0 | AO68: =SUBTOTAL(9,AO64:AO67) -> 0 | AP68: =SUBTOTAL(9,AP64:AP67) -> 0 | AQ68: =SUBTOTAL(9,AQ64:AQ67) -> 0 | AR68: =AP68/AO68 -> #DIV/0! | AS68: =SUBTOTAL(9,AS64:AS67) -> 0 | AT68: =SUBTOTAL(9,AT64:AT67) -> 0 | AW68: =SUBTOTAL(9,AW64:AW67) -> 0 | AX68: =SUBTOTAL(9,AX64:AX67) -> 0 | AY68: =SUBTOTAL(9,AY64:AY67) -> 0 | BA68: =SUBTOTAL(9,BA64:BA67) -> 0 | BB68: =SUBTOTAL(9,BB64:BB67) -> 0 | BC68: =SUBTOTAL(9,BC64:BC67) -> 0 | BD68: =BB68/BA68 -> #DIV/0! | BE68: =SUBTOTAL(9,BE64:BE67) -> 0 | BF68: =SUBTOTAL(9,BF64:BF67) -> 0

Sheet 3. Training & Equipment
B2: Quantitative summary: For training and equipment components (as applicable). Please fill in the specific targets (as relevant) achieved during the implementation of the tranche being reported on.
B3: Activity (please add rows as necessary) | C3: Stage I | G3: Tranche 1 | K3: Tranche 2 | O3: Comments
C4: Planned Total | D4: Cumulative Achieved Total | E4: Female | F4: Male | G4: Planned | H4: Achieved | I4: Female | J4: Male | K4: Planned | L4: Achieved | M4: Female | N4: Male
B5: Number of customs officers trained | C5: =G5+K5 -> 0 | D5: =H5+L5 -> 0 | E5: =I5+M5 -> 0 | F5: =J5+N5 -> 0 | H5: =I5+J5 -> 0 | L5: =M5+N5 -> 0 | O5: (specify topics)
B6: Number of enforcement officers/brokers/importer/other stakeholders trained | C6: =G6+K6 -> 0 | D6: =H6+L6 -> 0 | E6: =I6+M6 -> 0 | F6: =J6+N6 -> 0 | H6: =I6+J6 -> 0 | L6: =M6+N6 -> 0 | O6: enforcement officers
B7: Number of technicians trained | C7: =G7+K7 -> 0 | D7: =H7+L7 -> 0 | E7: =I7+M7 -> 0 | F7: =J7+N7 -> 0 | H7: =I7+J7 -> 0 | L7: =M7+N7 -> 0 | O7: (specify topics)
B8: Number of trainers trained | C8: =G8+K8 -> 0 | D8: =H8+L8 -> 0 | E8: =I8+M8 -> 0 | F8: =J8+N8 -> 0 | H8: =I8+J8 -> 0 | L8: =M8+N8 -> 0 | O8: (specify topics)
B9: Number of technicians certified | C9: =G9+K9 -> 0 | D9: =H9+L9 -> 0 | E9: =I9+M9 -> 0 | F9: =J9+N9 -> 0 | H9: =I9+J9 -> 0 | L9: =M9+N9 -> 0 | O9: (specify topics)
B10: Number of tool kits and equipment distributed | C10: =G10+K10 -> 0 | D10: =H10+L10 -> 0 | E10: =I10+M10 -> 0 | F10: =J10+N10 -> 0 | H10: =I10+J10 -> 0 | L10: =M10+N10 -> 0
B11: Number of training institutions newly assisted | C11: =G11+K11 -> 0 | D11: =H11+L11 -> 0 | E11: =I11+M11 -> 0 | F11: =J11+N11 -> 0 | H11: =I11+J11 -> 0 | L11: =M11+N11 -> 0
B12: Other quantifiable results: Please list any other quantifiable results achieved (e,g,. number of local RACHP associations strenghened) | C12: =G12+K12 -> 0 | D12: =H12+L12 -> 0 | E12: =I12+M12 -> 0 | F12: =J12+N12 -> 0 | H12: =I12+J12 -> 0 | L12: =M12+N12 -> 0 | O12: (specify stakeholder/ organization)
B13: Certification system for technicians established or further enhanced | C13: Mandatory | E13: FALSE
C14: Competency Based? | E14: FALSE
B15: Operation of recovery and recycling scheme | E15: FALSE
B16: Operation of reclamation scheme | E16: FALSE
B18: Indicative list of equipment / tools in toolkits
B19: Item Name | C19: Quantity | D19: Delivered?
D20: FALSE
D21: FALSE
D22: FALSE
D23: FALSE
D24: FALSE
D25: FALSE
D26: FALSE
D27: FALSE
D28: FALSE

Sheet 4. Investment
B2: Summary of Investment Activites by Agency | F2: KIP Stage I Summary | U2: KIP Stage I, First Tranche - Reporting | AA2: KIP Stage I, Second Tranche - Request for Funding | AF2: KIP Stage I, Second Tranche - Reporting | AK2: KIP Stage I, Third Tranche - Request for Funding | AP2: KIP Stage I, Third Tranche - Reporting
F3: (US $) | G3: (US $) | H3: (US $) | I3: (US $) | J3: (%) | U3: (US $) | V3: (US $) | W3: (US $) | X3: (%) | Y3: for Agency use only | AA3: Activity continued from previous tranche? | AB3: (US $) | AC3: (US $) | AD3: (US $) | AE3: Targets and Outcomes | AF3: (US $) | AG3: (US $) | AH3: (US $) | AI3: (US $) | AJ3: (%) | AK3: Activity continued from previous tranche? | AL3: (US $) | AM3: (US $) | AN3: (US $) | AO3: Targets and Outcomes
F4: Overall funds for Stage I Approved in Principle | G4: Cumulative Amount Allocated | H4: Cumulative Amount Disbursed | I4: Cumulative Balance to be disbursed | J4: Cumulative Disburse-ment Rate | U4: Allocated for Tranche | V4: Disbursed for Tranche | W4: Tranche Balance | X4: Tranche Disbursement Rate | Y4: Committed for Tranche | Z4: Tranche Balance with Committed | AB4: Funding requested | AC4: Balance of funds remaining to be disbursed from previous tranche | AD4: Total budget planned during implementation period | AF4: Allocated for Tranche | AG4: Disbursed for Tranche | AH4: Committed for Tranche | AI4: Tranche Balance | AJ4: Tranche Disbursement Rate | AL4: Funding requested | AM4: Balance of funds remaining to be disbursed from previous tranche(s) | AN4: Total budget planned during implementation period | AP4: Allocated for Tranche | AQ4: Disbursed for Tranche | AR4: Committed for Tranche | AS4: Tranche Balance | AT4: Tranche Disbursement Rate
B5: Subtotal for Lead Agency | F5: =SUMIF($E15:$E41,"Lead IA",F15:F41) -> 0 | G5: =SUMIF($E15:$E41,"Lead IA",G15:G41) -> 0 | H5: =SUMIF($E15:$E41,"Lead IA",H15:H41) -> 0 | I5: =SUMIF($E15:$E41,"Lead IA",I15:I41) -> 0 | J5: =H5/G5 -> #DIV/0! | U5: =SUMIF($E15:$E41,"Lead IA",U15:U41) -> 0 | V5: =SUMIF($E15:$E41,"Lead IA",V15:V41) -> 0 | W5: =SUMIF($E15:$E41,"Lead IA",W15:W41) -> 0 | X5: =V5/U5 -> #DIV/0! | Y5: =SUMIF($E15:$E41,"Lead IA",Y15:Y41) -> 0 | Z5: =SUMIF($E15:$E41,"Lead IA",Z15:Z41) -> 0 | AB5: =SUMIF($E15:$E41,"Lead IA",AB15:AB41) -> 0 | AC5: =SUMIF($E15:$E41,"Lead IA",AC15:AC41) -> 0 | AD5: =SUMIF($E15:$E41,"Lead IA",AD15:AD41) -> 0 | AF5: =SUMIF($E15:$E41,"Lead IA",AF15:AF41) -> 0 | AG5: =SUMIF($E15:$E41,"Lead IA",AG15:AG41) -> 0 | AH5: =SUMIF($E15:$E41,"Lead IA",AH15:AH41) -> 0 | AI5: =SUMIF($E15:$E41,"Lead IA",AI15:AI41) -> 0 | AJ5: =AG5/AF5 -> #DIV/0! | AL5: =SUMIF($E15:$E41,"Lead IA",AL15:AL41) -> 0 | AM5: =SUMIF($E15:$E41,"Lead IA",AM15:AM41) -> 0 | AN5: =SUMIF($E15:$E41,"Lead IA",AN15:AN41) -> 0 | AP5: =SUMIF($E15:$E41,"Lead IA",AP15:AP41) -> 0 | AQ5: =SUMIF($E15:$E41,"Lead IA",AQ15:AQ41) -> 0 | AR5: =SUMIF($E15:$E41,"Lead IA",AR15:AR41) -> 0 | AS5: =SUMIF($E15:$E41,"Lead IA",AS15:AS41) -> 0 | AT5: =AQ5/AP5 -> #DIV/0!
B6: Subtotal for Cooperating Agency 1 | F6: =SUMIF($E15:$E41,"Co-op IA 1",F15:F41) -> 0 | G6: =SUMIF($E15:$E41,"Co-op IA 1",G15:G41) -> 0 | H6: =SUMIF($E15:$E41,"Co-op IA 1",H15:H41) -> 0 | I6: =SUMIF($E15:$E41,"Co-op IA 1",I15:I41) -> 0 | J6: =H6/G6 -> #DIV/0! | U6: =SUMIF($E15:$E41,"Co-op IA 1",U15:U41) -> 0 | V6: =SUMIF($E15:$E41,"Co-op IA 1",V15:V41) -> 0 | W6: =SUMIF($E15:$E41,"Co-op IA 1",W15:W41) -> 0 | X6: =V6/U6 -> #DIV/0! | Y6: =SUMIF($E15:$E41,"Co-op IA 1",Y15:Y41) -> 0 | Z6: =SUMIF($E15:$E41,"Co-op IA 1",Z15:Z41) -> 0 | AB6: =SUMIF($E15:$E41,"Co-op IA 1",AB15:AB41) -> 0 | AC6: =SUMIF($E15:$E41,"Co-op IA 1",AC15:AC41) -> 0 | AD6: =SUMIF($E15:$E41,"Co-op IA 1",AD15:AD41) -> 0 | AF6: =SUMIF($E15:$E41,"Co-op IA 1",AF15:AF41) -> 0 | AG6: =SUMIF($E15:$E41,"Co-op IA 1",AG15:AG41) -> 0 | AH6: =SUMIF($E15:$E41,"Co-op IA 1",AH15:AH41) -> 0 | AI6: =SUMIF($E15:$E41,"Co-op IA 1",AI15:AI41) -> 0 | AJ6: =AG6/AF6 -> #DIV/0! | AL6: =SUMIF($E15:$E41,"Co-op IA 1",AL15:AL41) -> 0 | AM6: =SUMIF($E15:$E41,"Co-op IA 1",AM15:AM41) -> 0 | AN6: =SUMIF($E15:$E41,"Co-op IA 1",AN15:AN41) -> 0 | AP6: =SUMIF($E15:$E41,"Co-op IA 1",AP15:AP41) -> 0 | AQ6: =SUMIF($E15:$E41,"Co-op IA 1",AQ15:AQ41) -> 0 | AR6: =SUMIF($E15:$E41,"Co-op IA 1",AR15:AR41) -> 0 | AS6: =SUMIF($E15:$E41,"Co-op IA 1",AS15:AS41) -> 0 | AT6: =AQ6/AP6 -> #DIV/0!
B7: Subtotal for Cooperating Agency 2 | F7: =SUMIF($E15:$E41,"Co-op IA 2",F15:F41) -> 0 | G7: =SUMIF($E15:$E41,"Co-op IA 2",G15:G41) -> 0 | H7: =SUMIF($E15:$E41,"Co-op IA 2",H15:H41) -> 0 | I7: =SUMIF($E15:$E41,"Co-op IA 2",I15:I41) -> 0 | J7: =H7/G7 -> #DIV/0! | U7: =SUMIF($E15:$E41,"Co-op IA 2",U15:U41) -> 0 | V7: =SUMIF($E15:$E41,"Co-op IA 2",V15:V41) -> 0 | W7: =SUMIF($E15:$E41,"Co-op IA 2",W15:W41) -> 0 | X7: =V7/U7 -> #DIV/0! | Y7: =SUMIF($E15:$E41,"Co-op IA 2",Y15:Y41) -> 0 | Z7: =SUMIF($E15:$E41,"Co-op IA 2",Z15:Z41) -> 0 | AB7: =SUMIF($E15:$E41,"Co-op IA 2",AB15:AB41) -> 0 | AC7: =SUMIF($E15:$E41,"Co-op IA 2",AC15:AC41) -> 0 | AD7: =SUMIF($E15:$E41,"Co-op IA 2",AD15:AD41) -> 0 | AF7: =SUMIF($E15:$E41,"Co-op IA 2",AF15:AF41) -> 0 | AG7: =SUMIF($E15:$E41,"Co-op IA 2",AG15:AG41) -> 0 | AH7: =SUMIF($E15:$E41,"Co-op IA 2",AH15:AH41) -> 0 | AI7: =SUMIF($E15:$E41,"Co-op IA 2",AI15:AI41) -> 0 | AJ7: =AG7/AF7 -> #DIV/0! | AL7: =SUMIF($E15:$E41,"Co-op IA 2",AL15:AL41) -> 0 | AM7: =SUMIF($E15:$E41,"Co-op IA 2",AM15:AM41) -> 0 | AN7: =SUMIF($E15:$E41,"Co-op IA 2",AN15:AN41) -> 0 | AP7: =SUMIF($E15:$E41,"Co-op IA 2",AP15:AP41) -> 0 | AQ7: =SUMIF($E15:$E41,"Co-op IA 2",AQ15:AQ41) -> 0 | AR7: =SUMIF($E15:$E41,"Co-op IA 2",AR15:AR41) -> 0 | AS7: =SUMIF($E15:$E41,"Co-op IA 2",AS15:AS41) -> 0 | AT7: =AQ7/AP7 -> #DIV/0!
B8: Subtotal for Cooperating Agency 3 | F8: =SUMIF($E15:$E41,"Co-op IA 3",F15:F41) -> 0 | G8: =SUMIF($E15:$E41,"Co-op IA 3",G15:G41) -> 0 | H8: =SUMIF($E15:$E41,"Co-op IA 3",H15:H41) -> 0 | I8: =SUMIF($E15:$E41,"Co-op IA 3",I15:I41) -> 0 | J8: =H8/G8 -> #DIV/0! | U8: =SUMIF($E15:$E41,"Co-op IA 3",U15:U41) -> 0 | V8: =SUMIF($E15:$E41,"Co-op IA 3",V15:V41) -> 0 | W8: =SUMIF($E15:$E41,"Co-op IA 3",W15:W41) -> 0 | X8: =V8/U8 -> #DIV/0! | Y8: =SUMIF($E15:$E41,"Co-op IA 3",Y15:Y41) -> 0 | Z8: =SUMIF($E15:$E41,"Co-op IA 3",Z15:Z41) -> 0 | AB8: =SUMIF($E15:$E41,"Co-op IA 3",AB15:AB41) -> 0 | AC8: =SUMIF($E15:$E41,"Co-op IA 3",AC15:AC41) -> 0 | AD8: =SUMIF($E15:$E41,"Co-op IA 3",AD15:AD41) -> 0 | AF8: =SUMIF($E15:$E41,"Co-op IA 3",AF15:AF41) -> 0 | AG8: =SUMIF($E15:$E41,"Co-op IA 3",AG15:AG41) -> 0 | AH8: =SUMIF($E15:$E41,"Co-op IA 3",AH15:AH41) -> 0 | AI8: =SUMIF($E15:$E41,"Co-op IA 3",AI15:AI41) -> 0 | AJ8: =AG8/AF8 -> #DIV/0! | AL8: =SUMIF($E15:$E41,"Co-op IA 3",AL15:AL41) -> 0 | AM8: =SUMIF($E15:$E41,"Co-op IA 3",AM15:AM41) -> 0 | AN8: =SUMIF($E15:$E41,"Co-op IA 3",AN15:AN41) -> 0 | AP8: =SUMIF($E15:$E41,"Co-op IA 3",AP15:AP41) -> 0 | AQ8: =SUMIF($E15:$E41,"Co-op IA 3",AQ15:AQ41) -> 0 | AR8: =SUMIF($E15:$E41,"Co-op IA 3",AR15:AR41) -> 0 | AS8: =SUMIF($E15:$E41,"Co-op IA 3",AS15:AS41) -> 0 | AT8: =AQ8/AP8 -> #DIV/0!
B9: Total for Investment Activities | F9: =SUM(F5:F8) -> 0 | G9: =SUM(G5:G8) -> 0 | H9: =SUM(H5:H8) -> 0 | I9: =SUM(I5:I8) -> 0 | J9: =H9/G9 -> #DIV/0! | U9: =SUM(U5:U8) -> 0 | V9: =SUM(V5:V8) -> 0 | W9: =SUM(W5:W8) -> 0 | X9: =V9/U9 -> #DIV/0! | Y9: =SUM(Y5:Y8) -> 0 | Z9: =SUM(Z5:Z8) -> 0 | AB9: =SUM(AB5:AB8) -> 0 | AC9: =SUM(AC5:AC8) -> 0 | AD9: =SUM(AD5:AD8) -> 0 | AF9: =SUM(AF5:AF8) -> 0 | AG9: =SUM(AG5:AG8) -> 0 | AH9: =SUM(AH5:AH8) -> 0 | AI9: =SUM(AI5:AI8) -> 0 | AJ9: =AG9/AF9 -> #DIV/0! | AL9: =SUM(AL5:AL8) -> 0 | AM9: =SUM(AM5:AM8) -> 0 | AN9: =SUM(AN5:AN8) -> 0 | AP9: =SUM(AP5:AP8) -> 0 | AQ9: =SUM(AQ5:AQ8) -> 0 | AR9: =SUM(AR5:AR8) -> 0 | AS9: =SUM(AS5:AS8) -> 0 | AT9: =AQ9/AP9 -> #DIV/0!
B11: Fund disbursement and progress on investment project milestones (add or delete rows as needed) | U11: Reporting Period From: | W11: MM/YYYY | X11: To: | Y11: MM/YYYY | AA11: Implementation From: | AC11: MM/YYYY | AD11: To: | AE11: MM/YYYY | AF11: Reporting Period From: | AH11: MM/YYYY | AI11: To: | AJ11: MM/YYYY | AK11: Implementation From: | AM11: MM/YYYY | AN11: To: | AO11: MM/YYYY | AP11: Reporting Period From: | AR11: MM/YYYY | AS11: To: | AT11: MM/YYYY
B12: Subsector | C12: Enterprise Name | D12: Implementing Agency | E12: IA Role | F12: =F2 -> KIP Stage I Summary | N12: Project milestones reached for each enterprise | U12: KIP Stage I, First Tranche - Reporting | AA12: KIP Stage I, Second Tranche - Request for Funding | AF12: KIP Stage I, Second Tranche - Reporting | AK12: KIP Stage I, Third Tranche - Request for Funding | AP12: KIP Stage I, Third Tranche - Reporting
F13: (US $) | G13: (US $) | H13: (US $) | I13: (US $) | J13: (%) | K13: HFC Substance to be Phased-down | L13: Alternative to be Phased in | M13: Total HFC to be phased down (mt) | N13: Enterprise signed Agreement | O13: Equipment procurement | P13: Equipment installation | Q13: Trials and commissioning | R13: Commercial production | S13: IOC payment milestone | T13: MM/YYYY | U13: (US $) | V13: (US $) | W13: (US $) | X13: (%) | Y13: for Agency use only | AA13: Activity continued from previous tranche? | AB13: (US $) | AC13: (US $) | AD13: (US $) | AE13: Targets and Outcomes | AF13: (US $) | AG13: (US $) | AH13: (US $) | AI13: (US $) | AJ13: (%) | AK13: Activity continued from previous tranche? | AL13: (US $) | AM13: (US $) | AN13: (US $) | AO13: Targets and Outcomes | AP13: (US $) | AQ13: (US $) | AR13: (US $) | AS13: (US $) | AT13: (%)
F14: Overall funds for Stage I Approved in Principle | G14: Cumulative Amount Allocated | H14: Cumulative Amount Disbursed | I14: Cumulative Balance to be disbursed | J14: Cumulative Disburse-ment Rate | T14: Expected date of project completion | U14: Allocated for Tranche | V14: Disbursed for Tranche | W14: Tranche Balance | X14: Tranche Disbursement Rate | Y14: Committed for Tranche | Z14: Tranche Balance with Committed | AB14: Funding requested | AC14: Balance of funds remaining to be disbursed from previous tranche | AD14: Total budget planned during implementation period | AF14: Allocated for Tranche | AG14: Disbursed for Tranche | AH14: Committed for Tranche | AI14: Tranche Balance | AJ14: Tranche Disbursement Rate | AL14: Funding requested | AM14: Balance of funds remaining to be disbursed from previous tranche(s) | AN14: Total budget planned during implementation period | AP14: Allocated for Tranche | AQ14: Disbursed for Tranche | AR14: Committed for Tranche | AS14: Tranche Balance | AT14: Tranche Disbursement Rate
B15: Subsector 1: | G15: =U15+AF15+AP15 -> 0 | H15: =V15+AG15+AQ15 -> 0 | I15: =W15+AI15+AS15 -> 0 | J15: =H15/G15 -> #DIV/0! | N15: FALSE | O15: FALSE | P15: FALSE | Q15: FALSE | R15: FALSE | S15: FALSE | W15: =U15-V15 -> 0 | X15: =V15/U15 -> #DIV/0! | Z15: =W15-Y15 -> 0 | AA15: FALSE | AC15: =W15 -> 0 | AD15: =AB15+AC15 -> 0 | AF15: =AB15 -> 0 | AI15: =AF15-AG15-AH15 -> 0 | AJ15: =(AG15+AH15)/AF15 -> #DIV/0! | AK15: FALSE | AM15: =AI15+W15 -> 0 | AN15: =AL15+AM15 -> 0 | AP15: =AL15 -> 0 | AS15: =AP15-AQ15-AR15 -> 0 | AT15: =(AQ15+AR15)/AP15 -> #DIV/0!
G16: =U16+AF16+AP16 -> 0 | H16: =V16+AG16+AQ16 -> 0 | I16: =W16+AI16+AS16 -> 0 | J16: =H16/G16 -> #DIV/0! | N16: FALSE | O16: FALSE | P16: FALSE | Q16: FALSE | R16: FALSE | S16: FALSE | W16: =U16-V16 -> 0 | X16: =V16/U16 -> #DIV/0! | Z16: =W16-Y16 -> 0 | AA16: FALSE | AC16: =W16 -> 0 | AD16: =AB16+AC16 -> 0 | AF16: =AB16 -> 0 | AI16: =AF16-AG16-AH16 -> 0 | AJ16: =(AG16+AH16)/AF16 -> #DIV/0! | AK16: FALSE | AM16: =AI16+W16 -> 0 | AN16: =AL16+AM16 -> 0 | AP16: =AL16 -> 0 | AS16: =AP16-AQ16-AR16 -> 0 | AT16: =(AQ16+AR16)/AP16 -> #DIV/0!
G17: =U17+AF17+AP17 -> 0 | H17: =V17+AG17+AQ17 -> 0 | I17: =W17+AI17+AS17 -> 0 | J17: =H17/G17 -> #DIV/0! | N17: FALSE | O17: FALSE | P17: FALSE | Q17: FALSE | R17: FALSE | S17: FALSE | W17: =U17-V17 -> 0 | X17: =V17/U17 -> #DIV/0! | Z17: =W17-Y17 -> 0 | AA17: FALSE | AC17: =W17 -> 0 | AD17: =AB17+AC17 -> 0 | AF17: =AB17 -> 0 | AI17: =AF17-AG17-AH17 -> 0 | AJ17: =(AG17+AH17)/AF17 -> #DIV/0! | AK17: FALSE | AM17: =AI17+W17 -> 0 | AN17: =AL17+AM17 -> 0 | AP17: =AL17 -> 0 | AS17: =AP17-AQ17-AR17 -> 0 | AT17: =(AQ17+AR17)/AP17 -> #DIV/0!
G18: =U18+AF18+AP18 -> 0 | H18: =V18+AG18+AQ18 -> 0 | I18: =W18+AI18+AS18 -> 0 | J18: =H18/G18 -> #DIV/0! | N18: FALSE | O18: FALSE | P18: FALSE | Q18: FALSE | R18: FALSE | S18: FALSE | W18: =U18-V18 -> 0 | X18: =V18/U18 -> #DIV/0! | Z18: =W18-Y18 -> 0 | AA18: FALSE | AC18: =W18 -> 0 | AD18: =AB18+AC18 -> 0 | AF18: =AB18 -> 0 | AI18: =AF18-AG18-AH18 -> 0 | AJ18: =(AG18+AH18)/AF18 -> #DIV/0! | AK18: FALSE | AM18: =AI18+W18 -> 0 | AN18: =AL18+AM18 -> 0 | AP18: =AL18 -> 0 | AS18: =AP18-AQ18-AR18 -> 0 | AT18: =(AQ18+AR18)/AP18 -> #DIV/0!
G19: =U19+AF19+AP19 -> 0 | H19: =V19+AG19+AQ19 -> 0 | I19: =W19+AI19+AS19 -> 0 | J19: =H19/G19 -> #DIV/0! | N19: FALSE | O19: FALSE | P19: FALSE | Q19: FALSE | R19: FALSE | S19: FALSE | W19: =U19-V19 -> 0 | X19: =V19/U19 -> #DIV/0! | Z19: =W19-Y19 -> 0 | AA19: FALSE | AC19: =W19 -> 0 | AD19: =AB19+AC19 -> 0 | AF19: =AB19 -> 0 | AI19: =AF19-AG19-AH19 -> 0 | AJ19: =(AG19+AH19)/AF19 -> #DIV/0! | AK19: FALSE | AM19: =AI19+W19 -> 0 | AN19: =AL19+AM19 -> 0 | AP19: =AL19 -> 0 | AS19: =AP19-AQ19-AR19 -> 0 | AT19: =(AQ19+AR19)/AP19 -> #DIV/0!
G20: =U20+AF20+AP20 -> 0 | H20: =V20+AG20+AQ20 -> 0 | I20: =W20+AI20+AS20 -> 0 | J20: =H20/G20 -> #DIV/0! | N20: FALSE | O20: FALSE | P20: FALSE | Q20: FALSE | R20: FALSE | S20: FALSE | W20: =U20-V20 -> 0 | X20: =V20/U20 -> #DIV/0! | Z20: =W20-Y20 -> 0 | AA20: FALSE | AC20: =W20 -> 0 | AD20: =AB20+AC20 -> 0 | AF20: =AB20 -> 0 | AI20: =AF20-AG20-AH20 -> 0 | AJ20: =(AG20+AH20)/AF20 -> #DIV/0! | AK20: FALSE | AM20: =AI20+W20 -> 0 | AN20: =AL20+AM20 -> 0 | AP20: =AL20 -> 0 | AS20: =AP20-AQ20-AR20 -> 0 | AT20: =(AQ20+AR20)/AP20 -> #DIV/0!
C21: Component 1 Subtotal | F21: =SUBTOTAL(9,F15:F20) -> 0 | G21: =SUBTOTAL(9,G15:G20) -> 0 | H21: =SUBTOTAL(9,H15:H20) -> 0 | I21: =SUBTOTAL(9,I15:I20) -> 0 | J21: =H21/G21 -> #DIV/0! | O21: FALSE | P21: FALSE | Q21: FALSE | R21: FALSE | S21: FALSE | U21: =SUBTOTAL(9,U15:U20) -> 0 | V21: =SUBTOTAL(9,V15:V20) -> 0 | W21: =SUBTOTAL(9,W15:W20) -> 0 | X21: =V21/U21 -> #DIV/0! | Y21: =SUBTOTAL(9,Y15:Y20) -> 0 | Z21: =SUBTOTAL(9,Z15:Z20) -> 0 | AB21: =SUBTOTAL(9,AB15:AB20) -> 0 | AC21: =SUBTOTAL(9,AC15:AC20) -> 0 | AD21: =SUBTOTAL(9,AD15:AD20) -> 0 | AF21: =SUBTOTAL(9,AF15:AF20) -> 0 | AG21: =SUBTOTAL(9,AG15:AG20) -> 0 | AH21: =SUBTOTAL(9,AH15:AH20) -> 0 | AI21: =SUBTOTAL(9,AI15:AI20) -> 0 | AJ21: =(AG21+AH21)/AF21 -> #DIV/0! | AL21: =SUBTOTAL(9,AL15:AL20) -> 0 | AM21: =SUBTOTAL(9,AM15:AM20) -> 0 | AN21: =SUBTOTAL(9,AN15:AN20) -> 0 | AP21: =SUBTOTAL(9,AP15:AP20) -> 0 | AQ21: =SUBTOTAL(9,AQ15:AQ20) -> 0 | AR21: =SUBTOTAL(9,AR15:AR20) -> 0 | AS21: =SUBTOTAL(9,AS15:AS20) -> 0 | AT21: =(AQ21+AR21)/AP21 -> #DIV/0!
B22: Subsector 2: | G22: =U22+AF22+AP22 -> 0 | H22: =V22+AG22+AQ22 -> 0 | I22: =W22+AI22+AS22 -> 0 | J22: =H22/G22 -> #DIV/0! | N22: FALSE | O22: FALSE | P22: FALSE | Q22: FALSE | R22: FALSE | S22: FALSE | W22: =U22-V22 -> 0 | X22: =V22/U22 -> #DIV/0! | Z22: =W22-Y22 -> 0 | AA22: FALSE | AC22: =W22 -> 0 | AD22: =AB22+AC22 -> 0 | AF22: =AB22 -> 0 | AI22: =AF22-AG22-AH22 -> 0 | AJ22: =(AG22+AH22)/AF22 -> #DIV/0! | AK22: FALSE | AM22: =AI22+W22 -> 0 | AN22: =AL22+AM22 -> 0 | AP22: =AL22 -> 0 | AS22: =AP22-AQ22-AR22 -> 0 | AT22: =(AQ22+AR22)/AP22 -> #DIV/0!
G23: =U23+AF23+AP23 -> 0 | H23: =V23+AG23+AQ23 -> 0 | I23: =W23+AI23+AS23 -> 0 | J23: =H23/G23 -> #DIV/0! | N23: FALSE | O23: FALSE | P23: FALSE | Q23: FALSE | R23: FALSE | S23: FALSE | W23: =U23-V23 -> 0 | X23: =V23/U23 -> #DIV/0! | Z23: =W23-Y23 -> 0 | AA23: FALSE | AC23: =W23 -> 0 | AD23: =AB23+AC23 -> 0 | AF23: =AB23 -> 0 | AI23: =AF23-AG23-AH23 -> 0 | AJ23: =(AG23+AH23)/AF23 -> #DIV/0! | AK23: FALSE | AM23: =AI23+W23 -> 0 | AN23: =AL23+AM23 -> 0 | AP23: =AL23 -> 0 | AS23: =AP23-AQ23-AR23 -> 0 | AT23: =(AQ23+AR23)/AP23 -> #DIV/0!
G24: =U24+AF24+AP24 -> 0 | H24: =V24+AG24+AQ24 -> 0 | I24: =W24+AI24+AS24 -> 0 | J24: =H24/G24 -> #DIV/0! | N24: FALSE | O24: FALSE | P24: FALSE | Q24: FALSE | R24: FALSE | S24: FALSE | W24: =U24-V24 -> 0 | X24: =V24/U24 -> #DIV/0! | Z24: =W24-Y24 -> 0 | AA24: FALSE | AC24: =W24 -> 0 | AD24: =AB24+AC24 -> 0 | AF24: =AB24 -> 0 | AI24: =AF24-AG24-AH24 -> 0 | AJ24: =(AG24+AH24)/AF24 -> #DIV/0! | AK24: FALSE | AM24: =AI24+W24 -> 0 | AN24: =AL24+AM24 -> 0 | AP24: =AL24 -> 0 | AS24: =AP24-AQ24-AR24 -> 0 | AT24: =(AQ24+AR24)/AP24 -> #DIV/0!
G25: =U25+AF25+AP25 -> 0 | H25: =V25+AG25+AQ25 -> 0 | I25: =W25+AI25+AS25 -> 0 | J25: =H25/G25 -> #DIV/0! | N25: FALSE | O25: FALSE | P25: FALSE | Q25: FALSE | R25: FALSE | S25: FALSE | W25: =U25-V25 -> 0 | X25: =V25/U25 -> #DIV/0! | Z25: =W25-Y25 -> 0 | AA25: FALSE | AC25: =W25 -> 0 | AD25: =AB25+AC25 -> 0 | AF25: =AB25 -> 0 | AI25: =AF25-AG25-AH25 -> 0 | AJ25: =(AG25+AH25)/AF25 -> #DIV/0! | AK25: FALSE | AM25: =AI25+W25 -> 0 | AN25: =AL25+AM25 -> 0 | AP25: =AL25 -> 0 | AS25: =AP25-AQ25-AR25 -> 0 | AT25: =(AQ25+AR25)/AP25 -> #DIV/0!
G26: =U26+AF26+AP26 -> 0 | H26: =V26+AG26+AQ26 -> 0 | I26: =W26+AI26+AS26 -> 0 | J26: =H26/G26 -> #DIV/0! | N26: FALSE | O26: FALSE | P26: FALSE | Q26: FALSE | R26: FALSE | S26: FALSE | W26: =U26-V26 -> 0 | X26: =V26/U26 -> #DIV/0! | Z26: =W26-Y26 -> 0 | AA26: FALSE | AC26: =W26 -> 0 | AD26: =AB26+AC26 -> 0 | AF26: =AB26 -> 0 | AI26: =AF26-AG26-AH26 -> 0 | AJ26: =(AG26+AH26)/AF26 -> #DIV/0! | AK26: FALSE | AM26: =AI26+W26 -> 0 | AN26: =AL26+AM26 -> 0 | AP26: =AL26 -> 0 | AS26: =AP26-AQ26-AR26 -> 0 | AT26: =(AQ26+AR26)/AP26 -> #DIV/0!
G27: =U27+AF27+AP27 -> 0 | H27: =V27+AG27+AQ27 -> 0 | I27: =W27+AI27+AS27 -> 0 | J27: =H27/G27 -> #DIV/0! | N27: FALSE | O27: FALSE | P27: FALSE | Q27: FALSE | R27: FALSE | S27: FALSE | W27: =U27-V27 -> 0 | X27: =V27/U27 -> #DIV/0! | Z27: =W27-Y27 -> 0 | AA27: FALSE | AC27: =W27 -> 0 | AD27: =AB27+AC27 -> 0 | AF27: =AB27 -> 0 | AI27: =AF27-AG27-AH27 -> 0 | AJ27: =(AG27+AH27)/AF27 -> #DIV/0! | AK27: FALSE | AM27: =AI27+W27 -> 0 | AN27: =AL27+AM27 -> 0 | AP27: =AL27 -> 0 | AS27: =AP27-AQ27-AR27 -> 0 | AT27: =(AQ27+AR27)/AP27 -> #DIV/0!
C28: Component 2 Subtotal | F28: =SUBTOTAL(9,F22:F27) -> 0 | G28: =SUBTOTAL(9,G22:G27) -> 0 | H28: =SUBTOTAL(9,H22:H27) -> 0 | I28: =SUBTOTAL(9,I22:I27) -> 0 | J28: =H28/G28 -> #DIV/0! | O28: FALSE | P28: FALSE | Q28: FALSE | R28: FALSE | S28: FALSE | U28: =SUBTOTAL(9,U22:U27) -> 0 | V28: =SUBTOTAL(9,V22:V27) -> 0 | W28: =SUBTOTAL(9,W22:W27) -> 0 | X28: =V28/U28 -> #DIV/0! | Y28: =SUBTOTAL(9,Y22:Y27) -> 0 | Z28: =SUBTOTAL(9,Z22:Z27) -> 0 | AB28: =SUBTOTAL(9,AB22:AB27) -> 0 | AC28: =SUBTOTAL(9,AC22:AC27) -> 0 | AD28: =SUBTOTAL(9,AD22:AD27) -> 0 | AF28: =SUBTOTAL(9,AF22:AF27) -> 0 | AG28: =SUBTOTAL(9,AG22:AG27) -> 0 | AH28: =SUBTOTAL(9,AH22:AH27) -> 0 | AI28: =SUBTOTAL(9,AI22:AI27) -> 0 | AJ28: =(AG28+AH28)/AF28 -> #DIV/0! | AL28: =SUBTOTAL(9,AL22:AL27) -> 0 | AM28: =SUBTOTAL(9,AM22:AM27) -> 0 | AN28: =SUBTOTAL(9,AN22:AN27) -> 0 | AP28: =SUBTOTAL(9,AP22:AP27) -> 0 | AQ28: =SUBTOTAL(9,AQ22:AQ27) -> 0 | AR28: =SUBTOTAL(9,AR22:AR27) -> 0 | AS28: =SUBTOTAL(9,AS22:AS27) -> 0 | AT28: =(AQ28+AR28)/AP28 -> #DIV/0!
B29: Subsector 3: | G29: =U29+AF29+AP29 -> 0 | H29: =V29+AG29+AQ29 -> 0 | I29: =W29+AI29+AS29 -> 0 | J29: =H29/G29 -> #DIV/0! | N29: FALSE | O29: FALSE | P29: FALSE | Q29: FALSE | R29: FALSE | S29: FALSE | W29: =U29-V29 -> 0 | X29: =V29/U29 -> #DIV/0! | Z29: =W29-Y29 -> 0 | AA29: FALSE | AC29: =W29 -> 0 | AD29: =AB29+AC29 -> 0 | AF29: =AB29 -> 0 | AI29: =AF29-AG29-AH29 -> 0 | AJ29: =(AG29+AH29)/AF29 -> #DIV/0! | AK29: FALSE | AM29: =AI29+W29 -> 0 | AN29: =AL29+AM29 -> 0 | AP29: =AL29 -> 0 | AS29: =AP29-AQ29-AR29 -> 0 | AT29: =(AQ29+AR29)/AP29 -> #DIV/0!
G30: =U30+AF30+AP30 -> 0 | H30: =V30+AG30+AQ30 -> 0 | I30: =W30+AI30+AS30 -> 0 | J30: =H30/G30 -> #DIV/0! | N30: FALSE | O30: FALSE | P30: FALSE | Q30: FALSE | R30: FALSE | S30: FALSE | W30: =U30-V30 -> 0 | X30: =V30/U30 -> #DIV/0! | Z30: =W30-Y30 -> 0 | AA30: FALSE | AC30: =W30 -> 0 | AD30: =AB30+AC30 -> 0 | AF30: =AB30 -> 0 | AI30: =AF30-AG30-AH30 -> 0 | AJ30: =(AG30+AH30)/AF30 -> #DIV/0! | AK30: FALSE | AM30: =AI30+W30 -> 0 | AN30: =AL30+AM30 -> 0 | AP30: =AL30 -> 0 | AS30: =AP30-AQ30-AR30 -> 0 | AT30: =(AQ30+AR30)/AP30 -> #DIV/0!
G31: =U31+AF31+AP31 -> 0 | H31: =V31+AG31+AQ31 -> 0 | I31: =W31+AI31+AS31 -> 0 | J31: =H31/G31 -> #DIV/0! | N31: FALSE | O31: FALSE | P31: FALSE | Q31: FALSE | R31: FALSE | S31: FALSE | W31: =U31-V31 -> 0 | X31: =V31/U31 -> #DIV/0! | Z31: =W31-Y31 -> 0 | AA31: FALSE | AC31: =W31 -> 0 | AD31: =AB31+AC31 -> 0 | AF31: =AB31 -> 0 | AI31: =AF31-AG31-AH31 -> 0 | AJ31: =(AG31+AH31)/AF31 -> #DIV/0! | AK31: FALSE | AM31: =AI31+W31 -> 0 | AN31: =AL31+AM31 -> 0 | AP31: =AL31 -> 0 | AS31: =AP31-AQ31-AR31 -> 0 | AT31: =(AQ31+AR31)/AP31 -> #DIV/0!
G32: =U32+AF32+AP32 -> 0 | H32: =V32+AG32+AQ32 -> 0 | I32: =W32+AI32+AS32 -> 0 | J32: =H32/G32 -> #DIV/0! | N32: FALSE | O32: FALSE | P32: FALSE | Q32: FALSE | R32: FALSE | S32: FALSE | W32: =U32-V32 -> 0 | X32: =V32/U32 -> #DIV/0! | Z32: =W32-Y32 -> 0 | AA32: FALSE | AC32: =W32 -> 0 | AD32: =AB32+AC32 -> 0 | AF32: =AB32 -> 0 | AI32: =AF32-AG32-AH32 -> 0 | AJ32: =(AG32+AH32)/AF32 -> #DIV/0! | AK32: FALSE | AM32: =AI32+W32 -> 0 | AN32: =AL32+AM32 -> 0 | AP32: =AL32 -> 0 | AS32: =AP32-AQ32-AR32 -> 0 | AT32: =(AQ32+AR32)/AP32 -> #DIV/0!
G33: =U33+AF33+AP33 -> 0 | H33: =V33+AG33+AQ33 -> 0 | I33: =W33+AI33+AS33 -> 0 | J33: =H33/G33 -> #DIV/0! | N33: FALSE | O33: FALSE | P33: FALSE | Q33: FALSE | R33: FALSE | S33: FALSE | W33: =U33-V33 -> 0 | X33: =V33/U33 -> #DIV/0! | Z33: =W33-Y33 -> 0 | AA33: FALSE | AC33: =W33 -> 0 | AD33: =AB33+AC33 -> 0 | AF33: =AB33 -> 0 | AI33: =AF33-AG33-AH33 -> 0 | AJ33: =(AG33+AH33)/AF33 -> #DIV/0! | AK33: FALSE | AM33: =AI33+W33 -> 0 | AN33: =AL33+AM33 -> 0 | AP33: =AL33 -> 0 | AS33: =AP33-AQ33-AR33 -> 0 | AT33: =(AQ33+AR33)/AP33 -> #DIV/0!
G34: =U34+AF34+AP34 -> 0 | H34: =V34+AG34+AQ34 -> 0 | I34: =W34+AI34+AS34 -> 0 | J34: =H34/G34 -> #DIV/0! | N34: FALSE | O34: FALSE | P34: FALSE | Q34: FALSE | R34: FALSE | S34: FALSE | W34: =U34-V34 -> 0 | X34: =V34/U34 -> #DIV/0! | Z34: =W34-Y34 -> 0 | AA34: FALSE | AC34: =W34 -> 0 | AD34: =AB34+AC34 -> 0 | AF34: =AB34 -> 0 | AI34: =AF34-AG34-AH34 -> 0 | AJ34: =(AG34+AH34)/AF34 -> #DIV/0! | AK34: FALSE | AM34: =AI34+W34 -> 0 | AN34: =AL34+AM34 -> 0 | AP34: =AL34 -> 0 | AS34: =AP34-AQ34-AR34 -> 0 | AT34: =(AQ34+AR34)/AP34 -> #DIV/0!
C35: Component 3 Subtotal | F35: =SUBTOTAL(9,F29:F34) -> 0 | G35: =SUBTOTAL(9,G29:G34) -> 0 | H35: =SUBTOTAL(9,H29:H34) -> 0 | I35: =SUBTOTAL(9,I29:I34) -> 0 | J35: =H35/G35 -> #DIV/0! | O35: FALSE | P35: FALSE | Q35: FALSE | R35: FALSE | S35: FALSE | U35: =SUBTOTAL(9,U29:U34) -> 0 | V35: =SUBTOTAL(9,V29:V34) -> 0 | W35: =SUBTOTAL(9,W29:W34) -> 0 | X35: =V35/U35 -> #DIV/0! | Y35: =SUBTOTAL(9,Y29:Y34) -> 0 | Z35: =SUBTOTAL(9,Z29:Z34) -> 0 | AB35: =SUBTOTAL(9,AB29:AB34) -> 0 | AC35: =SUBTOTAL(9,AC29:AC34) -> 0 | AD35: =SUBTOTAL(9,AD29:AD34) -> 0 | AF35: =SUBTOTAL(9,AF29:AF34) -> 0 | AG35: =SUBTOTAL(9,AG29:AG34) -> 0 | AH35: =SUBTOTAL(9,AH29:AH34) -> 0 | AI35: =SUBTOTAL(9,AI29:AI34) -> 0 | AJ35: =(AG35+AH35)/AF35 -> #DIV/0! | AL35: =SUBTOTAL(9,AL29:AL34) -> 0 | AM35: =SUBTOTAL(9,AM29:AM34) -> 0 | AN35: =SUBTOTAL(9,AN29:AN34) -> 0 | AP35: =SUBTOTAL(9,AP29:AP34) -> 0 | AQ35: =SUBTOTAL(9,AQ29:AQ34) -> 0 | AR35: =SUBTOTAL(9,AR29:AR34) -> 0 | AS35: =SUBTOTAL(9,AS29:AS34) -> 0 | AT35: =(AQ35+AR35)/AP35 -> #DIV/0!
B36: Subsector 4: | G36: =U36+AF36+AP36 -> 0 | H36: =V36+AG36+AQ36 -> 0 | I36: =W36+AI36+AS36 -> 0 | J36: =H36/G36 -> #DIV/0! | N36: FALSE | O36: FALSE | P36: FALSE | Q36: FALSE | R36: FALSE | S36: FALSE | W36: =U36-V36 -> 0 | X36: =V36/U36 -> #DIV/0! | Z36: =W36-Y36 -> 0 | AA36: FALSE | AC36: =W36 -> 0 | AD36: =AB36+AC36 -> 0 | AF36: =AB36 -> 0 | AI36: =AF36-AG36-AH36 -> 0 | AJ36: =(AG36+AH36)/AF36 -> #DIV/0! | AK36: FALSE | AM36: =AI36+W36 -> 0 | AN36: =AL36+AM36 -> 0 | AP36: =AL36 -> 0 | AS36: =AP36-AQ36-AR36 -> 0 | AT36: =(AQ36+AR36)/AP36 -> #DIV/0!
G37: =U37+AF37+AP37 -> 0 | H37: =V37+AG37+AQ37 -> 0 | I37: =W37+AI37+AS37 -> 0 | J37: =H37/G37 -> #DIV/0! | N37: FALSE | O37: FALSE | P37: FALSE | Q37: FALSE | R37: FALSE | S37: FALSE | W37: =U37-V37 -> 0 | X37: =V37/U37 -> #DIV/0! | Z37: =W37-Y37 -> 0 | AA37: FALSE | AC37: =W37 -> 0 | AD37: =AB37+AC37 -> 0 | AF37: =AB37 -> 0 | AI37: =AF37-AG37-AH37 -> 0 | AJ37: =(AG37+AH37)/AF37 -> #DIV/0! | AK37: FALSE | AM37: =AI37+W37 -> 0 | AN37: =AL37+AM37 -> 0 | AP37: =AL37 -> 0 | AS37: =AP37-AQ37-AR37 -> 0 | AT37: =(AQ37+AR37)/AP37 -> #DIV/0!
G38: =U38+AF38+AP38 -> 0 | H38: =V38+AG38+AQ38 -> 0 | I38: =W38+AI38+AS38 -> 0 | J38: =H38/G38 -> #DIV/0! | N38: FALSE | O38: FALSE | P38: FALSE | Q38: FALSE | R38: FALSE | S38: FALSE | W38: =U38-V38 -> 0 | X38: =V38/U38 -> #DIV/0! | Z38: =W38-Y38 -> 0 | AA38: FALSE | AC38: =W38 -> 0 | AD38: =AB38+AC38 -> 0 | AF38: =AB38 -> 0 | AI38: =AF38-AG38-AH38 -> 0 | AJ38: =(AG38+AH38)/AF38 -> #DIV/0! | AK38: FALSE | AM38: =AI38+W38 -> 0 | AN38: =AL38+AM38 -> 0 | AP38: =AL38 -> 0 | AS38: =AP38-AQ38-AR38 -> 0 | AT38: =(AQ38+AR38)/AP38 -> #DIV/0!
G39: =U39+AF39+AP39 -> 0 | H39: =V39+AG39+AQ39 -> 0 | I39: =W39+AI39+AS39 -> 0 | J39: =H39/G39 -> #DIV/0! | N39: FALSE | O39: FALSE | P39: FALSE | Q39: FALSE | R39: FALSE | S39: FALSE | W39: =U39-V39 -> 0 | X39: =V39/U39 -> #DIV/0! | Z39: =W39-Y39 -> 0 | AA39: FALSE | AC39: =W39 -> 0 | AD39: =AB39+AC39 -> 0 | AF39: =AB39 -> 0 | AI39: =AF39-AG39-AH39 -> 0 | AJ39: =(AG39+AH39)/AF39 -> #DIV/0! | AK39: FALSE | AM39: =AI39+W39 -> 0 | AN39: =AL39+AM39 -> 0 | AP39: =AL39 -> 0 | AS39: =AP39-AQ39-AR39 -> 0 | AT39: =(AQ39+AR39)/AP39 -> #DIV/0!
G40: =U40+AF40+AP40 -> 0 | H40: =V40+AG40+AQ40 -> 0 | I40: =W40+AI40+AS40 -> 0 | J40: =H40/G40 -> #DIV/0! | N40: FALSE | O40: FALSE | P40: FALSE | Q40: FALSE | R40: FALSE | S40: FALSE | W40: =U40-V40 -> 0 | X40: =V40/U40 -> #DIV/0! | Z40: =W40-Y40 -> 0 | AA40: FALSE | AC40: =W40 -> 0 | AD40: =AB40+AC40 -> 0 | AF40: =AB40 -> 0 | AI40: =AF40-AG40-AH40 -> 0 | AJ40: =(AG40+AH40)/AF40 -> #DIV/0! | AK40: FALSE | AM40: =AI40+W40 -> 0 | AN40: =AL40+AM40 -> 0 | AP40: =AL40 -> 0 | AS40: =AP40-AQ40-AR40 -> 0 | AT40: =(AQ40+AR40)/AP40 -> #DIV/0!
G41: =U41+AF41+AP41 -> 0 | H41: =V41+AG41+AQ41 -> 0 | I41: =W41+AI41+AS41 -> 0 | J41: =H41/G41 -> #DIV/0! | N41: FALSE | O41: FALSE | P41: FALSE | Q41: FALSE | R41: FALSE | S41: FALSE | W41: =U41-V41 -> 0 | X41: =V41/U41 -> #DIV/0! | Z41: =W41-Y41 -> 0 | AA41: FALSE | AC41: =W41 -> 0 | AD41: =AB41+AC41 -> 0 | AF41: =AB41 -> 0 | AI41: =AF41-AG41-AH41 -> 0 | AJ41: =(AG41+AH41)/AF41 -> #DIV/0! | AK41: FALSE | AM41: =AI41+W41 -> 0 | AN41: =AL41+AM41 -> 0 | AP41: =AL41 -> 0 | AS41: =AP41-AQ41-AR41 -> 0 | AT41: =(AQ41+AR41)/AP41 -> #DIV/0!
C42: Component 4 Subtotal | F42: =SUBTOTAL(9,F36:F41) -> 0 | G42: =SUBTOTAL(9,G36:G41) -> 0 | H42: =SUBTOTAL(9,H36:H41) -> 0 | I42: =SUBTOTAL(9,I36:I41) -> 0 | J42: =H42/G42 -> #DIV/0! | O42: FALSE | P42: FALSE | Q42: FALSE | R42: FALSE | S42: FALSE | U42: =SUBTOTAL(9,U36:U41) -> 0 | V42: =SUBTOTAL(9,V36:V41) -> 0 | W42: =SUBTOTAL(9,W36:W41) -> 0 | X42: =V42/U42 -> #DIV/0! | Y42: =SUBTOTAL(9,Y36:Y41) -> 0 | Z42: =SUBTOTAL(9,Z36:Z41) -> 0 | AB42: =SUBTOTAL(9,AB36:AB41) -> 0 | AC42: =SUBTOTAL(9,AC36:AC41) -> 0 | AD42: =SUBTOTAL(9,AD36:AD41) -> 0 | AF42: =SUBTOTAL(9,AF36:AF41) -> 0 | AG42: =SUBTOTAL(9,AG36:AG41) -> 0 | AH42: =SUBTOTAL(9,AH36:AH41) -> 0 | AI42: =SUBTOTAL(9,AI36:AI41) -> 0 | AJ42: =(AG42+AH42)/AF42 -> #DIV/0! | AL42: =SUBTOTAL(9,AL36:AL41) -> 0 | AM42: =SUBTOTAL(9,AM36:AM41) -> 0 | AN42: =SUBTOTAL(9,AN36:AN41) -> 0 | AP42: =SUBTOTAL(9,AP36:AP41) -> 0 | AQ42: =SUBTOTAL(9,AQ36:AQ41) -> 0 | AR42: =SUBTOTAL(9,AR36:AR41) -> 0 | AS42: =SUBTOTAL(9,AS36:AS41) -> 0 | AT42: =(AQ42+AR42)/AP42 -> #DIV/0!
B43: GRAND TOTAL | F43: =SUM(F42,F35,F28,F21) -> 0 | G43: =SUM(G42,G35,G28,G21) -> 0 | H43: =SUM(H42,H35,H28,H21) -> 0 | I43: =SUM(I42,I35,I28,I21) -> 0 | J43: =H43/G43 -> #DIV/0! | U43: =SUM(U42,U35,U28,U21) -> 0 | V43: =SUM(V42,V35,V28,V21) -> 0 | W43: =SUM(W42,W35,W28,W21) -> 0 | X43: =V43/U43 -> #DIV/0! | Y43: =SUM(Y42,Y35,Y28,Y21) -> 0 | Z43: =SUM(Z42,Z35,Z28,Z21) -> 0 | AF43: =SUM(AF42,AF35,AF28,AF21) -> 0 | AG43: =SUM(AG42,AG35,AG28,AG21) -> 0 | AH43: =SUM(AH42,AH35,AH28,AH21) -> 0 | AI43: =SUM(AI42,AI35,AI28,AI21) -> 0 | AJ43: =(AG43+AH43)/AF43 -> #DIV/0! | AP43: =SUM(AP42,AP35,AP28,AP21) -> 0 | AQ43: =SUM(AQ42,AQ35,AQ28,AQ21) -> 0 | AR43: =SUM(AR42,AR35,AR28,AR21) -> 0 | AS43: =SUM(AS42,AS35,AS28,AS21) -> 0 | AT43: =(AQ43+AR43)/AP43 -> #DIV/0!

Sheet Appendix 2-A
B1: SCHEDULE OF HFC PHASE-DOWN COMMITMENTS AND FUNDING TRANCHES UNDER THE KIGALI HFC IMPLEMENTATION PLAN (KIP) FROM APPENDIX 2-A: THE TARGETS, AND FUNDING
B3: HFC Baseline | D3: ='1. HFC Data and Targets'!D55 -> 0
B4: Kigali HFC implementation plan (stage I)*
B5: Row | C5: Particulars | E5: 2023 | F5: 2024 | G5: 2025 | H5: 2026 | I5: 2027 | J5: 2028 | K5: 2029 | L5: 2030 | M5: Total
B6: 1.1 | C6: Montreal Protocol reduction schedule of Annex F substances (CO2-eq tonnes) | D6: % | E6: n/a | F6: freeze | G6: freeze | H6: freeze | I6: freeze | J6: freeze | K6: 0.1 | L6: 0.1 | M6: n/a
D7: CO2-eq tonnes | E7: n/a | F7: =$D$3 -> 0 | G7: =$D$3 -> 0 | H7: =$D$3 -> 0 | I7: =$D$3 -> 0 | J7: =$D$3 -> 0 | K7: =$D$3*(1-K6) -> 0 | L7: =$D$3*(1-L6) -> 0 | M7: n/a
B8: 1.2 | C8: Maximum allowable total consumption of Annex F substances (CO2-eq tonnes) | D8: Reduction in % | E8: n/a | M8: n/a
D9: CO2-eq tonnes | E9: n/a | F9: =$D$3-($D$3*F8) -> 0 | G9: =$D$3-($D$3*G8) -> 0 | H9: =$D$3-($D$3*H8) -> 0 | I9: =$D$3-($D$3*I8) -> 0 | J9: =$D$3-($D$3*J8) -> 0 | K9: =$D$3-($D$3*K8) -> 0 | L9: =$D$3-($D$3*L8) -> 0 | M9: n/a
B10: 2.1 | C10: Lead IA (XXX) agreed funding (US $) | M10: =SUM(E10:L10) -> 0
B11: 2.2 | C11: Support costs for Lead IA (US $) | M11: =SUM(E11:L11) -> 0
B12: 2.3 | C12: Cooperating IA (XXX) agreed funding (US $) | M12: =SUM(E12:L12) -> 0
B13: 2.4 | C13: Support costs for Cooperating IA (US $) | M13: =SUM(E13:L13) -> 0
B14: 2.5 | C14: Cooperating IA (XXX) agreed funding (US $) | M14: =SUM(E14:L14) -> 0
B15: 2.6 | C15: Support costs for Cooperating IA (US $) | M15: =SUM(E15:L15) -> 0
B16: 3.1 | C16: Total agreed funding (US $) | E16: =E10+E12+E14 -> 0 | F16: =F10+F12+F14 -> 0 | G16: =G10+G12+G14 -> 0 | H16: =H10+H12+H14 -> 0 | I16: =I10+I12+I14 -> 0 | J16: =J10+J12+J14 -> 0 | K16: =K10+K12+K14 -> 0 | L16: =L10+L12+L14 -> 0 | M16: =M10+M12+M14 -> 0
B17: 3.2 | C17: Total support costs (US $) | E17: =E11+E13+E15 -> 0 | F17: =F11+F13+F15 -> 0 | G17: =G11+G13+G15 -> 0 | H17: =H11+H13+H15 -> 0 | I17: =I11+I13+I15 -> 0 | J17: =J11+J13+J15 -> 0 | K17: =K11+K13+K15 -> 0 | L17: =L11+L13+L15 -> 0 | M17: =M11+M13+M15 -> 0
B18: 3.3 | C18: Total agreed costs (US $) | E18: =SUM(E16:E17) -> 0 | F18: =SUM(F16:F17) -> 0 | G18: =SUM(G16:G17) -> 0 | H18: =SUM(H16:H17) -> 0 | I18: =SUM(I16:I17) -> 0 | J18: =SUM(J16:J17) -> 0 | K18: =SUM(K16:K17) -> 0 | L18: =SUM(L16:L17) -> 0 | M18: =SUM(M16:M17) -> 0
B19: 4.1.1 | C19: Deduction of HFCs under this Agreement (CO2-eq tonnes)
B20: 4.1.2 | C20: Deduction of HFCs from previously approved projects (CO2-eq tonnes)
B21: 4.1.3 | C21: Remaining eligible consumption for HFCs (CO2-eq tonnes)

Sheet 1. Summary
B1: Financial Summary | Q1: Reporting Period From: | S1: ='2. Non-Invest & Monitoring'!S16 -> MM/YYYY | T1: To: | U1: ='2. Non-Invest & Monitoring'!W16 -> 0 | V1: Reporting Period From: | X1: ='2. Non-Invest & Monitoring'!AE16 -> MM/YYYY | Y1: To: | Z1: ='2. Non-Invest & Monitoring'!AI16 -> MM/YYYY | AA1: Reporting Period From: | AC1: ='2. Non-Invest & Monitoring'!AQ16 -> MM/YYYY | AD1: To: | AE1: ='2. Non-Invest & Monitoring'!AU16 -> MM/YYYY
B2: Summary by Activity and Agency | F2: =F25 -> KIP Stage I Summary | Q2: =Q25 -> KIP Stage I - First Tranche Reporting | V2: =V25 -> KIP Stage I - Second Tranche Reporting | AA2: =AA25 -> KIP Stage I - Third Tranche Reporting
B3: Activity Type | C3: Subtotals | D3: Implementing Agency | E3: IA Role | F3: Overall funds for Stage I Approved in Principle | G3: Tranche 1 | H3: Tranche 2 | I3: Tranche 3 | J3: Tranche 4 | K3: Remaining balance to be requested | L3: Cumulative Amount Approved | M3: Cumulative Amount Disbursed | N3: Cumulative Amount Committed | O3: Cumulative Balance | P3: Cumulative Disburse-ment Rate | Q3: Allocated/ Approved for Tranche | R3: Disbursed for Tranche | S3: Committed for Tranche | T3: Balance of Tranche | U3: Disbursement Rate of Tranche | V3: Allocated/ Approved for Tranche | W3: Disbursed for Tranche | X3: Committed for Tranche | Y3: Balance of Tranche | Z3: Disbursement Rate of Tranche | AA3: Allocated/ Approved for Tranche | AB3: Disbursed for Tranche | AC3: Committed for Tranche | AD3: Balance of Tranche | AE3: Disbursement Rate of Tranche
B4: ALL ACTIVITIES | C4: Subtotal for Lead Agency | D4: =D14 -> 0 | E4: =E14 -> 0 | F4: =F9+F14+F19 -> 0 | G4: 5085390 | H4: 3789551 | I4: 3692764 | J4: 1593351 | K4: =F4-L4 -> 0 | L4: =L9+L14+L19 -> 0 | M4: =M9+M14+M19 -> 0 | N4: =N9+N14+N19 -> #REF! | O4: =O9+O14+O19 -> 0 | P4: =(M4+N4)/L4 -> #REF! | Q4: =Q9+Q14+Q19 -> 0 | R4: =R9+R14+R19 -> 0 | S4: =S9+S14+S19 -> #REF! | T4: =T9+T14+T19 -> 0 | U4: =(R4+S4)/Q4 -> #REF! | V4: =V9+V14+V19 -> 0 | W4: =W9+W14+W19 -> 0 | X4: =X9+X14+X19 -> #REF! | Y4: =Y9+Y14+Y19 -> 0 | Z4: =(W4+X4)/V4 -> #REF! | AA4: =AA9+AA14+AA19 -> 0 | AB4: =AB9+AB14+AB19 -> 0 | AC4: =AC9+AC14+AC19 -> #REF! | AD4: =AD9+AD14+AD19 -> 0 | AE4: =(AB4+AC4)/AA4 -> #REF!
C5: Subtotal for Cooperating Agency 1 | D5: =D15 -> 0 | E5: =E15 -> 0 | F5: =F10+F15+F20 -> 0 | G5: 1433738 | H5: 2053265 | I5: 1206050 | J5: 63541 | K5: =F5-L5 -> 0 | L5: =L10+L15+L20 -> 0 | M5: =M10+M15+M20 -> 0 | N5: =N10+N15+N20 -> #REF! | O5: =O10+O15+O20 -> 0 | P5: =(M5+N5)/L5 -> #REF! | Q5: =Q10+Q15+Q20 -> 0 | R5: =R10+R15+R20 -> 0 | S5: =S10+S15+S20 -> #REF! | T5: =T10+T15+T20 -> 0 | U5: =(R5+S5)/Q5 -> #REF! | V5: =V10+V15+V20 -> 0 | W5: =W10+W15+W20 -> 0 | X5: =X10+X15+X20 -> #REF! | Y5: =Y10+Y15+Y20 -> 0 | Z5: =(W5+X5)/V5 -> #REF! | AA5: =AA10+AA15+AA20 -> 0 | AB5: =AB10+AB15+AB20 -> 0 | AC5: =AC10+AC15+AC20 -> #REF! | AD5: =AD10+AD15+AD20 -> 0 | AE5: =(AB5+AC5)/AA5 -> #REF!
C6: Subtotal for Cooperating Agency 2 | D6: =D16 -> 0 | E6: =E16 -> 0 | F6: =F11+F16+F21 -> 0 | G6: 227795 | H6: 227795 | I6: 233091 | J6: 26476 | K6: =F6-L6 -> 0 | L6: =L11+L16+L21 -> 0 | M6: =M11+M16+M21 -> 0 | N6: =N11+N16+N21 -> #REF! | O6: =O11+O16+O21 -> 0 | P6: =(M6+N6)/L6 -> #REF! | Q6: =Q11+Q16+Q21 -> 0 | R6: =R11+R16+R21 -> 0 | S6: =S11+S16+S21 -> #REF! | T6: =T11+T16+T21 -> 0 | U6: =(R6+S6)/Q6 -> #REF! | V6: =V11+V16+V21 -> 0 | W6: =W11+W16+W21 -> 0 | X6: =X11+X16+X21 -> #REF! | Y6: =Y11+Y16+Y21 -> 0 | Z6: =(W6+X6)/V6 -> #REF! | AA6: =AA11+AA16+AA21 -> 0 | AB6: =AB11+AB16+AB21 -> 0 | AC6: =AC11+AC16+AC21 -> #REF! | AD6: =AD11+AD16+AD21 -> 0 | AE6: =(AB6+AC6)/AA6 -> #REF!
C7: Subtotal for Cooperating Agency 3 | D7: =D17 -> 0 | E7: =E17 -> 0 | F7: =F12+F17+F22 -> 0 | K7: =F7-L7 -> 0 | L7: =L12+L17+L22 -> 0 | M7: =M12+M17+M22 -> 0 | N7: =N12+N17+N22 -> #REF! | O7: =O12+O17+O22 -> 0 | P7: =(M7+N7)/L7 -> #REF! | Q7: =Q12+Q17+Q22 -> 0 | R7: =R12+R17+R22 -> 0 | S7: =S12+S17+S22 -> #REF! | T7: =T12+T17+T22 -> 0 | U7: =(R7+S7)/Q7 -> #REF! | V7: =V12+V17+V22 -> 0 | W7: =W12+W17+W22 -> 0 | X7: =X12+X17+X22 -> #REF! | Y7: =Y12+Y17+Y22 -> 0 | Z7: =(W7+X7)/V7 -> #REF! | AA7: =AA12+AA17+AA22 -> 0 | AB7: =AB12+AB17+AB22 -> 0 | AC7: =AC12+AC17+AC22 -> #REF! | AD7: =AD12+AD17+AD22 -> 0 | AE7: =(AB7+AC7)/AA7 -> #REF!
F8: =SUM(F4:F7) -> 0 | K8: =F8-L8 -> 0 | L8: =SUM(L4:L7) -> 0 | M8: =SUM(M4:M7) -> 0 | N8: =SUM(N4:N7) -> #REF! | O8: =SUM(O4:O7) -> 0 | P8: =(M8+N8)/L8 -> #REF! | Q8: =SUM(Q4:Q7) -> 0 | R8: =SUM(R4:R7) -> 0 | S8: =SUM(S4:S7) -> #REF! | T8: =SUM(T4:T7) -> 0 | U8: =(R8+S8)/Q8 -> #REF! | V8: =SUM(V4:V7) -> 0 | W8: =SUM(W4:W7) -> 0 | X8: =SUM(X4:X7) -> #REF! | Y8: =SUM(Y4:Y7) -> 0 | Z8: =(W8+X8)/V8 -> #REF! | AA8: =SUM(AA4:AA7) -> 0 | AB8: =SUM(AB4:AB7) -> 0 | AC8: =SUM(AC4:AC7) -> #REF! | AD8: =SUM(AD4:AD7) -> 0 | AE8: =(AB8+AC8)/AA8 -> #REF!
B9: Investment Activities | C9: Subtotal for Lead Agency | D9: ='4. Investment'!D5 -> 0 | E9: ='4. Investment'!E5 -> 0 | F9: ='4. Investment'!F5 -> 0 | K9: =F9-L9 -> 0 | L9: ='4. Investment'!G5 -> 0 | M9: ='4. Investment'!H5 -> 0 | N9: ='4. Investment'!#REF! -> #REF! | O9: ='4. Investment'!I5 -> 0 | P9: =(M9+N9)/L9 -> #REF! | Q9: ='4. Investment'!U5 -> 0 | R9: ='4. Investment'!V5 -> 0 | S9: ='4. Investment'!#REF! -> #REF! | T9: ='4. Investment'!W5 -> 0 | U9: =(R9+S9)/Q9 -> #REF! | V9: ='4. Investment'!AF5 -> 0 | W9: ='4. Investment'!AG5 -> 0 | X9: ='4. Investment'!AH5 -> 0 | Y9: ='4. Investment'!AI5 -> 0 | Z9: =(W9+X9)/V9 -> #DIV/0! | AA9: ='4. Investment'!AP5 -> 0 | AB9: ='4. Investment'!AQ5 -> 0 | AC9: ='4. Investment'!AR5 -> 0 | AD9: ='4. Investment'!AS5 -> 0 | AE9: =(AB9+AC9)/AA9 -> #DIV/0!
C10: Subtotal for Cooperating Agency 1 | D10: ='4. Investment'!D6 -> 0 | E10: ='4. Investment'!E6 -> 0 | F10: ='4. Investment'!F6 -> 0 | K10: =F10-L10 -> 0 | L10: ='4. Investment'!G6 -> 0 | M10: ='4. Investment'!H6 -> 0 | N10: ='4. Investment'!#REF! -> #REF! | O10: ='4. Investment'!I6 -> 0 | P10: =(M10+N10)/L10 -> #REF! | Q10: ='4. Investment'!U6 -> 0 | R10: ='4. Investment'!V6 -> 0 | S10: ='4. Investment'!#REF! -> #REF! | T10: ='4. Investment'!W6 -> 0 | U10: =(R10+S10)/Q10 -> #REF! | V10: ='4. Investment'!AF6 -> 0 | W10: ='4. Investment'!AG6 -> 0 | X10: ='4. Investment'!AH6 -> 0 | Y10: ='4. Investment'!AI6 -> 0 | Z10: =(W10+X10)/V10 -> #DIV/0! | AA10: ='4. Investment'!AP6 -> 0 | AB10: ='4. Investment'!AQ6 -> 0 | AC10: ='4. Investment'!AR6 -> 0 | AD10: ='4. Investment'!AS6 -> 0 | AE10: =(AB10+AC10)/AA10 -> #DIV/0!
C11: Subtotal for Cooperating Agency 2 | D11: ='4. Investment'!D7 -> 0 | E11: ='4. Investment'!E7 -> 0 | F11: ='4. Investment'!F7 -> 0 | K11: =F11-L11 -> 0 | L11: ='4. Investment'!G7 -> 0 | M11: ='4. Investment'!H7 -> 0 | N11: ='4. Investment'!#REF! -> #REF! | O11: ='4. Investment'!I7 -> 0 | P11: =(M11+N11)/L11 -> #REF! | Q11: ='4. Investment'!U7 -> 0 | R11: ='4. Investment'!V7 -> 0 | S11: ='4. Investment'!#REF! -> #REF! | T11: ='4. Investment'!W7 -> 0 | U11: =(R11+S11)/Q11 -> #REF! | V11: ='4. Investment'!AF7 -> 0 | W11: ='4. Investment'!AG7 -> 0 | X11: ='4. Investment'!AH7 -> 0 | Y11: ='4. Investment'!AI7 -> 0 | Z11: =(W11+X11)/V11 -> #DIV/0! | AA11: ='4. Investment'!AP7 -> 0 | AB11: ='4. Investment'!AQ7 -> 0 | AC11: ='4. Investment'!AR7 -> 0 | AD11: ='4. Investment'!AS7 -> 0 | AE11: =(AB11+AC11)/AA11 -> #DIV/0!
C12: Subtotal for Cooperating Agency 3 | D12: ='4. Investment'!D8 -> 0 | E12: ='4. Investment'!E8 -> 0 | F12: ='4. Investment'!F8 -> 0 | K12: =F12-L12 -> 0 | L12: ='4. Investment'!G8 -> 0 | M12: ='4. Investment'!H8 -> 0 | N12: ='4. Investment'!#REF! -> #REF! | O12: ='4. Investment'!I8 -> 0 | P12: =(M12+N12)/L12 -> #REF! | Q12: ='4. Investment'!U8 -> 0 | R12: ='4. Investment'!V8 -> 0 | S12: ='4. Investment'!#REF! -> #REF! | T12: ='4. Investment'!W8 -> 0 | U12: =(R12+S12)/Q12 -> #REF! | V12: ='4. Investment'!AF8 -> 0 | W12: ='4. Investment'!AG8 -> 0 | X12: ='4. Investment'!AH8 -> 0 | Y12: ='4. Investment'!AI8 -> 0 | Z12: =(W12+X12)/V12 -> #DIV/0! | AA12: ='4. Investment'!AP8 -> 0 | AB12: ='4. Investment'!AQ8 -> 0 | AC12: ='4. Investment'!AR8 -> 0 | AD12: ='4. Investment'!AS8 -> 0 | AE12: =(AB12+AC12)/AA12 -> #DIV/0!
B13: GRAND TOTAL | F13: ='4. Investment'!F9 -> 0 | K13: =F13-L13 -> 0 | L13: ='4. Investment'!G9 -> 0 | M13: ='4. Investment'!H9 -> 0 | N13: ='4. Investment'!#REF! -> #REF! | O13: ='4. Investment'!I9 -> 0 | P13: =(M13+N13)/L13 -> #REF! | Q13: ='4. Investment'!U9 -> 0 | R13: ='4. Investment'!V9 -> 0 | S13: ='4. Investment'!#REF! -> #REF! | T13: ='4. Investment'!W9 -> 0 | U13: =(R13+S13)/Q13 -> #REF! | V13: ='4. Investment'!AF9 -> 0 | W13: ='4. Investment'!AG9 -> 0 | X13: ='4. Investment'!AH9 -> 0 | Y13: ='4. Investment'!AI9 -> 0 | Z13: =(W13+X13)/V13 -> #DIV/0! | AA13: ='4. Investment'!AP9 -> 0 | AB13: ='4. Investment'!AQ9 -> 0 | AC13: ='4. Investment'!AR9 -> 0 | AD13: ='4. Investment'!AS9 -> 0 | AE13: =(AB13+AC13)/AA13 -> #DIV/0!
B14: Non-Investment Activities | C14: Subtotal for Lead Agency | D14: ='2. Non-Invest & Monitoring'!D5 -> 0 | E14: ='2. Non-Invest & Monitoring'!E5 -> 0 | F14: ='2. Non-Invest & Monitoring'!F5 -> 0 | K14: =F14-L14 -> 0 | L14: ='2. Non-Invest & Monitoring'!K5 -> 0 | M14: ='2. Non-Invest & Monitoring'!L5 -> 0 | N14: ='2. Non-Invest & Monitoring'!#REF! -> #REF! | O14: ='2. Non-Invest & Monitoring'!M5 -> 0 | P14: =(M14+N14)/L14 -> #REF! | Q14: ='2. Non-Invest & Monitoring'!Q5 -> 0 | R14: ='2. Non-Invest & Monitoring'!R5 -> 0 | S14: ='2. Non-Invest & Monitoring'!#REF! -> #REF! | T14: ='2. Non-Invest & Monitoring'!S5 -> 0 | U14: =(R14+S14)/Q14 -> #REF! | V14: ='2. Non-Invest & Monitoring'!AC5 -> 0 | W14: ='2. Non-Invest & Monitoring'!AD5 -> 0 | X14: ='2. Non-Invest & Monitoring'!#REF! -> #REF! | Y14: ='2. Non-Invest & Monitoring'!AE5 -> 0 | Z14: =(W14+X14)/V14 -> #REF! | AA14: ='2. Non-Invest & Monitoring'!AO5 -> 0 | AB14: ='2. Non-Invest & Monitoring'!AP5 -> 0 | AC14: ='2. Non-Invest & Monitoring'!#REF! -> #REF! | AD14: ='2. Non-Invest & Monitoring'!AQ5 -> 0 | AE14: =(AB14+AC14)/AA14 -> #REF!
C15: Subtotal for Cooperating Agency 1 | D15: ='2. Non-Invest & Monitoring'!D6 -> 0 | E15: ='2. Non-Invest & Monitoring'!E6 -> 0 | F15: ='2. Non-Invest & Monitoring'!F6 -> 0 | K15: =F15-L15 -> 0 | L15: ='2. Non-Invest & Monitoring'!K6 -> 0 | M15: ='2. Non-Invest & Monitoring'!L6 -> 0 | N15: ='2. Non-Invest & Monitoring'!#REF! -> #REF! | O15: ='2. Non-Invest & Monitoring'!M6 -> 0 | P15: =(M15+N15)/L15 -> #REF! | Q15: ='2. Non-Invest & Monitoring'!Q6 -> 0 | R15: ='2. Non-Invest & Monitoring'!R6 -> 0 | S15: ='2. Non-Invest & Monitoring'!#REF! -> #REF! | T15: ='2. Non-Invest & Monitoring'!S6 -> 0 | U15: =(R15+S15)/Q15 -> #REF! | V15: ='2. Non-Invest & Monitoring'!AC6 -> 0 | W15: ='2. Non-Invest & Monitoring'!AD6 -> 0 | X15: ='2. Non-Invest & Monitoring'!#REF! -> #REF! | Y15: ='2. Non-Invest & Monitoring'!AE6 -> 0 | Z15: =(W15+X15)/V15 -> #REF! | AA15: ='2. Non-Invest & Monitoring'!AO6 -> 0 | AB15: ='2. Non-Invest & Monitoring'!AP6 -> 0 | AC15: ='2. Non-Invest & Monitoring'!#REF! -> #REF! | AD15: ='2. Non-Invest & Monitoring'!AQ6 -> 0 | AE15: =(AB15+AC15)/AA15 -> #REF!
C16: Subtotal for Cooperating Agency 2 | D16: ='2. Non-Invest & Monitoring'!D7 -> 0 | E16: ='2. Non-Invest & Monitoring'!E7 -> 0 | F16: ='2. Non-Invest & Monitoring'!F7 -> 0 | K16: =F16-L16 -> 0 | L16: ='2. Non-Invest & Monitoring'!K7 -> 0 | M16: ='2. Non-Invest & Monitoring'!L7 -> 0 | N16: ='2. Non-Invest & Monitoring'!#REF! -> #REF! | O16: ='2. Non-Invest & Monitoring'!M7 -> 0 | P16: =(M16+N16)/L16 -> #REF! | Q16: ='2. Non-Invest & Monitoring'!Q7 -> 0 | R16: ='2. Non-Invest & Monitoring'!R7 -> 0 | S16: ='2. Non-Invest & Monitoring'!#REF! -> #REF! | T16: ='2. Non-Invest & Monitoring'!S7 -> 0 | U16: =(R16+S16)/Q16 -> #REF! | V16: ='2. Non-Invest & Monitoring'!AC7 -> 0 | W16: ='2. Non-Invest & Monitoring'!AD7 -> 0 | X16: ='2. Non-Invest & Monitoring'!#REF! -> #REF! | Y16: ='2. Non-Invest & Monitoring'!AE7 -> 0 | Z16: =(W16+X16)/V16 -> #REF! | AA16: ='2. Non-Invest & Monitoring'!AO7 -> 0 | AB16: ='2. Non-Invest & Monitoring'!AP7 -> 0 | AC16: ='2. Non-Invest & Monitoring'!#REF! -> #REF! | AD16: ='2. Non-Invest & Monitoring'!AQ7 -> 0 | AE16: =(AB16+AC16)/AA16 -> #REF!
C17: Subtotal for Cooperating Agency 3 | D17: ='2. Non-Invest & Monitoring'!D8 -> 0 | E17: ='2. Non-Invest & Monitoring'!E8 -> 0 | F17: ='2. Non-Invest & Monitoring'!F8 -> 0 | K17: =F17-L17 -> 0 | L17: ='2. Non-Invest & Monitoring'!K8 -> 0 | M17: ='2. Non-Invest & Monitoring'!L8 -> 0 | N17: ='2. Non-Invest & Monitoring'!#REF! -> #REF! | O17: ='2. Non-Invest & Monitoring'!M8 -> 0 | P17: =(M17+N17)/L17 -> #REF! | Q17: ='2. Non-Invest & Monitoring'!Q8 -> 0 | R17: ='2. Non-Invest & Monitoring'!R8 -> 0 | S17: ='2. Non-Invest & Monitoring'!#REF! -> #REF! | T17: ='2. Non-Invest & Monitoring'!S8 -> 0 | U17: =(R17+S17)/Q17 -> #REF! | V17: ='2. Non-Invest & Monitoring'!AC8 -> 0 | W17: ='2. Non-Invest & Monitoring'!AD8 -> 0 | X17: ='2. Non-Invest & Monitoring'!#REF! -> #REF! | Y17: ='2. Non-Invest & Monitoring'!AE8 -> 0 | Z17: =(W17+X17)/V17 -> #REF! | AA17: ='2. Non-Invest & Monitoring'!AO8 -> 0 | AB17: ='2. Non-Invest & Monitoring'!AP8 -> 0 | AC17: ='2. Non-Invest & Monitoring'!#REF! -> #REF! | AD17: ='2. Non-Invest & Monitoring'!AQ8 -> 0 | AE17: =(AB17+AC17)/AA17 -> #REF!
B18: GRAND TOTAL | F18: ='2. Non-Invest & Monitoring'!F9 -> 0 | K18: =F18-L18 -> 0 | L18: ='2. Non-Invest & Monitoring'!K9 -> 0 | M18: ='2. Non-Invest & Monitoring'!L9 -> 0 | N18: ='2. Non-Invest & Monitoring'!#REF! -> #REF! | O18: ='2. Non-Invest & Monitoring'!M9 -> 0 | P18: =(M18+N18)/L18 -> #REF! | Q18: ='2. Non-Invest & Monitoring'!Q9 -> 0 | R18: ='2. Non-Invest & Monitoring'!R9 -> 0 | S18: ='2. Non-Invest & Monitoring'!#REF! -> #REF! | T18: ='2. Non-Invest & Monitoring'!S9 -> 0 | U18: =(R18+S18)/Q18 -> #REF! | V18: ='2. Non-Invest & Monitoring'!AC9 -> 0 | W18: ='2. Non-Invest & Monitoring'!AD9 -> 0 | X18: ='2. Non-Invest & Monitoring'!#REF! -> #REF! | Y18: ='2. Non-Invest & Monitoring'!AE9 -> 0 | Z18: =(W18+X18)/V18 -> #REF! | AA18: ='2. Non-Invest & Monitoring'!AO9 -> 0 | AB18: ='2. Non-Invest & Monitoring'!AP9 -> 0 | AC18: ='2. Non-Invest & Monitoring'!#REF! -> #REF! | AD18: ='2. Non-Invest & Monitoring'!AQ9 -> 0 | AE18: =(AB18+AC18)/AA18 -> #REF!
B19: Project Management and Monitoring | C19: Subtotal for Lead Agency | D19: ='2. Non-Invest & Monitoring'!D10 -> 0 | E19: ='2. Non-Invest & Monitoring'!E10 -> 0 | F19: ='2. Non-Invest & Monitoring'!F10 -> 0 | K19: =F19-L19 -> 0 | L19: ='2. Non-Invest & Monitoring'!K10 -> 0 | M19: ='2. Non-Invest & Monitoring'!L10 -> 0 | N19: ='2. Non-Invest & Monitoring'!#REF! -> #REF! | O19: ='2. Non-Invest & Monitoring'!M10 -> 0 | P19: =(M19+N19)/L19 -> #REF! | Q19: ='2. Non-Invest & Monitoring'!Q10 -> 0 | R19: ='2. Non-Invest & Monitoring'!R10 -> 0 | S19: ='2. Non-Invest & Monitoring'!#REF! -> #REF! | T19: ='2. Non-Invest & Monitoring'!S10 -> 0 | U19: =(R19+S19)/Q19 -> #REF! | V19: ='2. Non-Invest & Monitoring'!AC10 -> 0 | W19: ='2. Non-Invest & Monitoring'!AD10 -> 0 | X19: ='2. Non-Invest & Monitoring'!#REF! -> #REF! | Y19: ='2. Non-Invest & Monitoring'!AE10 -> 0 | Z19: =(W19+X19)/V19 -> #REF! | AA19: ='2. Non-Invest & Monitoring'!AO10 -> 0 | AB19: ='2. Non-Invest & Monitoring'!AP10 -> 0 | AC19: ='2. Non-Invest & Monitoring'!#REF! -> #REF! | AD19: ='2. Non-Invest & Monitoring'!AQ10 -> 0 | AE19: =(AB19+AC19)/AA19 -> #REF!
C20: Subtotal for Cooperating Agency 1 | D20: ='2. Non-Invest & Monitoring'!D11 -> 0 | E20: ='2. Non-Invest & Monitoring'!E11 -> 0 | F20: ='2. Non-Invest & Monitoring'!F11 -> 0 | K20: =F20-L20 -> 0 | L20: ='2. Non-Invest & Monitoring'!K11 -> 0 | M20: ='2. Non-Invest & Monitoring'!L11 -> 0 | N20: ='2. Non-Invest & Monitoring'!#REF! -> #REF! | O20: ='2. Non-Invest & Monitoring'!M11 -> 0 | P20: =(M20+N20)/L20 -> #REF! | Q20: ='2. Non-Invest & Monitoring'!Q11 -> 0 | R20: ='2. Non-Invest & Monitoring'!R11 -> 0 | S20: ='2. Non-Invest & Monitoring'!#REF! -> #REF! | T20: ='2. Non-Invest & Monitoring'!S11 -> 0 | U20: =(R20+S20)/Q20 -> #REF! | V20: ='2. Non-Invest & Monitoring'!AC11 -> 0 | W20: ='2. Non-Invest & Monitoring'!AD11 -> 0 | X20: ='2. Non-Invest & Monitoring'!#REF! -> #REF! | Y20: ='2. Non-Invest & Monitoring'!AE11 -> 0 | Z20: =(W20+X20)/V20 -> #REF! | AA20: ='2. Non-Invest & Monitoring'!AO11 -> 0 | AB20: ='2. Non-Invest & Monitoring'!AP11 -> 0 | AC20: ='2. Non-Invest & Monitoring'!#REF! -> #REF! | AD20: ='2. Non-Invest & Monitoring'!AQ11 -> 0 | AE20: =(AB20+AC20)/AA20 -> #REF!
C21: Subtotal for Cooperating Agency 2 | D21: ='2. Non-Invest & Monitoring'!D12 -> 0 | E21: ='2. Non-Invest & Monitoring'!E12 -> 0 | F21: ='2. Non-Invest & Monitoring'!F12 -> 0 | K21: =F21-L21 -> 0 | L21: ='2. Non-Invest & Monitoring'!K12 -> 0 | M21: ='2. Non-Invest & Monitoring'!L12 -> 0 | N21: ='2. Non-Invest & Monitoring'!#REF! -> #REF! | O21: ='2. Non-Invest & Monitoring'!M12 -> 0 | P21: =(M21+N21)/L21 -> #REF! | Q21: ='2. Non-Invest & Monitoring'!Q12 -> 0 | R21: ='2. Non-Invest & Monitoring'!R12 -> 0 | S21: ='2. Non-Invest & Monitoring'!#REF! -> #REF! | T21: ='2. Non-Invest & Monitoring'!S12 -> 0 | U21: =(R21+S21)/Q21 -> #REF! | V21: ='2. Non-Invest & Monitoring'!AC12 -> 0 | W21: ='2. Non-Invest & Monitoring'!AD12 -> 0 | X21: ='2. Non-Invest & Monitoring'!#REF! -> #REF! | Y21: ='2. Non-Invest & Monitoring'!AE12 -> 0 | Z21: =(W21+X21)/V21 -> #REF! | AA21: ='2. Non-Invest & Monitoring'!AO12 -> 0 | AB21: ='2. Non-Invest & Monitoring'!AP12 -> 0 | AC21: ='2. Non-Invest & Monitoring'!#REF! -> #REF! | AD21: ='2. Non-Invest & Monitoring'!AQ12 -> 0 | AE21: =(AB21+AC21)/AA21 -> #REF!
C22: Subtotal for Cooperating Agency 3 | D22: ='2. Non-Invest & Monitoring'!D13 -> 0 | E22: ='2. Non-Invest & Monitoring'!E13 -> 0 | F22: ='2. Non-Invest & Monitoring'!F13 -> 0 | K22: =F22-L22 -> 0 | L22: ='2. Non-Invest & Monitoring'!K13 -> 0 | M22: ='2. Non-Invest & Monitoring'!L13 -> 0 | N22: ='2. Non-Invest & Monitoring'!#REF! -> #REF! | O22: ='2. Non-Invest & Monitoring'!M13 -> 0 | P22: =(M22+N22)/L22 -> #REF! | Q22: ='2. Non-Invest & Monitoring'!Q13 -> 0 | R22: ='2. Non-Invest & Monitoring'!R13 -> 0 | S22: ='2. Non-Invest & Monitoring'!#REF! -> #REF! | T22: ='2. Non-Invest & Monitoring'!S13 -> 0 | U22: =(R22+S22)/Q22 -> #REF! | V22: ='2. Non-Invest & Monitoring'!AC13 -> 0 | W22: ='2. Non-Invest & Monitoring'!AD13 -> 0 | X22: ='2. Non-Invest & Monitoring'!#REF! -> #REF! | Y22: ='2. Non-Invest & Monitoring'!AE13 -> 0 | Z22: =(W22+X22)/V22 -> #REF! | AA22: ='2. Non-Invest & Monitoring'!AO13 -> 0 | AB22: ='2. Non-Invest & Monitoring'!AP13 -> 0 | AC22: ='2. Non-Invest & Monitoring'!#REF! -> #REF! | AD22: ='2. Non-Invest & Monitoring'!AQ13 -> 0 | AE22: =(AB22+AC22)/AA22 -> #REF!
B23: GRAND TOTAL | F23: ='2. Non-Invest & Monitoring'!F23 -> 0 | K23: =F23-L23 -> 0 | L23: ='2. Non-Invest & Monitoring'!K23 -> 0 | M23: ='2. Non-Invest & Monitoring'!L23 -> 0 | N23: ='2. Non-Invest & Monitoring'!#REF! -> #REF! | O23: ='2. Non-Invest & Monitoring'!M23 -> 0 | P23: =(M23+N23)/L23 -> #REF! | Q23: ='2. Non-Invest & Monitoring'!Q14 -> 0 | R23: ='2. Non-Invest & Monitoring'!R14 -> 0 | S23: ='2. Non-Invest & Monitoring'!#REF! -> #REF! | T23: ='2. Non-Invest & Monitoring'!S14 -> 0 | U23: =(R23+S23)/Q23 -> #REF! | V23: ='2. Non-Invest & Monitoring'!AC14 -> 0 | W23: ='2. Non-Invest & Monitoring'!AD14 -> 0 | X23: ='2. Non-Invest & Monitoring'!#REF! -> #REF! | Y23: ='2. Non-Invest & Monitoring'!AE14 -> 0 | Z23: =(W23+X23)/V23 -> #REF! | AA23: ='2. Non-Invest & Monitoring'!AO14 -> 0 | AB23: ='2. Non-Invest & Monitoring'!AP14 -> 0 | AC23: ='2. Non-Invest & Monitoring'!#REF! -> #REF! | AD23: ='2. Non-Invest & Monitoring'!AQ14 -> 0 | AE23: =(AB23+AC23)/AA23 -> #REF!
B25: Component Title | C25: Component Title and Description | D25: Implementing Agency | E25: IA Role | F25: ='2. Non-Invest & Monitoring'!F2 -> KIP Stage I Summary | Q25: ='2. Non-Invest & Monitoring'!Q2 -> KIP Stage I - First Tranche Reporting | V25: ='2. Non-Invest & Monitoring'!AC17 -> KIP Stage I - Second Tranche Reporting | AA25: ='2. Non-Invest & Monitoring'!AO17 -> KIP Stage I - Third Tranche Reporting
F26: (US $) | K26: (US $) | L26: (US $) | M26: (US $) | N26: (US $) | O26: (US $) | P26: (%) | Q26: (US $) | R26: (US $) | S26: (US $) | T26: (US $) | U26: (%) | V26: (US $) | W26: (US $) | X26: (US $) | Y26: (US $) | Z26: (%) | AA26: (US $) | AB26: (US $) | AC26: (US $) | AD26: (US $) | AE26: (%)
F27: Overall funds for Stage I Approved in Principle | G27: Tranche 1 | H27: Tranche 2 | I27: Tranche 3 | J27: Tranche 4 | K27: Remaining balance to be requested | L27: Cumulative Amount Released to Agency | M27: Cumulative Amount Disbursed | N27: Cumulative Amount Committed | O27: Cumulative Balance | P27: Cumulative Disburse-ment Rate | Q27: Allocated/ Approved for Tranche | R27: Disbursed for Tranche | S27: Committed for Tranche | T27: Balance of Tranche | U27: Disbursement Rate of Tranche | V27: Allocated/ Approved for Tranche | W27: Disbursed for Tranche | X27: Committed for Tranche | Y27: Balance of Tranche | Z27: Disbursement Rate of Tranche | AA27: Allocated/ Approved for Tranche | AB27: Disbursed for Tranche | AC27: Committed for Tranche | AD27: Balance of Tranche | AE27: Disbursement Rate of Tranche
B28: Investment Activities | C28: ='4. Investment'!B15 -> Subsector 1: | D28: ='4. Investment'!D21 -> 0 | E28: ='4. Investment'!E21 -> 0 | F28: ='4. Investment'!F21 -> 0 | K28: =F28-L28 -> 0 | L28: ='4. Investment'!G21 -> 0 | M28: ='4. Investment'!H21 -> 0 | N28: ='4. Investment'!#REF! -> #REF! | O28: ='4. Investment'!I21 -> 0 | P28: =M28/L28 -> #DIV/0! | Q28: ='4. Investment'!U21 -> 0 | R28: ='4. Investment'!V21 -> 0 | S28: ='4. Investment'!#REF! -> #REF! | T28: ='4. Investment'!W21 -> 0 | U28: =(R28+S28)/Q28 -> #REF! | V28: ='4. Investment'!AF21 -> 0 | W28: ='4. Investment'!AG21 -> 0 | X28: ='4. Investment'!AH21 -> 0 | Y28: ='4. Investment'!AI21 -> 0 | Z28: =(W28+X28)/V28 -> #DIV/0! | AA28: ='4. Investment'!AP21 -> 0 | AB28: ='4. Investment'!AQ21 -> 0 | AC28: ='4. Investment'!AR21 -> 0 | AD28: ='4. Investment'!AS21 -> 0 | AE28: =(AB28+AC28)/AA28 -> #DIV/0!
C29: ='4. Investment'!B22 -> Subsector 2: | D29: ='4. Investment'!D28 -> 0 | E29: ='4. Investment'!E28 -> 0 | F29: ='4. Investment'!F28 -> 0 | K29: =F29-L29 -> 0 | L29: ='4. Investment'!G28 -> 0 | M29: ='4. Investment'!H28 -> 0 | N29: ='4. Investment'!#REF! -> #REF! | O29: ='4. Investment'!I28 -> 0 | P29: =M29/L29 -> #DIV/0! | Q29: ='4. Investment'!U28 -> 0 | R29: ='4. Investment'!V28 -> 0 | S29: ='4. Investment'!#REF! -> #REF! | T29: ='4. Investment'!W28 -> 0 | U29: =(R29+S29)/Q29 -> #REF! | V29: ='4. Investment'!AF28 -> 0 | W29: ='4. Investment'!AG28 -> 0 | X29: ='4. Investment'!AH28 -> 0 | Y29: ='4. Investment'!AI28 -> 0 | Z29: =(W29+X29)/V29 -> #DIV/0! | AA29: ='4. Investment'!AP28 -> 0 | AB29: ='4. Investment'!AQ28 -> 0 | AC29: ='4. Investment'!AR28 -> 0 | AD29: ='4. Investment'!AS28 -> 0 | AE29: =(AB29+AC29)/AA29 -> #DIV/0!
C30: ='4. Investment'!B29 -> Subsector 3: | D30: ='4. Investment'!D35 -> 0 | E30: ='4. Investment'!E35 -> 0 | F30: ='4. Investment'!F35 -> 0 | K30: =F30-L30 -> 0 | L30: ='4. Investment'!G35 -> 0 | M30: ='4. Investment'!H35 -> 0 | N30: ='4. Investment'!#REF! -> #REF! | O30: ='4. Investment'!I35 -> 0 | P30: =M30/L30 -> #DIV/0! | Q30: ='4. Investment'!U35 -> 0 | R30: ='4. Investment'!V35 -> 0 | S30: ='4. Investment'!#REF! -> #REF! | T30: ='4. Investment'!W35 -> 0 | U30: =(R30+S30)/Q30 -> #REF! | V30: ='4. Investment'!AF35 -> 0 | W30: ='4. Investment'!AG35 -> 0 | X30: ='4. Investment'!AH35 -> 0 | Y30: ='4. Investment'!AI35 -> 0 | Z30: =(W30+X30)/V30 -> #DIV/0! | AA30: ='4. Investment'!AP35 -> 0 | AB30: ='4. Investment'!AQ35 -> 0 | AC30: ='4. Investment'!AR35 -> 0 | AD30: ='4. Investment'!AS35 -> 0 | AE30: =(AB30+AC30)/AA30 -> #DIV/0!
C31: ='4. Investment'!B36 -> Subsector 4: | D31: ='4. Investment'!D42 -> 0 | E31: ='4. Investment'!E42 -> 0 | F31: ='4. Investment'!F42 -> 0 | K31: =F31-L31 -> 0 | L31: ='4. Investment'!G42 -> 0 | M31: ='4. Investment'!H42 -> 0 | N31: ='4. Investment'!#REF! -> #REF! | O31: ='4. Investment'!I42 -> 0 | P31: =M31/L31 -> #DIV/0! | Q31: ='4. Investment'!U42 -> 0 | R31: ='4. Investment'!V42 -> 0 | S31: ='4. Investment'!#REF! -> #REF! | T31: ='4. Investment'!W42 -> 0 | U31: =(R31+S31)/Q31 -> #REF! | V31: ='4. Investment'!AF42 -> 0 | W31: ='4. Investment'!AG42 -> 0 | X31: ='4. Investment'!AH42 -> 0 | Y31: ='4. Investment'!AI42 -> 0 | Z31: =(W31+X31)/V31 -> #DIV/0! | AA31: ='4. Investment'!AP42 -> 0 | AB31: ='4. Investment'!AQ42 -> 0 | AC31: ='4. Investment'!AR42 -> 0 | AD31: ='4. Investment'!AS42 -> 0 | AE31: =(AB31+AC31)/AA31 -> #DIV/0!
C32: Investment Activities Subtotal by Subsector | F32: =SUBTOTAL(9,F28:F31) -> 0 | K32: =F32-L32 -> 0 | L32: =SUBTOTAL(9,L28:L31) -> 0 | M32: =SUBTOTAL(9,M28:M31) -> 0 | N32: =SUBTOTAL(9,N28:N31) -> #REF! | O32: =SUBTOTAL(9,O28:O31) -> 0 | P32: =M32/L32 -> #DIV/0! | Q32: ='4. Investment'!U43 -> 0 | R32: ='4. Investment'!V43 -> 0 | S32: ='4. Investment'!#REF! -> #REF! | T32: ='4. Investment'!W43 -> 0 | U32: =(R32+S32)/Q32 -> #REF! | V32: ='4. Investment'!AF43 -> 0 | W32: ='4. Investment'!AG43 -> 0 | X32: ='4. Investment'!AH43 -> 0 | Y32: ='4. Investment'!AI43 -> 0 | Z32: =(W32+X32)/V32 -> #DIV/0! | AA32: ='4. Investment'!AP43 -> 0 | AB32: ='4. Investment'!AQ43 -> 0 | AC32: ='4. Investment'!AR43 -> 0 | AD32: ='4. Investment'!AS43 -> 0 | AE32: =(AB32+AC32)/AA32 -> #DIV/0!
B33: Non-Investment Activities | C33: ='2. Non-Invest & Monitoring'!B20 -> Component 1: | F33: ='2. Non-Invest & Monitoring'!F30 -> 0 | K33: =F33-L33 -> 0 | L33: ='2. Non-Invest & Monitoring'!K30 -> 0 | M33: ='2. Non-Invest & Monitoring'!L30 -> 0 | N33: ='2. Non-Invest & Monitoring'!#REF! -> #REF! | O33: ='2. Non-Invest & Monitoring'!M30 -> 0 | P33: ='2. Non-Invest & Monitoring'!N30 -> #DIV/0! | Q33: ='2. Non-Invest & Monitoring'!Q30 -> 0 | R33: ='2. Non-Invest & Monitoring'!R30 -> 0 | S33: ='2. Non-Invest & Monitoring'!#REF! -> #REF! | T33: ='2. Non-Invest & Monitoring'!S30 -> 0 | U33: =(R33+S33)/Q33 -> #REF! | V33: ='2. Non-Invest & Monitoring'!AC30 -> 0 | W33: ='2. Non-Invest & Monitoring'!AD30 -> 0 | X33: ='2. Non-Invest & Monitoring'!#REF! -> #REF! | Y33: ='2. Non-Invest & Monitoring'!AE30 -> 0 | Z33: =(W33+X33)/V33 -> #REF! | AA33: ='2. Non-Invest & Monitoring'!AO30 -> 0 | AB33: ='2. Non-Invest & Monitoring'!AP30 -> 0 | AC33: ='2. Non-Invest & Monitoring'!#REF! -> #REF! | AD33: ='2. Non-Invest & Monitoring'!AQ30 -> 0 | AE33: =(AB33+AC33)/AA33 -> #REF!
C34: ='2. Non-Invest & Monitoring'!B31 -> Component 2: | F34: ='2. Non-Invest & Monitoring'!F41 -> 0 | K34: =F34-L34 -> 0 | L34: ='2. Non-Invest & Monitoring'!K41 -> 0 | M34: ='2. Non-Invest & Monitoring'!L41 -> 0 | N34: ='2. Non-Invest & Monitoring'!#REF! -> #REF! | O34: ='2. Non-Invest & Monitoring'!M41 -> 0 | P34: ='2. Non-Invest & Monitoring'!N41 -> #DIV/0! | Q34: ='2. Non-Invest & Monitoring'!Q41 -> 0 | R34: ='2. Non-Invest & Monitoring'!R41 -> 0 | S34: ='2. Non-Invest & Monitoring'!#REF! -> #REF! | T34: ='2. Non-Invest & Monitoring'!S41 -> 0 | U34: =(R34+S34)/Q34 -> #REF! | V34: ='2. Non-Invest & Monitoring'!AC41 -> 0 | W34: ='2. Non-Invest & Monitoring'!AD41 -> 0 | X34: ='2. Non-Invest & Monitoring'!#REF! -> #REF! | Y34: ='2. Non-Invest & Monitoring'!AE41 -> 0 | Z34: =(W34+X34)/V34 -> #REF! | AA34: ='2. Non-Invest & Monitoring'!AO41 -> 0 | AB34: ='2. Non-Invest & Monitoring'!AP41 -> 0 | AC34: ='2. Non-Invest & Monitoring'!#REF! -> #REF! | AD34: ='2. Non-Invest & Monitoring'!AQ41 -> 0 | AE34: =(AB34+AC34)/AA34 -> #REF!
C35: ='2. Non-Invest & Monitoring'!B42 -> Component 3: | F35: ='2. Non-Invest & Monitoring'!F52 -> 0 | K35: =F35-L35 -> 0 | L35: ='2. Non-Invest & Monitoring'!K52 -> 0 | M35: ='2. Non-Invest & Monitoring'!L52 -> 0 | N35: ='2. Non-Invest & Monitoring'!#REF! -> #REF! | O35: ='2. Non-Invest & Monitoring'!M52 -> 0 | P35: ='2. Non-Invest & Monitoring'!N52 -> #DIV/0! | Q35: ='2. Non-Invest & Monitoring'!Q52 -> 0 | R35: ='2. Non-Invest & Monitoring'!R52 -> 0 | S35: ='2. Non-Invest & Monitoring'!#REF! -> #REF! | T35: ='2. Non-Invest & Monitoring'!S52 -> 0 | U35: =(R35+S35)/Q35 -> #REF! | V35: ='2. Non-Invest & Monitoring'!AC52 -> 0 | W35: ='2. Non-Invest & Monitoring'!AD52 -> 0 | X35: ='2. Non-Invest & Monitoring'!#REF! -> #REF! | Y35: ='2. Non-Invest & Monitoring'!AE52 -> 0 | Z35: =(W35+X35)/V35 -> #REF! | AA35: ='2. Non-Invest & Monitoring'!AO52 -> 0 | AB35: ='2. Non-Invest & Monitoring'!AP52 -> 0 | AC35: ='2. Non-Invest & Monitoring'!#REF! -> #REF! | AD35: ='2. Non-Invest & Monitoring'!AQ52 -> 0 | AE35: =(AB35+AC35)/AA35 -> #REF!
C36: ='2. Non-Invest & Monitoring'!B53 -> Other unplanned activities (if applicable) | F36: ='2. Non-Invest & Monitoring'!F58 -> 0 | K36: =F36-L36 -> 0 | L36: ='2. Non-Invest & Monitoring'!K58 -> 0 | M36: ='2. Non-Invest & Monitoring'!L58 -> 0 | N36: ='2. Non-Invest & Monitoring'!#REF! -> #REF! | O36: ='2. Non-Invest & Monitoring'!M58 -> 0 | P36: ='2. Non-Invest & Monitoring'!N58 -> #DIV/0! | Q36: ='2. Non-Invest & Monitoring'!Q58 -> 0 | R36: ='2. Non-Invest & Monitoring'!R58 -> 0 | S36: ='2. Non-Invest & Monitoring'!#REF! -> #REF! | T36: ='2. Non-Invest & Monitoring'!S58 -> 0 | U36: =(R36+S36)/Q36 -> #REF! | V36: ='2. Non-Invest & Monitoring'!AC58 -> 0 | W36: ='2. Non-Invest & Monitoring'!AD58 -> 0 | X36: ='2. Non-Invest & Monitoring'!#REF! -> #REF! | Y36: ='2. Non-Invest & Monitoring'!AE58 -> 0 | Z36: =(W36+X36)/V36 -> #REF! | AA36: ='2. Non-Invest & Monitoring'!AO58 -> 0 | AB36: ='2. Non-Invest & Monitoring'!AP58 -> 0 | AC36: ='2. Non-Invest & Monitoring'!#REF! -> #REF! | AD36: ='2. Non-Invest & Monitoring'!AQ58 -> 0 | AE36: =(AB36+AC36)/AA36 -> #REF!
C37: Non-Investment Activites Subtotal by Component | F37: =SUBTOTAL(9,F33:F36) -> 0 | K37: =F37-L37 -> 0 | L37: =SUBTOTAL(9,L33:L36) -> 0 | M37: =SUBTOTAL(9,M33:M36) -> 0 | N37: =SUBTOTAL(9,N33:N36) -> #REF! | O37: =SUBTOTAL(9,O33:O36) -> 0 | P37: =M37/L37 -> #DIV/0! | Q37: ='2. Non-Invest & Monitoring'!Q59 -> 0 | R37: ='2. Non-Invest & Monitoring'!R59 -> 0 | S37: ='2. Non-Invest & Monitoring'!#REF! -> #REF! | T37: ='2. Non-Invest & Monitoring'!S59 -> 0 | U37: =(R37+S37)/Q37 -> #REF! | V37: ='2. Non-Invest & Monitoring'!AC59 -> 0 | W37: ='2. Non-Invest & Monitoring'!AD59 -> 0 | X37: ='2. Non-Invest & Monitoring'!#REF! -> #REF! | Y37: ='2. Non-Invest & Monitoring'!AE59 -> 0 | Z37: =(W37+X37)/V37 -> #REF! | AA37: ='2. Non-Invest & Monitoring'!AO59 -> 0 | AB37: ='2. Non-Invest & Monitoring'!AP59 -> 0 | AC37: ='2. Non-Invest & Monitoring'!#REF! -> #REF! | AD37: ='2. Non-Invest & Monitoring'!AQ59 -> 0 | AE37: =(AB37+AC37)/AA37 -> #REF!
B38: Project Management and Monitoring | C38: Activity 1.1: | D38: ='2. Non-Invest & Monitoring'!D64 -> 0 | E38: ='2. Non-Invest & Monitoring'!E64 -> 0 | F38: ='2. Non-Invest & Monitoring'!F64 -> 0 | K38: =F38-L38 -> 0 | L38: =Q38+V38+AA38 -> 0 | M38: =R38+W38+AB38 -> 0 | N38: =S38+X38+AC38 -> #REF! | O38: =T38+Y38+AD38 -> 0 | P38: =M38/L38 -> #DIV/0! | Q38: ='2. Non-Invest & Monitoring'!Q64 -> 0 | R38: ='2. Non-Invest & Monitoring'!R64 -> 0 | S38: ='2. Non-Invest & Monitoring'!#REF! -> #REF! | T38: ='2. Non-Invest & Monitoring'!S64 -> 0 | U38: =(R38+S38)/Q38 -> #REF! | V38: ='2. Non-Invest & Monitoring'!AC64 -> 0 | W38: ='2. Non-Invest & Monitoring'!AD64 -> 0 | X38: ='2. Non-Invest & Monitoring'!#REF! -> #REF! | Y38: ='2. Non-Invest & Monitoring'!AE64 -> 0 | Z38: =(W38+X38)/V38 -> #REF! | AA38: ='2. Non-Invest & Monitoring'!AO64 -> 0 | AB38: ='2. Non-Invest & Monitoring'!AP64 -> 0 | AC38: ='2. Non-Invest & Monitoring'!#REF! -> #REF! | AD38: ='2. Non-Invest & Monitoring'!AQ64 -> 0 | AE38: =(AB38+AC38)/AA38 -> #REF!
C39: Activity 1.2: | D39: ='2. Non-Invest & Monitoring'!D65 -> 0 | E39: ='2. Non-Invest & Monitoring'!E65 -> 0 | F39: ='2. Non-Invest & Monitoring'!F65 -> 0 | K39: =F39-L39 -> 0 | L39: =Q39+V39+AA39 -> 0 | M39: =R39+W39+AB39 -> 0 | N39: =S39+X39+AC39 -> #REF! | O39: =T39+Y39+AD39 -> 0 | P39: =M39/L39 -> #DIV/0! | Q39: ='2. Non-Invest & Monitoring'!Q65 -> 0 | R39: ='2. Non-Invest & Monitoring'!R65 -> 0 | S39: ='2. Non-Invest & Monitoring'!#REF! -> #REF! | T39: ='2. Non-Invest & Monitoring'!S65 -> 0 | U39: =(R39+S39)/Q39 -> #REF! | V39: ='2. Non-Invest & Monitoring'!AC65 -> 0 | W39: ='2. Non-Invest & Monitoring'!AD65 -> 0 | X39: ='2. Non-Invest & Monitoring'!#REF! -> #REF! | Y39: ='2. Non-Invest & Monitoring'!AE65 -> 0 | Z39: =(W39+X39)/V39 -> #REF! | AA39: ='2. Non-Invest & Monitoring'!AO65 -> 0 | AB39: ='2. Non-Invest & Monitoring'!AP65 -> 0 | AC39: ='2. Non-Invest & Monitoring'!#REF! -> #REF! | AD39: ='2. Non-Invest & Monitoring'!AQ65 -> 0 | AE39: =(AB39+AC39)/AA39 -> #REF!
C40: Activity 1.3: | D40: ='2. Non-Invest & Monitoring'!D66 -> 0 | E40: ='2. Non-Invest & Monitoring'!E66 -> 0 | F40: ='2. Non-Invest & Monitoring'!F66 -> 0 | K40: =F40-L40 -> 0 | L40: =Q40+V40+AA40 -> 0 | M40: =R40+W40+AB40 -> 0 | N40: =S40+X40+AC40 -> #REF! | O40: =T40+Y40+AD40 -> 0 | P40: =M40/L40 -> #DIV/0! | Q40: ='2. Non-Invest & Monitoring'!Q66 -> 0 | R40: ='2. Non-Invest & Monitoring'!R66 -> 0 | S40: ='2. Non-Invest & Monitoring'!#REF! -> #REF! | T40: ='2. Non-Invest & Monitoring'!S66 -> 0 | U40: =(R40+S40)/Q40 -> #REF! | V40: ='2. Non-Invest & Monitoring'!AC66 -> 0 | W40: ='2. Non-Invest & Monitoring'!AD66 -> 0 | X40: ='2. Non-Invest & Monitoring'!#REF! -> #REF! | Y40: ='2. Non-Invest & Monitoring'!AE66 -> 0 | Z40: =(W40+X40)/V40 -> #REF! | AA40: ='2. Non-Invest & Monitoring'!AO66 -> 0 | AB40: ='2. Non-Invest & Monitoring'!AP66 -> 0 | AC40: ='2. Non-Invest & Monitoring'!#REF! -> #REF! | AD40: ='2. Non-Invest & Monitoring'!AQ66 -> 0 | AE40: =(AB40+AC40)/AA40 -> #REF!
C41: Activity 1.4: | D41: ='2. Non-Invest & Monitoring'!D67 -> 0 | E41: ='2. Non-Invest & Monitoring'!E67 -> 0 | F41: ='2. Non-Invest & Monitoring'!F67 -> 0 | K41: =F41-L41 -> 0 | L41: =Q41+V41+AA41 -> 0 | M41: =R41+W41+AB41 -> 0 | N41: =S41+X41+AC41 -> #REF! | O41: =T41+Y41+AD41 -> 0 | P41: =M41/L41 -> #DIV/0! | Q41: ='2. Non-Invest & Monitoring'!Q67 -> 0 | R41: ='2. Non-Invest & Monitoring'!R67 -> 0 | S41: ='2. Non-Invest & Monitoring'!#REF! -> #REF! | T41: ='2. Non-Invest & Monitoring'!S67 -> 0 | U41: =(R41+S41)/Q41 -> #REF! | V41: ='2. Non-Invest & Monitoring'!AC67 -> 0 | W41: ='2. Non-Invest & Monitoring'!AD67 -> 0 | X41: ='2. Non-Invest & Monitoring'!#REF! -> #REF! | Y41: ='2. Non-Invest & Monitoring'!AE67 -> 0 | Z41: =(W41+X41)/V41 -> #REF! | AA41: ='2. Non-Invest & Monitoring'!AO67 -> 0 | AB41: ='2. Non-Invest & Monitoring'!AP67 -> 0 | AC41: ='2. Non-Invest & Monitoring'!#REF! -> #REF! | AD41: ='2. Non-Invest & Monitoring'!AQ67 -> 0 | AE41: =(AB41+AC41)/AA41 -> #REF!
C42: Project Management and Monitoring Subtotal by Activities | F42: =SUBTOTAL(9,F38:F41) -> 0 | K42: =F42-L42 -> 0 | L42: =SUBTOTAL(9,L38:L41) -> 0 | M42: =SUBTOTAL(9,M38:M41) -> 0 | N42: =SUBTOTAL(9,N38:N41) -> #REF! | O42: =SUBTOTAL(9,O38:O41) -> 0 | P42: =M42/L42 -> #DIV/0! | Q42: ='2. Non-Invest & Monitoring'!Q68 -> 0 | R42: ='2. Non-Invest & Monitoring'!R68 -> 0 | S42: ='2. Non-Invest & Monitoring'!#REF! -> #REF! | T42: ='2. Non-Invest & Monitoring'!S68 -> 0 | U42: =(R42+S42)/Q42 -> #REF! | V42: ='2. Non-Invest & Monitoring'!AC68 -> 0 | W42: ='2. Non-Invest & Monitoring'!AD68 -> 0 | X42: ='2. Non-Invest & Monitoring'!#REF! -> #REF! | Y42: ='2. Non-Invest & Monitoring'!AE68 -> 0 | Z42: =(W42+X42)/V42 -> #REF! | AA42: ='2. Non-Invest & Monitoring'!AO68 -> 0 | AB42: ='2. Non-Invest & Monitoring'!AP68 -> 0 | AC42: ='2. Non-Invest & Monitoring'!#REF! -> #REF! | AD42: ='2. Non-Invest & Monitoring'!AQ68 -> 0 | AE42: =(AB42+AC42)/AA42 -> #REF!
B43: GRAND TOTAL | F43: =SUM(F42,F37,F32) -> 0 | K43: =F43-L43 -> 0 | L43: =SUM(L42,L37,L32) -> 0 | M43: =SUM(M42,M37,M32) -> 0 | N43: =SUM(N42,N37,N32) -> #REF! | O43: =SUM(O42,O37,O32) -> 0 | P43: =M43/L43 -> #DIV/0! | Q43: =SUM(Q42,Q37,Q32) -> 0 | R43: =SUM(R42,R37,R32) -> 0 | S43: =SUM(S42,S37,S32) -> #REF! | T43: =SUM(T42,T37,T32) -> 0 | U43: =(R43+S43)/Q43 -> #REF! | V43: =SUM(V42,V37,V32) -> 0 | W43: =SUM(W42,W37,W32) -> 0 | X43: =SUM(X42,X37,X32) -> #REF! | Y43: =SUM(Y42,Y37,Y32) -> 0 | Z43: =(W43+X43)/V43 -> #REF! | AA43: =SUM(AA42,AA37,AA32) -> 0 | AB43: =SUM(AB42,AB37,AB32) -> 0 | AC43: =SUM(AC42,AC37,AC32) -> #REF! | AD43: =SUM(AD42,AD37,AD32) -> 0 | AE43: =(AB43+AC43)/AA43 -> #REF!

Sheet Lists
H1: Annex F HFCs
B2: Project Title | D2: Agency | F2: Role | H2: Substance | I2: GWP
B3: Kigali HFC Implementation Plan (stage I, first tranche) | D3: UNDP | F3: Lead IA | H3: HFC‑32 | I3: 675
B4: Kigali HFC Implementation Plan (stage I, second tranche) | D4: UNEP | F4: Co-op IA 1 | H4: HFC-41 | I4: 92
B5: Kigali HFC Implementation Plan (stage I, third tranche) | D5: UNIDO | F5: Co-op IA 2 | H5: HFC-125 | I5: 3500
B6: Kigali HFC Implementation Plan (stage I, fourth tranche) | D6: World Bank | F6: Co-op IA 3 | H6: HFC-134 | I6: 1100
B7: Kigali HFC Implementation Plan (stage II, first tranche) | D7: Australia | H7: HFC-134a | I7: 1430
B8: Kigali HFC Implementation Plan (stage II, second tranche) | D8: Canada | H8: HFC-143 | I8: 353
B9: Kigali HFC Implementation Plan (stage II, third tranche) | D9: France | H9: HFC-143a | I9: 4470
B10: Kigali HFC Implementation Plan (stage II, fourth tranche) | D10: Germany | H10: HFC-152 | I10: 53
B11: Kigali HFC Implementation Plan (stage III, first tranche) | D11: Italy | H11: HFC-152a | I11: 124
B12: Kigali HFC Implementation Plan (stage III, second tranche) | D12: Japan | H12: HFC-227ea | I12: 3220
B13: Kigali HFC Implementation Plan (stage III, third tranche) | D13: UK | H13: HFC-236cb | I13: 1340
B14: Kigali HFC Implementation Plan (stage III, fourth tranche) | H14: HFC-236ea | I14: 1370
B15: Kigali HFC Implementation Plan (stage IV, first tranche) | H15: HFC-236fa | I15: 9810
B16: Kigali HFC Implementation Plan (stage IV, second tranche) | H16: HFC-245ca | I16: 693
B17: Kigali HFC Implementation Plan (stage IV, third tranche) | H17: HFC-245fa | I17: 1030
B18: Kigali HFC Implementation Plan (stage IV, fourth tranche) | H18: HFC-365mfc | I18: 794
H19: HFC-43-10mee | I19: 1640
H20: HFC-23 | I20: 14800
